Workbook

Sheet Dashboard
B5: Stock Register & Inventory Valuation
B6: =Setup!$C$4&" • "&TEXT(Setup!$C$6,"dd mmm yyyy")&" to "&TEXT(Setup!$C$7,"dd mmm yyyy") -> M/s Xplore Electricals • 01 Oct 2026 to 31 Oct 2026
B8: GO TO SHEET | E8: THIS PERIOD | J8: FIFO | K8: Weighted Average
B9: =HYPERLINK("#'Setup'!A1","1. Setup ►") -> 1. Setup ► | C9: Business, period | E9: Items in stock | F9: =COUNTIF('Item Master'!$K$6:$K$105,">0") -> 6 | I9: =IFERROR(INDEX(Valuation!$B$6:$B$105,MATCH(1,Valuation!$Q$6:$Q$105,0)),"") -> LED Bulb 9W | J9: =IFERROR(INDEX(Valuation!$J$6:$J$105,MATCH(1,Valuation!$Q$6:$Q$105,0)),0) -> 9000 | K9: =IFERROR(INDEX(Valuation!$L$6:$L$105,MATCH(1,Valuation!$Q$6:$Q$105,0)),0) -> 8657
B10: =HYPERLINK("#'Item Master'!A1","2. Item Master ►") -> 2. Item Master ► | C10: Items, opening stock, reorder level | E10: Closing stock – FIFO | F10: =Valuation!J106 -> 74965 | I10: =IFERROR(INDEX(Valuation!$B$6:$B$105,MATCH(2,Valuation!$Q$6:$Q$105,0)),"") -> Ceiling Fan 1200 mm | J10: =IFERROR(INDEX(Valuation!$J$6:$J$105,MATCH(2,Valuation!$Q$6:$Q$105,0)),0) -> 13500 | K10: =IFERROR(INDEX(Valuation!$L$6:$L$105,MATCH(2,Valuation!$Q$6:$Q$105,0)),0) -> 13243
B11: =HYPERLINK("#'Stock Register'!A1","3. Stock Register ►") -> 3. Stock Register ► | C11: Every purchase and sale | E11: Closing stock – Weighted Average | F11: =Valuation!L106 -> 73033 | I11: =IFERROR(INDEX(Valuation!$B$6:$B$105,MATCH(3,Valuation!$Q$6:$Q$105,0)),"") -> Copper Wire 1.5 sq mm (90 m) | J11: =IFERROR(INDEX(Valuation!$J$6:$J$105,MATCH(3,Valuation!$Q$6:$Q$105,0)),0) -> 37130 | K11: =IFERROR(INDEX(Valuation!$L$6:$L$105,MATCH(3,Valuation!$Q$6:$Q$105,0)),0) -> 36098
B12: =HYPERLINK("#'Valuation'!A1","4. Valuation ►") -> 4. Valuation ► | C12: FIFO vs weighted average | E12: Purchases (In) | F12: =Valuation!F106 -> 116100 | I12: =IFERROR(INDEX(Valuation!$B$6:$B$105,MATCH(4,Valuation!$Q$6:$Q$105,0)),"") -> MCB 32A Single Pole | J12: =IFERROR(INDEX(Valuation!$J$6:$J$105,MATCH(4,Valuation!$Q$6:$Q$105,0)),0) -> 6475 | K12: =IFERROR(INDEX(Valuation!$L$6:$L$105,MATCH(4,Valuation!$Q$6:$Q$105,0)),0) -> 6395
B13: =HYPERLINK("#'Stock Ledger'!A1","5. Stock Ledger ►") -> 5. Stock Ledger ► | C13: Item card for any item | E13: Sales (Out, at sale rate) | F13: =Valuation!H106 -> 200216 | I13: =IFERROR(INDEX(Valuation!$B$6:$B$105,MATCH(5,Valuation!$Q$6:$Q$105,0)),"") -> Extension Board 4-way | J13: =IFERROR(INDEX(Valuation!$J$6:$J$105,MATCH(5,Valuation!$Q$6:$Q$105,0)),0) -> 1260 | K13: =IFERROR(INDEX(Valuation!$L$6:$L$105,MATCH(5,Valuation!$Q$6:$Q$105,0)),0) -> 1260
B14: =HYPERLINK("#'About Workbook'!A1","How to use ►") -> How to use ► | C14: Features & steps | E14: Gross profit – FIFO | F14: =Valuation!O106 -> 54581 | I14: =IFERROR(INDEX(Valuation!$B$6:$B$105,MATCH(6,Valuation!$Q$6:$Q$105,0)),"") -> LED Tube Light 20W | J14: =IFERROR(INDEX(Valuation!$J$6:$J$105,MATCH(6,Valuation!$Q$6:$Q$105,0)),0) -> 7600 | K14: =IFERROR(INDEX(Valuation!$L$6:$L$105,MATCH(6,Valuation!$Q$6:$Q$105,0)),0) -> 7380
E15: Items to reorder | F15: =COUNTIF('Item Master'!$L$6:$L$105,"Reorder")+COUNTIF('Item Master'!$L$6:$L$105,"Out of stock") -> 3 | I15: =IFERROR(INDEX(Valuation!$B$6:$B$105,MATCH(7,Valuation!$Q$6:$Q$105,0)),"") | J15: =IFERROR(INDEX(Valuation!$J$6:$J$105,MATCH(7,Valuation!$Q$6:$Q$105,0)),0) -> 0 | K15: =IFERROR(INDEX(Valuation!$L$6:$L$105,MATCH(7,Valuation!$Q$6:$Q$105,0)),0) -> 0
I16: =IFERROR(INDEX(Valuation!$B$6:$B$105,MATCH(8,Valuation!$Q$6:$Q$105,0)),"") | J16: =IFERROR(INDEX(Valuation!$J$6:$J$105,MATCH(8,Valuation!$Q$6:$Q$105,0)),0) -> 0 | K16: =IFERROR(INDEX(Valuation!$L$6:$L$105,MATCH(8,Valuation!$Q$6:$Q$105,0)),0) -> 0
B17: Reorder now | E17: Checks | I17: =IFERROR(INDEX(Valuation!$B$6:$B$105,MATCH(9,Valuation!$Q$6:$Q$105,0)),"") | J17: =IFERROR(INDEX(Valuation!$J$6:$J$105,MATCH(9,Valuation!$Q$6:$Q$105,0)),0) -> 0 | K17: =IFERROR(INDEX(Valuation!$L$6:$L$105,MATCH(9,Valuation!$Q$6:$Q$105,0)),0) -> 0
B18: =IFERROR(INDEX('Item Master'!$B$6:$B$105,MATCH(1,'Item Master'!$M$6:$M$105,0))&" – "&TEXT(INDEX('Item Master'!$K$6:$K$105,MATCH(1,'Item Master'!$M$6:$M$105,0)),"#,##0")&" "&INDEX('Item Master'!$D$6:$D$105,MATCH(1,'Item Master'!$M$6:$M$105,0))&" left (reorder at "&INDEX('Item Master'!$G$6:$G$105,MATCH(1,'Item Master'!$M$6:$M$105,0))&")",IF(0=0,"✔ Nothing to reorder","")) -> Ceiling Fan 1200 mm – 9 Pcs left (reorder at 10) | E18: =IF(COUNTIF('Stock Register'!$L$7:$L$506,"⚠*")>0,"⚠ "&COUNTIF('Stock Register'!$L$7:$L$506,"⚠*")&" register row(s) need attention.","✔ All register rows are complete.") -> ✔ All register rows are complete. | I18: =IFERROR(INDEX(Valuation!$B$6:$B$105,MATCH(10,Valuation!$Q$6:$Q$105,0)),"") | J18: =IFERROR(INDEX(Valuation!$J$6:$J$105,MATCH(10,Valuation!$Q$6:$Q$105,0)),0) -> 0 | K18: =IFERROR(INDEX(Valuation!$L$6:$L$105,MATCH(10,Valuation!$Q$6:$Q$105,0)),0) -> 0
B19: =IFERROR(INDEX('Item Master'!$B$6:$B$105,MATCH(2,'Item Master'!$M$6:$M$105,0))&" – "&TEXT(INDEX('Item Master'!$K$6:$K$105,MATCH(2,'Item Master'!$M$6:$M$105,0)),"#,##0")&" "&INDEX('Item Master'!$D$6:$D$105,MATCH(2,'Item Master'!$M$6:$M$105,0))&" left (reorder at "&INDEX('Item Master'!$G$6:$G$105,MATCH(2,'Item Master'!$M$6:$M$105,0))&")",IF(1=0,"✔ Nothing to reorder","")) -> MCB 32A Single Pole – 35 Pcs left (reorder at 40) | E19: =IF(COUNTIF('Item Master'!$L$6:$L$105,"⚠*")>0,"⚠ "&COUNTIF('Item Master'!$L$6:$L$105,"⚠*")&" item(s) with duplicate code or negative stock.","✔ No negative stock or duplicate codes.") -> ✔ No negative stock or duplicate codes.
B20: =IFERROR(INDEX('Item Master'!$B$6:$B$105,MATCH(3,'Item Master'!$M$6:$M$105,0))&" – "&TEXT(INDEX('Item Master'!$K$6:$K$105,MATCH(3,'Item Master'!$M$6:$M$105,0)),"#,##0")&" "&INDEX('Item Master'!$D$6:$D$105,MATCH(3,'Item Master'!$M$6:$M$105,0))&" left (reorder at "&INDEX('Item Master'!$G$6:$G$105,MATCH(3,'Item Master'!$M$6:$M$105,0))&")",IF(2=0,"✔ Nothing to reorder","")) -> Extension Board 4-way – 6 Pcs left (reorder at 25) | E20: =IF(COUNTIF('Stock Register'!$L$7:$L$506,"Outside period")>0,COUNTIF('Stock Register'!$L$7:$L$506,"Outside period")&" entr(ies) dated outside the period.","✔ All entries are inside the period.") -> ✔ All entries are inside the period.
B21: =IFERROR(INDEX('Item Master'!$B$6:$B$105,MATCH(4,'Item Master'!$M$6:$M$105,0))&" – "&TEXT(INDEX('Item Master'!$K$6:$K$105,MATCH(4,'Item Master'!$M$6:$M$105,0)),"#,##0")&" "&INDEX('Item Master'!$D$6:$D$105,MATCH(4,'Item Master'!$M$6:$M$105,0))&" left (reorder at "&INDEX('Item Master'!$G$6:$G$105,MATCH(4,'Item Master'!$M$6:$M$105,0))&")",IF(3=0,"✔ Nothing to reorder",""))
B22: =IFERROR(INDEX('Item Master'!$B$6:$B$105,MATCH(5,'Item Master'!$M$6:$M$105,0))&" – "&TEXT(INDEX('Item Master'!$K$6:$K$105,MATCH(5,'Item Master'!$M$6:$M$105,0)),"#,##0")&" "&INDEX('Item Master'!$D$6:$D$105,MATCH(5,'Item Master'!$M$6:$M$105,0))&" left (reorder at "&INDEX('Item Master'!$G$6:$G$105,MATCH(5,'Item Master'!$M$6:$M$105,0))&")",IF(4=0,"✔ Nothing to reorder",""))
B23: =IFERROR(INDEX('Item Master'!$B$6:$B$105,MATCH(6,'Item Master'!$M$6:$M$105,0))&" – "&TEXT(INDEX('Item Master'!$K$6:$K$105,MATCH(6,'Item Master'!$M$6:$M$105,0)),"#,##0")&" "&INDEX('Item Master'!$D$6:$D$105,MATCH(6,'Item Master'!$M$6:$M$105,0))&" left (reorder at "&INDEX('Item Master'!$G$6:$G$105,MATCH(6,'Item Master'!$M$6:$M$105,0))&")",IF(5=0,"✔ Nothing to reorder",""))
E44: Designed by
F47: Check out our templates @ xplorexcel.com

Sheet About Workbook
A1: ◄ BACK TO DASHBOARD
A2: Features of Stock Register & Inventory Valuation 1.0 in Microsoft Excel :-
A3: 1 | B3: Life-time free – no macros, works in Excel 2010+, Excel for Mac and Google Sheets
A4: 2 | B4: Item Master for up to 100 items with unit, opening stock, opening rate and reorder level
A5: 3 | B5: Stock Register for up to 500 movements – In (purchase) and Out (sale / issue) with a running balance per item
A6: 4 | B6: Closing stock valued by FIFO and by Weighted Average side by side, with cost of goods sold and gross profit under each
A7: 5 | B7: Entries can be in any order – the date decides the sequence
A8: 6 | B8: Stock Ledger (item card) for any item: opening, every movement, running balance and value
A9: 7 | B9: Reorder alerts on the dashboard; status for each item (OK, Reorder, Out of stock, Negative)
A10: 8 | B10: Checks: unknown item code, missing rate or quantity, stock going negative, duplicate codes, dates outside the period
A12: How to use it (4 steps)
A13: Step 1 | B13: Setup – business name and the period (the closing date is the valuation date).
A14: Step 2 | B14: Item Master – one row per item with opening quantity, opening rate and reorder level.
A15: Step 3 | B15: Stock Register – enter every purchase (In, with rate) and every sale or issue (Out). Fix anything the Check column flags.
A16: Step 4 | B16: Read the Valuation sheet and the Dashboard; open the Stock Ledger for any item's card.
B18: Weighted Average here is the periodic method: one average rate for the period. Closing stock in the final accounts is valued at cost or net realisable value, whichever is lower (AS 2).

Sheet Setup
A1: ◄ BACK TO DASHBOARD
A2: Business & Period
A4: Business name | C4: M/s Xplore Electricals
A5: Godown / location | C5: Main Store, Hoshiarpur
A6: Period from | C6: 46296
A7: Period to (valuation date) | C7: 46326
A9: How it works
A10: 1. Item Master – add each item with its unit, opening quantity, opening rate and reorder level.
A11: 2. Stock Register – enter every purchase (In, with rate) and every sale or issue (Out). Sale rate is optional.
A12: 3. Valuation – closing stock is valued by FIFO and by Weighted Average automatically; Stock Ledger shows any one item's card.
B15: Designed by

Sheet Item Master
A1: ◄ BACK TO DASHBOARD
A2: ="Item Master – "&Setup!$C$4 -> Item Master – M/s Xplore Electricals
A3: One row per item. Item Code must be unique – it is what you pick on the Stock Register. Opening quantity and rate are the stock at the start of the period.
A5: Item Code | B5: Item name | C5: Category | D5: Unit | E5: Opening qty | F5: Opening rate (₹) | G5: Reorder level | H5: Opening value (₹) | I5: In qty | J5: Out qty | K5: Closing qty | L5: Status
A6: E01 | B6: LED Bulb 9W | C6: Lighting | D6: Pcs | E6: 200 | F6: 55 | G6: 100 | H6: =IF(A6="","",N(E6)*N(F6)) -> 11000 | I6: =IF(A6="","",SUMIFS('Stock Register'!$F$7:$F$506,'Stock Register'!$C$7:$C$506,A6,'Stock Register'!$E$7:$E$506,"In")) -> 500 | J6: =IF(A6="","",SUMIFS('Stock Register'!$F$7:$F$506,'Stock Register'!$C$7:$C$506,A6,'Stock Register'!$E$7:$E$506,"Out")) -> 550 | K6: =IF(A6="","",N(E6)+I6-J6) -> 150 | L6: =IF(A6="","",IF(COUNTIF($A$6:$A$105,A6)>1,"⚠ Duplicate code",IF(K6<0,"⚠ Negative stock",IF(K6=0,"Out of stock",IF(K6<=N(G6),"Reorder","✔ OK"))))) -> ✔ OK | M6: =IF(AND(A6<>"",OR(L6="Reorder",L6="Out of stock",L6="⚠ Negative stock")),COUNTIF($L$6:L6,"Reorder")+COUNTIF($L$6:L6,"Out of stock")+COUNTIF($L$6:L6,"⚠ Negative stock"),"")
A7: E02 | B7: Ceiling Fan 1200 mm | C7: Fans | D7: Pcs | E7: 20 | F7: 1450 | G7: 10 | H7: =IF(A7="","",N(E7)*N(F7)) -> 29000 | I7: =IF(A7="","",SUMIFS('Stock Register'!$F$7:$F$506,'Stock Register'!$C$7:$C$506,A7,'Stock Register'!$E$7:$E$506,"In")) -> 15 | J7: =IF(A7="","",SUMIFS('Stock Register'!$F$7:$F$506,'Stock Register'!$C$7:$C$506,A7,'Stock Register'!$E$7:$E$506,"Out")) -> 26 | K7: =IF(A7="","",N(E7)+I7-J7) -> 9 | L7: =IF(A7="","",IF(COUNTIF($A$6:$A$105,A7)>1,"⚠ Duplicate code",IF(K7<0,"⚠ Negative stock",IF(K7=0,"Out of stock",IF(K7<=N(G7),"Reorder","✔ OK"))))) -> Reorder | M7: =IF(AND(A7<>"",OR(L7="Reorder",L7="Out of stock",L7="⚠ Negative stock")),COUNTIF($L$6:L7,"Reorder")+COUNTIF($L$6:L7,"Out of stock")+COUNTIF($L$6:L7,"⚠ Negative stock"),"") -> 1
A8: E03 | B8: Copper Wire 1.5 sq mm (90 m) | C8: Wires | D8: Coil | E8: 30 | F8: 1250 | G8: 15 | H8: =IF(A8="","",N(E8)*N(F8)) -> 37500 | I8: =IF(A8="","",SUMIFS('Stock Register'!$F$7:$F$506,'Stock Register'!$C$7:$C$506,A8,'Stock Register'!$E$7:$E$506,"In")) -> 35 | J8: =IF(A8="","",SUMIFS('Stock Register'!$F$7:$F$506,'Stock Register'!$C$7:$C$506,A8,'Stock Register'!$E$7:$E$506,"Out")) -> 37 | K8: =IF(A8="","",N(E8)+I8-J8) -> 28 | L8: =IF(A8="","",IF(COUNTIF($A$6:$A$105,A8)>1,"⚠ Duplicate code",IF(K8<0,"⚠ Negative stock",IF(K8=0,"Out of stock",IF(K8<=N(G8),"Reorder","✔ OK"))))) -> ✔ OK | M8: =IF(AND(A8<>"",OR(L8="Reorder",L8="Out of stock",L8="⚠ Negative stock")),COUNTIF($L$6:L8,"Reorder")+COUNTIF($L$6:L8,"Out of stock")+COUNTIF($L$6:L8,"⚠ Negative stock"),"")
A9: E04 | B9: MCB 32A Single Pole | C9: Switchgear | D9: Pcs | E9: 50 | F9: 180 | G9: 40 | H9: =IF(A9="","",N(E9)*N(F9)) -> 9000 | I9: =IF(A9="","",SUMIFS('Stock Register'!$F$7:$F$506,'Stock Register'!$C$7:$C$506,A9,'Stock Register'!$E$7:$E$506,"In")) -> 60 | J9: =IF(A9="","",SUMIFS('Stock Register'!$F$7:$F$506,'Stock Register'!$C$7:$C$506,A9,'Stock Register'!$E$7:$E$506,"Out")) -> 75 | K9: =IF(A9="","",N(E9)+I9-J9) -> 35 | L9: =IF(A9="","",IF(COUNTIF($A$6:$A$105,A9)>1,"⚠ Duplicate code",IF(K9<0,"⚠ Negative stock",IF(K9=0,"Out of stock",IF(K9<=N(G9),"Reorder","✔ OK"))))) -> Reorder | M9: =IF(AND(A9<>"",OR(L9="Reorder",L9="Out of stock",L9="⚠ Negative stock")),COUNTIF($L$6:L9,"Reorder")+COUNTIF($L$6:L9,"Out of stock")+COUNTIF($L$6:L9,"⚠ Negative stock"),"") -> 2
A10: E05 | B10: Extension Board 4-way | C10: Accessories | D10: Pcs | E10: 40 | F10: 210 | G10: 25 | H10: =IF(A10="","",N(E10)*N(F10)) -> 8400 | I10: =IF(A10="","",SUMIFS('Stock Register'!$F$7:$F$506,'Stock Register'!$C$7:$C$506,A10,'Stock Register'!$E$7:$E$506,"In")) -> 0 | J10: =IF(A10="","",SUMIFS('Stock Register'!$F$7:$F$506,'Stock Register'!$C$7:$C$506,A10,'Stock Register'!$E$7:$E$506,"Out")) -> 34 | K10: =IF(A10="","",N(E10)+I10-J10) -> 6 | L10: =IF(A10="","",IF(COUNTIF($A$6:$A$105,A10)>1,"⚠ Duplicate code",IF(K10<0,"⚠ Negative stock",IF(K10=0,"Out of stock",IF(K10<=N(G10),"Reorder","✔ OK"))))) -> Reorder | M10: =IF(AND(A10<>"",OR(L10="Reorder",L10="Out of stock",L10="⚠ Negative stock")),COUNTIF($L$6:L10,"Reorder")+COUNTIF($L$6:L10,"Out of stock")+COUNTIF($L$6:L10,"⚠ Negative stock"),"") -> 3
A11: E06 | B11: LED Tube Light 20W | C11: Lighting | D11: Pcs | E11: 60 | F11: 160 | G11: 30 | H11: =IF(A11="","",N(E11)*N(F11)) -> 9600 | I11: =IF(A11="","",SUMIFS('Stock Register'!$F$7:$F$506,'Stock Register'!$C$7:$C$506,A11,'Stock Register'!$E$7:$E$506,"In")) -> 40 | J11: =IF(A11="","",SUMIFS('Stock Register'!$F$7:$F$506,'Stock Register'!$C$7:$C$506,A11,'Stock Register'!$E$7:$E$506,"Out")) -> 55 | K11: =IF(A11="","",N(E11)+I11-J11) -> 45 | L11: =IF(A11="","",IF(COUNTIF($A$6:$A$105,A11)>1,"⚠ Duplicate code",IF(K11<0,"⚠ Negative stock",IF(K11=0,"Out of stock",IF(K11<=N(G11),"Reorder","✔ OK"))))) -> ✔ OK | M11: =IF(AND(A11<>"",OR(L11="Reorder",L11="Out of stock",L11="⚠ Negative stock")),COUNTIF($L$6:L11,"Reorder")+COUNTIF($L$6:L11,"Out of stock")+COUNTIF($L$6:L11,"⚠ Negative stock"),"")
H12: =IF(A12="","",N(E12)*N(F12)) | I12: =IF(A12="","",SUMIFS('Stock Register'!$F$7:$F$506,'Stock Register'!$C$7:$C$506,A12,'Stock Register'!$E$7:$E$506,"In")) | J12: =IF(A12="","",SUMIFS('Stock Register'!$F$7:$F$506,'Stock Register'!$C$7:$C$506,A12,'Stock Register'!$E$7:$E$506,"Out")) | K12: =IF(A12="","",N(E12)+I12-J12) | L12: =IF(A12="","",IF(COUNTIF($A$6:$A$105,A12)>1,"⚠ Duplicate code",IF(K12<0,"⚠ Negative stock",IF(K12=0,"Out of stock",IF(K12<=N(G12),"Reorder","✔ OK"))))) | M12: =IF(AND(A12<>"",OR(L12="Reorder",L12="Out of stock",L12="⚠ Negative stock")),COUNTIF($L$6:L12,"Reorder")+COUNTIF($L$6:L12,"Out of stock")+COUNTIF($L$6:L12,"⚠ Negative stock"),"")
H13: =IF(A13="","",N(E13)*N(F13)) | I13: =IF(A13="","",SUMIFS('Stock Register'!$F$7:$F$506,'Stock Register'!$C$7:$C$506,A13,'Stock Register'!$E$7:$E$506,"In")) | J13: =IF(A13="","",SUMIFS('Stock Register'!$F$7:$F$506,'Stock Register'!$C$7:$C$506,A13,'Stock Register'!$E$7:$E$506,"Out")) | K13: =IF(A13="","",N(E13)+I13-J13) | L13: =IF(A13="","",IF(COUNTIF($A$6:$A$105,A13)>1,"⚠ Duplicate code",IF(K13<0,"⚠ Negative stock",IF(K13=0,"Out of stock",IF(K13<=N(G13),"Reorder","✔ OK"))))) | M13: =IF(AND(A13<>"",OR(L13="Reorder",L13="Out of stock",L13="⚠ Negative stock")),COUNTIF($L$6:L13,"Reorder")+COUNTIF($L$6:L13,"Out of stock")+COUNTIF($L$6:L13,"⚠ Negative stock"),"")
H14: =IF(A14="","",N(E14)*N(F14)) | I14: =IF(A14="","",SUMIFS('Stock Register'!$F$7:$F$506,'Stock Register'!$C$7:$C$506,A14,'Stock Register'!$E$7:$E$506,"In")) | J14: =IF(A14="","",SUMIFS('Stock Register'!$F$7:$F$506,'Stock Register'!$C$7:$C$506,A14,'Stock Register'!$E$7:$E$506,"Out")) | K14: =IF(A14="","",N(E14)+I14-J14) | L14: =IF(A14="","",IF(COUNTIF($A$6:$A$105,A14)>1,"⚠ Duplicate code",IF(K14<0,"⚠ Negative stock",IF(K14=0,"Out of stock",IF(K14<=N(G14),"Reorder","✔ OK"))))) | M14: =IF(AND(A14<>"",OR(L14="Reorder",L14="Out of stock",L14="⚠ Negative stock")),COUNTIF($L$6:L14,"Reorder")+COUNTIF($L$6:L14,"Out of stock")+COUNTIF($L$6:L14,"⚠ Negative stock"),"")
H15: =IF(A15="","",N(E15)*N(F15)) | I15: =IF(A15="","",SUMIFS('Stock Register'!$F$7:$F$506,'Stock Register'!$C$7:$C$506,A15,'Stock Register'!$E$7:$E$506,"In")) | J15: =IF(A15="","",SUMIFS('Stock Register'!$F$7:$F$506,'Stock Register'!$C$7:$C$506,A15,'Stock Register'!$E$7:$E$506,"Out")) | K15: =IF(A15="","",N(E15)+I15-J15) | L15: =IF(A15="","",IF(COUNTIF($A$6:$A$105,A15)>1,"⚠ Duplicate code",IF(K15<0,"⚠ Negative stock",IF(K15=0,"Out of stock",IF(K15<=N(G15),"Reorder","✔ OK"))))) | M15: =IF(AND(A15<>"",OR(L15="Reorder",L15="Out of stock",L15="⚠ Negative stock")),COUNTIF($L$6:L15,"Reorder")+COUNTIF($L$6:L15,"Out of stock")+COUNTIF($L$6:L15,"⚠ Negative stock"),"")
H16: =IF(A16="","",N(E16)*N(F16)) | I16: =IF(A16="","",SUMIFS('Stock Register'!$F$7:$F$506,'Stock Register'!$C$7:$C$506,A16,'Stock Register'!$E$7:$E$506,"In")) | J16: =IF(A16="","",SUMIFS('Stock Register'!$F$7:$F$506,'Stock Register'!$C$7:$C$506,A16,'Stock Register'!$E$7:$E$506,"Out")) | K16: =IF(A16="","",N(E16)+I16-J16) | L16: =IF(A16="","",IF(COUNTIF($A$6:$A$105,A16)>1,"⚠ Duplicate code",IF(K16<0,"⚠ Negative stock",IF(K16=0,"Out of stock",IF(K16<=N(G16),"Reorder","✔ OK"))))) | M16: =IF(AND(A16<>"",OR(L16="Reorder",L16="Out of stock",L16="⚠ Negative stock")),COUNTIF($L$6:L16,"Reorder")+COUNTIF($L$6:L16,"Out of stock")+COUNTIF($L$6:L16,"⚠ Negative stock"),"")
H17: =IF(A17="","",N(E17)*N(F17)) | I17: =IF(A17="","",SUMIFS('Stock Register'!$F$7:$F$506,'Stock Register'!$C$7:$C$506,A17,'Stock Register'!$E$7:$E$506,"In")) | J17: =IF(A17="","",SUMIFS('Stock Register'!$F$7:$F$506,'Stock Register'!$C$7:$C$506,A17,'Stock Register'!$E$7:$E$506,"Out")) | K17: =IF(A17="","",N(E17)+I17-J17) | L17: =IF(A17="","",IF(COUNTIF($A$6:$A$105,A17)>1,"⚠ Duplicate code",IF(K17<0,"⚠ Negative stock",IF(K17=0,"Out of stock",IF(K17<=N(G17),"Reorder","✔ OK"))))) | M17: =IF(AND(A17<>"",OR(L17="Reorder",L17="Out of stock",L17="⚠ Negative stock")),COUNTIF($L$6:L17,"Reorder")+COUNTIF($L$6:L17,"Out of stock")+COUNTIF($L$6:L17,"⚠ Negative stock"),"")
H18: =IF(A18="","",N(E18)*N(F18)) | I18: =IF(A18="","",SUMIFS('Stock Register'!$F$7:$F$506,'Stock Register'!$C$7:$C$506,A18,'Stock Register'!$E$7:$E$506,"In")) | J18: =IF(A18="","",SUMIFS('Stock Register'!$F$7:$F$506,'Stock Register'!$C$7:$C$506,A18,'Stock Register'!$E$7:$E$506,"Out")) | K18: =IF(A18="","",N(E18)+I18-J18) | L18: =IF(A18="","",IF(COUNTIF($A$6:$A$105,A18)>1,"⚠ Duplicate code",IF(K18<0,"⚠ Negative stock",IF(K18=0,"Out of stock",IF(K18<=N(G18),"Reorder","✔ OK"))))) | M18: =IF(AND(A18<>"",OR(L18="Reorder",L18="Out of stock",L18="⚠ Negative stock")),COUNTIF($L$6:L18,"Reorder")+COUNTIF($L$6:L18,"Out of stock")+COUNTIF($L$6:L18,"⚠ Negative stock"),"")
H19: =IF(A19="","",N(E19)*N(F19)) | I19: =IF(A19="","",SUMIFS('Stock Register'!$F$7:$F$506,'Stock Register'!$C$7:$C$506,A19,'Stock Register'!$E$7:$E$506,"In")) | J19: =IF(A19="","",SUMIFS('Stock Register'!$F$7:$F$506,'Stock Register'!$C$7:$C$506,A19,'Stock Register'!$E$7:$E$506,"Out")) | K19: =IF(A19="","",N(E19)+I19-J19) | L19: =IF(A19="","",IF(COUNTIF($A$6:$A$105,A19)>1,"⚠ Duplicate code",IF(K19<0,"⚠ Negative stock",IF(K19=0,"Out of stock",IF(K19<=N(G19),"Reorder","✔ OK"))))) | M19: =IF(AND(A19<>"",OR(L19="Reorder",L19="Out of stock",L19="⚠ Negative stock")),COUNTIF($L$6:L19,"Reorder")+COUNTIF($L$6:L19,"Out of stock")+COUNTIF($L$6:L19,"⚠ Negative stock"),"")
H20: =IF(A20="","",N(E20)*N(F20)) | I20: =IF(A20="","",SUMIFS('Stock Register'!$F$7:$F$506,'Stock Register'!$C$7:$C$506,A20,'Stock Register'!$E$7:$E$506,"In")) | J20: =IF(A20="","",SUMIFS('Stock Register'!$F$7:$F$506,'Stock Register'!$C$7:$C$506,A20,'Stock Register'!$E$7:$E$506,"Out")) | K20: =IF(A20="","",N(E20)+I20-J20) | L20: =IF(A20="","",IF(COUNTIF($A$6:$A$105,A20)>1,"⚠ Duplicate code",IF(K20<0,"⚠ Negative stock",IF(K20=0,"Out of stock",IF(K20<=N(G20),"Reorder","✔ OK"))))) | M20: =IF(AND(A20<>"",OR(L20="Reorder",L20="Out of stock",L20="⚠ Negative stock")),COUNTIF($L$6:L20,"Reorder")+COUNTIF($L$6:L20,"Out of stock")+COUNTIF($L$6:L20,"⚠ Negative stock"),"")
H21: =IF(A21="","",N(E21)*N(F21)) | I21: =IF(A21="","",SUMIFS('Stock Register'!$F$7:$F$506,'Stock Register'!$C$7:$C$506,A21,'Stock Register'!$E$7:$E$506,"In")) | J21: =IF(A21="","",SUMIFS('Stock Register'!$F$7:$F$506,'Stock Register'!$C$7:$C$506,A21,'Stock Register'!$E$7:$E$506,"Out")) | K21: =IF(A21="","",N(E21)+I21-J21) | L21: =IF(A21="","",IF(COUNTIF($A$6:$A$105,A21)>1,"⚠ Duplicate code",IF(K21<0,"⚠ Negative stock",IF(K21=0,"Out of stock",IF(K21<=N(G21),"Reorder","✔ OK"))))) | M21: =IF(AND(A21<>"",OR(L21="Reorder",L21="Out of stock",L21="⚠ Negative stock")),COUNTIF($L$6:L21,"Reorder")+COUNTIF($L$6:L21,"Out of stock")+COUNTIF($L$6:L21,"⚠ Negative stock"),"")
H22: =IF(A22="","",N(E22)*N(F22)) | I22: =IF(A22="","",SUMIFS('Stock Register'!$F$7:$F$506,'Stock Register'!$C$7:$C$506,A22,'Stock Register'!$E$7:$E$506,"In")) | J22: =IF(A22="","",SUMIFS('Stock Register'!$F$7:$F$506,'Stock Register'!$C$7:$C$506,A22,'Stock Register'!$E$7:$E$506,"Out")) | K22: =IF(A22="","",N(E22)+I22-J22) | L22: =IF(A22="","",IF(COUNTIF($A$6:$A$105,A22)>1,"⚠ Duplicate code",IF(K22<0,"⚠ Negative stock",IF(K22=0,"Out of stock",IF(K22<=N(G22),"Reorder","✔ OK"))))) | M22: =IF(AND(A22<>"",OR(L22="Reorder",L22="Out of stock",L22="⚠ Negative stock")),COUNTIF($L$6:L22,"Reorder")+COUNTIF($L$6:L22,"Out of stock")+COUNTIF($L$6:L22,"⚠ Negative stock"),"")
H23: =IF(A23="","",N(E23)*N(F23)) | I23: =IF(A23="","",SUMIFS('Stock Register'!$F$7:$F$506,'Stock Register'!$C$7:$C$506,A23,'Stock Register'!$E$7:$E$506,"In")) | J23: =IF(A23="","",SUMIFS('Stock Register'!$F$7:$F$506,'Stock Register'!$C$7:$C$506,A23,'Stock Register'!$E$7:$E$506,"Out")) | K23: =IF(A23="","",N(E23)+I23-J23) | L23: =IF(A23="","",IF(COUNTIF($A$6:$A$105,A23)>1,"⚠ Duplicate code",IF(K23<0,"⚠ Negative stock",IF(K23=0,"Out of stock",IF(K23<=N(G23),"Reorder","✔ OK"))))) | M23: =IF(AND(A23<>"",OR(L23="Reorder",L23="Out of stock",L23="⚠ Negative stock")),COUNTIF($L$6:L23,"Reorder")+COUNTIF($L$6:L23,"Out of stock")+COUNTIF($L$6:L23,"⚠ Negative stock"),"")
... H105: =IF(A105="","",N(E105)*N(F105)) | I105: =IF(A105="","",SUMIFS('Stock Register'!$F$7:$F$506,'Stock Register'!$C$7:$C$506,A105,'Stock Register'!$E$7:$E$506,"In")) | J105: =IF(A105="","",SUMIFS('Stock Register'!$F$7:$F$506,'Stock Register'!$C$7:$C$506,A105,'Stock Register'!$E$7:$E$506,"Out")) | K105: =IF(A105="","",N(E105)+I105-J105) | L105: =IF(A105="","",IF(COUNTIF($A$6:$A$105,A105)>1,"⚠ Duplicate code",IF(K105<0,"⚠ Negative stock",IF(K105=0,"Out of stock",IF(K105<=N(G105),"Reorder","✔ OK"))))) | M105: =IF(AND(A105<>"",OR(L105="Reorder",L105="Out of stock",L105="⚠ Negative stock")),COUNTIF($L$6:L105,"Reorder")+COUNTIF($L$6:L105,"Out of stock")+COUNTIF($L$6:L105,"⚠ Negative stock"),"")

Sheet Stock Register
A1: ◄ BACK TO DASHBOARD
A2: ="Stock Register – "&Setup!$C$4&" • "&TEXT(Setup!$C$6,"dd mmm yyyy")&" to "&TEXT(Setup!$C$7,"dd mmm yyyy") -> Stock Register – M/s Xplore Electricals • 01 Oct 2026 to 31 Oct 2026
A3: One row per movement. In = purchase / receipt (enter the purchase rate). Out = sale / issue (rate optional – enter the sale rate to see gross profit). Rows can be in any order; dates decide the sequence.
A6: S.No | B6: Date | C6: Item Code | D6: Item name | E6: In / Out | F6: Quantity | G6: Rate (₹) | H6: Party / Remarks | I6: Voucher / Bill no. | J6: Amount (₹) | K6: Balance qty | L6: Check
A7: =IF(C7="","",ROW()-6) -> 1 | B7: 46296 | C7: E01 | D7: =IF(C7="","",IFERROR(INDEX('Item Master'!$B$6:$B$105,MATCH(C7,'Item Master'!$A$6:$A$105,0)),"?")) -> LED Bulb 9W | E7: In | F7: 300 | G7: 58 | H7: Sharma Lighting | I7: P-101 | J7: =IF(OR(C7="",G7=""),"",N(F7)*N(G7)) -> 17400 | K7: =IF(M7="","",N(IFERROR(INDEX('Item Master'!$E$6:$E$105,MATCH(C7,'Item Master'!$A$6:$A$105,0)),0))+SUMIFS($F$7:$F$506,$C$7:$C$506,C7,$E$7:$E$506,"In",$M$7:$M$506,"<="&M7)-SUMIFS($F$7:$F$506,$C$7:$C$506,C7,$E$7:$E$506,"Out",$M$7:$M$506,"<="&M7)) -> 500 | L7: =IF(AND(B7="",C7="",F7=""),"",IF(C7="","⚠ Pick item",IF(D7="?","⚠ Code not in Item Master",IF(B7="","⚠ Enter date",IF(OR(E7="",N(F7)<=0),"⚠ Type / quantity missing",IF(AND(E7="In",G7=""),"⚠ Enter purchase rate",IF(OR(B7<Setup!$C$6,B7>Setup!$C$7),"Outside period",IF(K7<0,"⚠ Stock goes negative","✔ OK")))))))) -> ✔ OK | M7: =IF(OR(C7="",B7=""),"",B7+ROW()/1000000) -> 46296 | N7: =IF(AND(E7="In",M7<>""),SUMIFS($F$7:$F$506,$C$7:$C$506,C7,$E$7:$E$506,"In",$M$7:$M$506,">"&M7),"") -> 200 | O7: =IF(N7="","",IFERROR(INDEX('Item Master'!$K$6:$K$105,MATCH(C7,'Item Master'!$A$6:$A$105,0)),0)) -> 150 | P7: =IF(N7="",0,MAX(0,MIN(N(F7),O7-N7))*N(G7)) -> 0 | Q7: =IF(AND(C7<>"",C7='Stock Ledger'!$C$4),M7,"") -> 46296
A8: =IF(C8="","",ROW()-6) -> 2 | B8: 46297 | C8: E01 | D8: =IF(C8="","",IFERROR(INDEX('Item Master'!$B$6:$B$105,MATCH(C8,'Item Master'!$A$6:$A$105,0)),"?")) -> LED Bulb 9W | E8: Out | F8: 220 | G8: 85 | H8: Counter sales | I8: S-201 | J8: =IF(OR(C8="",G8=""),"",N(F8)*N(G8)) -> 18700 | K8: =IF(M8="","",N(IFERROR(INDEX('Item Master'!$E$6:$E$105,MATCH(C8,'Item Master'!$A$6:$A$105,0)),0))+SUMIFS($F$7:$F$506,$C$7:$C$506,C8,$E$7:$E$506,"In",$M$7:$M$506,"<="&M8)-SUMIFS($F$7:$F$506,$C$7:$C$506,C8,$E$7:$E$506,"Out",$M$7:$M$506,"<="&M8)) -> 280 | L8: =IF(AND(B8="",C8="",F8=""),"",IF(C8="","⚠ Pick item",IF(D8="?","⚠ Code not in Item Master",IF(B8="","⚠ Enter date",IF(OR(E8="",N(F8)<=0),"⚠ Type / quantity missing",IF(AND(E8="In",G8=""),"⚠ Enter purchase rate",IF(OR(B8<Setup!$C$6,B8>Setup!$C$7),"Outside period",IF(K8<0,"⚠ Stock goes negative","✔ OK")))))))) -> ✔ OK | M8: =IF(OR(C8="",B8=""),"",B8+ROW()/1000000) -> 46297 | N8: =IF(AND(E8="In",M8<>""),SUMIFS($F$7:$F$506,$C$7:$C$506,C8,$E$7:$E$506,"In",$M$7:$M$506,">"&M8),"") | O8: =IF(N8="","",IFERROR(INDEX('Item Master'!$K$6:$K$105,MATCH(C8,'Item Master'!$A$6:$A$105,0)),0)) | P8: =IF(N8="",0,MAX(0,MIN(N(F8),O8-N8))*N(G8)) -> 0 | Q8: =IF(AND(C8<>"",C8='Stock Ledger'!$C$4),M8,"") -> 46297
A9: =IF(C9="","",ROW()-6) -> 3 | B9: 46298 | C9: E02 | D9: =IF(C9="","",IFERROR(INDEX('Item Master'!$B$6:$B$105,MATCH(C9,'Item Master'!$A$6:$A$105,0)),"?")) -> Ceiling Fan 1200 mm | E9: Out | F9: 8 | G9: 1950 | H9: Counter sales | I9: S-202 | J9: =IF(OR(C9="",G9=""),"",N(F9)*N(G9)) -> 15600 | K9: =IF(M9="","",N(IFERROR(INDEX('Item Master'!$E$6:$E$105,MATCH(C9,'Item Master'!$A$6:$A$105,0)),0))+SUMIFS($F$7:$F$506,$C$7:$C$506,C9,$E$7:$E$506,"In",$M$7:$M$506,"<="&M9)-SUMIFS($F$7:$F$506,$C$7:$C$506,C9,$E$7:$E$506,"Out",$M$7:$M$506,"<="&M9)) -> 12 | L9: =IF(AND(B9="",C9="",F9=""),"",IF(C9="","⚠ Pick item",IF(D9="?","⚠ Code not in Item Master",IF(B9="","⚠ Enter date",IF(OR(E9="",N(F9)<=0),"⚠ Type / quantity missing",IF(AND(E9="In",G9=""),"⚠ Enter purchase rate",IF(OR(B9<Setup!$C$6,B9>Setup!$C$7),"Outside period",IF(K9<0,"⚠ Stock goes negative","✔ OK")))))))) -> ✔ OK | M9: =IF(OR(C9="",B9=""),"",B9+ROW()/1000000) -> 46298 | N9: =IF(AND(E9="In",M9<>""),SUMIFS($F$7:$F$506,$C$7:$C$506,C9,$E$7:$E$506,"In",$M$7:$M$506,">"&M9),"") | O9: =IF(N9="","",IFERROR(INDEX('Item Master'!$K$6:$K$105,MATCH(C9,'Item Master'!$A$6:$A$105,0)),0)) | P9: =IF(N9="",0,MAX(0,MIN(N(F9),O9-N9))*N(G9)) -> 0 | Q9: =IF(AND(C9<>"",C9='Stock Ledger'!$C$4),M9,"")
A10: =IF(C10="","",ROW()-6) -> 4 | B10: 46299 | C10: E02 | D10: =IF(C10="","",IFERROR(INDEX('Item Master'!$B$6:$B$105,MATCH(C10,'Item Master'!$A$6:$A$105,0)),"?")) -> Ceiling Fan 1200 mm | E10: In | F10: 15 | G10: 1500 | H10: Crompton Distributor | I10: P-102 | J10: =IF(OR(C10="",G10=""),"",N(F10)*N(G10)) -> 22500 | K10: =IF(M10="","",N(IFERROR(INDEX('Item Master'!$E$6:$E$105,MATCH(C10,'Item Master'!$A$6:$A$105,0)),0))+SUMIFS($F$7:$F$506,$C$7:$C$506,C10,$E$7:$E$506,"In",$M$7:$M$506,"<="&M10)-SUMIFS($F$7:$F$506,$C$7:$C$506,C10,$E$7:$E$506,"Out",$M$7:$M$506,"<="&M10)) -> 27 | L10: =IF(AND(B10="",C10="",F10=""),"",IF(C10="","⚠ Pick item",IF(D10="?","⚠ Code not in Item Master",IF(B10="","⚠ Enter date",IF(OR(E10="",N(F10)<=0),"⚠ Type / quantity missing",IF(AND(E10="In",G10=""),"⚠ Enter purchase rate",IF(OR(B10<Setup!$C$6,B10>Setup!$C$7),"Outside period",IF(K10<0,"⚠ Stock goes negative","✔ OK")))))))) -> ✔ OK | M10: =IF(OR(C10="",B10=""),"",B10+ROW()/1000000) -> 46299 | N10: =IF(AND(E10="In",M10<>""),SUMIFS($F$7:$F$506,$C$7:$C$506,C10,$E$7:$E$506,"In",$M$7:$M$506,">"&M10),"") -> 0 | O10: =IF(N10="","",IFERROR(INDEX('Item Master'!$K$6:$K$105,MATCH(C10,'Item Master'!$A$6:$A$105,0)),0)) -> 9 | P10: =IF(N10="",0,MAX(0,MIN(N(F10),O10-N10))*N(G10)) -> 13500 | Q10: =IF(AND(C10<>"",C10='Stock Ledger'!$C$4),M10,"")
A11: =IF(C11="","",ROW()-6) -> 5 | B11: 46300 | C11: E03 | D11: =IF(C11="","",IFERROR(INDEX('Item Master'!$B$6:$B$105,MATCH(C11,'Item Master'!$A$6:$A$105,0)),"?")) -> Copper Wire 1.5 sq mm (90 m) | E11: Out | F11: 12 | G11: 1600 | H11: Gupta Builders | I11: S-203 | J11: =IF(OR(C11="",G11=""),"",N(F11)*N(G11)) -> 19200 | K11: =IF(M11="","",N(IFERROR(INDEX('Item Master'!$E$6:$E$105,MATCH(C11,'Item Master'!$A$6:$A$105,0)),0))+SUMIFS($F$7:$F$506,$C$7:$C$506,C11,$E$7:$E$506,"In",$M$7:$M$506,"<="&M11)-SUMIFS($F$7:$F$506,$C$7:$C$506,C11,$E$7:$E$506,"Out",$M$7:$M$506,"<="&M11)) -> 18 | L11: =IF(AND(B11="",C11="",F11=""),"",IF(C11="","⚠ Pick item",IF(D11="?","⚠ Code not in Item Master",IF(B11="","⚠ Enter date",IF(OR(E11="",N(F11)<=0),"⚠ Type / quantity missing",IF(AND(E11="In",G11=""),"⚠ Enter purchase rate",IF(OR(B11<Setup!$C$6,B11>Setup!$C$7),"Outside period",IF(K11<0,"⚠ Stock goes negative","✔ OK")))))))) -> ✔ OK | M11: =IF(OR(C11="",B11=""),"",B11+ROW()/1000000) -> 46300 | N11: =IF(AND(E11="In",M11<>""),SUMIFS($F$7:$F$506,$C$7:$C$506,C11,$E$7:$E$506,"In",$M$7:$M$506,">"&M11),"") | O11: =IF(N11="","",IFERROR(INDEX('Item Master'!$K$6:$K$105,MATCH(C11,'Item Master'!$A$6:$A$105,0)),0)) | P11: =IF(N11="",0,MAX(0,MIN(N(F11),O11-N11))*N(G11)) -> 0 | Q11: =IF(AND(C11<>"",C11='Stock Ledger'!$C$4),M11,"")
A12: =IF(C12="","",ROW()-6) -> 6 | B12: 46301 | C12: E03 | D12: =IF(C12="","",IFERROR(INDEX('Item Master'!$B$6:$B$105,MATCH(C12,'Item Master'!$A$6:$A$105,0)),"?")) -> Copper Wire 1.5 sq mm (90 m) | E12: In | F12: 20 | G12: 1310 | H12: Wire House | I12: P-103 | J12: =IF(OR(C12="",G12=""),"",N(F12)*N(G12)) -> 26200 | K12: =IF(M12="","",N(IFERROR(INDEX('Item Master'!$E$6:$E$105,MATCH(C12,'Item Master'!$A$6:$A$105,0)),0))+SUMIFS($F$7:$F$506,$C$7:$C$506,C12,$E$7:$E$506,"In",$M$7:$M$506,"<="&M12)-SUMIFS($F$7:$F$506,$C$7:$C$506,C12,$E$7:$E$506,"Out",$M$7:$M$506,"<="&M12)) -> 38 | L12: =IF(AND(B12="",C12="",F12=""),"",IF(C12="","⚠ Pick item",IF(D12="?","⚠ Code not in Item Master",IF(B12="","⚠ Enter date",IF(OR(E12="",N(F12)<=0),"⚠ Type / quantity missing",IF(AND(E12="In",G12=""),"⚠ Enter purchase rate",IF(OR(B12<Setup!$C$6,B12>Setup!$C$7),"Outside period",IF(K12<0,"⚠ Stock goes negative","✔ OK")))))))) -> ✔ OK | M12: =IF(OR(C12="",B12=""),"",B12+ROW()/1000000) -> 46301 | N12: =IF(AND(E12="In",M12<>""),SUMIFS($F$7:$F$506,$C$7:$C$506,C12,$E$7:$E$506,"In",$M$7:$M$506,">"&M12),"") -> 15 | O12: =IF(N12="","",IFERROR(INDEX('Item Master'!$K$6:$K$105,MATCH(C12,'Item Master'!$A$6:$A$105,0)),0)) -> 28 | P12: =IF(N12="",0,MAX(0,MIN(N(F12),O12-N12))*N(G12)) -> 17030 | Q12: =IF(AND(C12<>"",C12='Stock Ledger'!$C$4),M12,"")
A13: =IF(C13="","",ROW()-6) -> 7 | B13: 46303 | C13: E04 | D13: =IF(C13="","",IFERROR(INDEX('Item Master'!$B$6:$B$105,MATCH(C13,'Item Master'!$A$6:$A$105,0)),"?")) -> MCB 32A Single Pole | E13: Out | F13: 30 | G13: 260 | H13: Counter sales | I13: S-204 | J13: =IF(OR(C13="",G13=""),"",N(F13)*N(G13)) -> 7800 | K13: =IF(M13="","",N(IFERROR(INDEX('Item Master'!$E$6:$E$105,MATCH(C13,'Item Master'!$A$6:$A$105,0)),0))+SUMIFS($F$7:$F$506,$C$7:$C$506,C13,$E$7:$E$506,"In",$M$7:$M$506,"<="&M13)-SUMIFS($F$7:$F$506,$C$7:$C$506,C13,$E$7:$E$506,"Out",$M$7:$M$506,"<="&M13)) -> 20 | L13: =IF(AND(B13="",C13="",F13=""),"",IF(C13="","⚠ Pick item",IF(D13="?","⚠ Code not in Item Master",IF(B13="","⚠ Enter date",IF(OR(E13="",N(F13)<=0),"⚠ Type / quantity missing",IF(AND(E13="In",G13=""),"⚠ Enter purchase rate",IF(OR(B13<Setup!$C$6,B13>Setup!$C$7),"Outside period",IF(K13<0,"⚠ Stock goes negative","✔ OK")))))))) -> ✔ OK | M13: =IF(OR(C13="",B13=""),"",B13+ROW()/1000000) -> 46303 | N13: =IF(AND(E13="In",M13<>""),SUMIFS($F$7:$F$506,$C$7:$C$506,C13,$E$7:$E$506,"In",$M$7:$M$506,">"&M13),"") | O13: =IF(N13="","",IFERROR(INDEX('Item Master'!$K$6:$K$105,MATCH(C13,'Item Master'!$A$6:$A$105,0)),0)) | P13: =IF(N13="",0,MAX(0,MIN(N(F13),O13-N13))*N(G13)) -> 0 | Q13: =IF(AND(C13<>"",C13='Stock Ledger'!$C$4),M13,"")
A14: =IF(C14="","",ROW()-6) -> 8 | B14: 46304 | C14: E01 | D14: =IF(C14="","",IFERROR(INDEX('Item Master'!$B$6:$B$105,MATCH(C14,'Item Master'!$A$6:$A$105,0)),"?")) -> LED Bulb 9W | E14: Out | F14: 150 | G14: 85 | H14: Counter sales | I14: S-205 | J14: =IF(OR(C14="",G14=""),"",N(F14)*N(G14)) -> 12750 | K14: =IF(M14="","",N(IFERROR(INDEX('Item Master'!$E$6:$E$105,MATCH(C14,'Item Master'!$A$6:$A$105,0)),0))+SUMIFS($F$7:$F$506,$C$7:$C$506,C14,$E$7:$E$506,"In",$M$7:$M$506,"<="&M14)-SUMIFS($F$7:$F$506,$C$7:$C$506,C14,$E$7:$E$506,"Out",$M$7:$M$506,"<="&M14)) -> 130 | L14: =IF(AND(B14="",C14="",F14=""),"",IF(C14="","⚠ Pick item",IF(D14="?","⚠ Code not in Item Master",IF(B14="","⚠ Enter date",IF(OR(E14="",N(F14)<=0),"⚠ Type / quantity missing",IF(AND(E14="In",G14=""),"⚠ Enter purchase rate",IF(OR(B14<Setup!$C$6,B14>Setup!$C$7),"Outside period",IF(K14<0,"⚠ Stock goes negative","✔ OK")))))))) -> ✔ OK | M14: =IF(OR(C14="",B14=""),"",B14+ROW()/1000000) -> 46304 | N14: =IF(AND(E14="In",M14<>""),SUMIFS($F$7:$F$506,$C$7:$C$506,C14,$E$7:$E$506,"In",$M$7:$M$506,">"&M14),"") | O14: =IF(N14="","",IFERROR(INDEX('Item Master'!$K$6:$K$105,MATCH(C14,'Item Master'!$A$6:$A$105,0)),0)) | P14: =IF(N14="",0,MAX(0,MIN(N(F14),O14-N14))*N(G14)) -> 0 | Q14: =IF(AND(C14<>"",C14='Stock Ledger'!$C$4),M14,"") -> 46304
A15: =IF(C15="","",ROW()-6) -> 9 | B15: 46305 | C15: E04 | D15: =IF(C15="","",IFERROR(INDEX('Item Master'!$B$6:$B$105,MATCH(C15,'Item Master'!$A$6:$A$105,0)),"?")) -> MCB 32A Single Pole | E15: In | F15: 60 | G15: 185 | H15: Havells Distributor | I15: P-104 | J15: =IF(OR(C15="",G15=""),"",N(F15)*N(G15)) -> 11100 | K15: =IF(M15="","",N(IFERROR(INDEX('Item Master'!$E$6:$E$105,MATCH(C15,'Item Master'!$A$6:$A$105,0)),0))+SUMIFS($F$7:$F$506,$C$7:$C$506,C15,$E$7:$E$506,"In",$M$7:$M$506,"<="&M15)-SUMIFS($F$7:$F$506,$C$7:$C$506,C15,$E$7:$E$506,"Out",$M$7:$M$506,"<="&M15)) -> 80 | L15: =IF(AND(B15="",C15="",F15=""),"",IF(C15="","⚠ Pick item",IF(D15="?","⚠ Code not in Item Master",IF(B15="","⚠ Enter date",IF(OR(E15="",N(F15)<=0),"⚠ Type / quantity missing",IF(AND(E15="In",G15=""),"⚠ Enter purchase rate",IF(OR(B15<Setup!$C$6,B15>Setup!$C$7),"Outside period",IF(K15<0,"⚠ Stock goes negative","✔ OK")))))))) -> ✔ OK | M15: =IF(OR(C15="",B15=""),"",B15+ROW()/1000000) -> 46305 | N15: =IF(AND(E15="In",M15<>""),SUMIFS($F$7:$F$506,$C$7:$C$506,C15,$E$7:$E$506,"In",$M$7:$M$506,">"&M15),"") -> 0 | O15: =IF(N15="","",IFERROR(INDEX('Item Master'!$K$6:$K$105,MATCH(C15,'Item Master'!$A$6:$A$105,0)),0)) -> 35 | P15: =IF(N15="",0,MAX(0,MIN(N(F15),O15-N15))*N(G15)) -> 6475 | Q15: =IF(AND(C15<>"",C15='Stock Ledger'!$C$4),M15,"")
A16: =IF(C16="","",ROW()-6) -> 10 | B16: 46307 | C16: E06 | D16: =IF(C16="","",IFERROR(INDEX('Item Master'!$B$6:$B$105,MATCH(C16,'Item Master'!$A$6:$A$105,0)),"?")) -> LED Tube Light 20W | E16: Out | F16: 25 | G16: 230 | H16: Counter sales | I16: S-206 | J16: =IF(OR(C16="",G16=""),"",N(F16)*N(G16)) -> 5750 | K16: =IF(M16="","",N(IFERROR(INDEX('Item Master'!$E$6:$E$105,MATCH(C16,'Item Master'!$A$6:$A$105,0)),0))+SUMIFS($F$7:$F$506,$C$7:$C$506,C16,$E$7:$E$506,"In",$M$7:$M$506,"<="&M16)-SUMIFS($F$7:$F$506,$C$7:$C$506,C16,$E$7:$E$506,"Out",$M$7:$M$506,"<="&M16)) -> 35 | L16: =IF(AND(B16="",C16="",F16=""),"",IF(C16="","⚠ Pick item",IF(D16="?","⚠ Code not in Item Master",IF(B16="","⚠ Enter date",IF(OR(E16="",N(F16)<=0),"⚠ Type / quantity missing",IF(AND(E16="In",G16=""),"⚠ Enter purchase rate",IF(OR(B16<Setup!$C$6,B16>Setup!$C$7),"Outside period",IF(K16<0,"⚠ Stock goes negative","✔ OK")))))))) -> ✔ OK | M16: =IF(OR(C16="",B16=""),"",B16+ROW()/1000000) -> 46307 | N16: =IF(AND(E16="In",M16<>""),SUMIFS($F$7:$F$506,$C$7:$C$506,C16,$E$7:$E$506,"In",$M$7:$M$506,">"&M16),"") | O16: =IF(N16="","",IFERROR(INDEX('Item Master'!$K$6:$K$105,MATCH(C16,'Item Master'!$A$6:$A$105,0)),0)) | P16: =IF(N16="",0,MAX(0,MIN(N(F16),O16-N16))*N(G16)) -> 0 | Q16: =IF(AND(C16<>"",C16='Stock Ledger'!$C$4),M16,"")
A17: =IF(C17="","",ROW()-6) -> 11 | B17: 46308 | C17: E05 | D17: =IF(C17="","",IFERROR(INDEX('Item Master'!$B$6:$B$105,MATCH(C17,'Item Master'!$A$6:$A$105,0)),"?")) -> Extension Board 4-way | E17: Out | F17: 22 | G17: 299 | H17: Counter sales | I17: S-207 | J17: =IF(OR(C17="",G17=""),"",N(F17)*N(G17)) -> 6578 | K17: =IF(M17="","",N(IFERROR(INDEX('Item Master'!$E$6:$E$105,MATCH(C17,'Item Master'!$A$6:$A$105,0)),0))+SUMIFS($F$7:$F$506,$C$7:$C$506,C17,$E$7:$E$506,"In",$M$7:$M$506,"<="&M17)-SUMIFS($F$7:$F$506,$C$7:$C$506,C17,$E$7:$E$506,"Out",$M$7:$M$506,"<="&M17)) -> 18 | L17: =IF(AND(B17="",C17="",F17=""),"",IF(C17="","⚠ Pick item",IF(D17="?","⚠ Code not in Item Master",IF(B17="","⚠ Enter date",IF(OR(E17="",N(F17)<=0),"⚠ Type / quantity missing",IF(AND(E17="In",G17=""),"⚠ Enter purchase rate",IF(OR(B17<Setup!$C$6,B17>Setup!$C$7),"Outside period",IF(K17<0,"⚠ Stock goes negative","✔ OK")))))))) -> ✔ OK | M17: =IF(OR(C17="",B17=""),"",B17+ROW()/1000000) -> 46308 | N17: =IF(AND(E17="In",M17<>""),SUMIFS($F$7:$F$506,$C$7:$C$506,C17,$E$7:$E$506,"In",$M$7:$M$506,">"&M17),"") | O17: =IF(N17="","",IFERROR(INDEX('Item Master'!$K$6:$K$105,MATCH(C17,'Item Master'!$A$6:$A$105,0)),0)) | P17: =IF(N17="",0,MAX(0,MIN(N(F17),O17-N17))*N(G17)) -> 0 | Q17: =IF(AND(C17<>"",C17='Stock Ledger'!$C$4),M17,"")
A18: =IF(C18="","",ROW()-6) -> 12 | B18: 46310 | C18: E01 | D18: =IF(C18="","",IFERROR(INDEX('Item Master'!$B$6:$B$105,MATCH(C18,'Item Master'!$A$6:$A$105,0)),"?")) -> LED Bulb 9W | E18: In | F18: 200 | G18: 60 | H18: Sharma Lighting | I18: P-105 | J18: =IF(OR(C18="",G18=""),"",N(F18)*N(G18)) -> 12000 | K18: =IF(M18="","",N(IFERROR(INDEX('Item Master'!$E$6:$E$105,MATCH(C18,'Item Master'!$A$6:$A$105,0)),0))+SUMIFS($F$7:$F$506,$C$7:$C$506,C18,$E$7:$E$506,"In",$M$7:$M$506,"<="&M18)-SUMIFS($F$7:$F$506,$C$7:$C$506,C18,$E$7:$E$506,"Out",$M$7:$M$506,"<="&M18)) -> 330 | L18: =IF(AND(B18="",C18="",F18=""),"",IF(C18="","⚠ Pick item",IF(D18="?","⚠ Code not in Item Master",IF(B18="","⚠ Enter date",IF(OR(E18="",N(F18)<=0),"⚠ Type / quantity missing",IF(AND(E18="In",G18=""),"⚠ Enter purchase rate",IF(OR(B18<Setup!$C$6,B18>Setup!$C$7),"Outside period",IF(K18<0,"⚠ Stock goes negative","✔ OK")))))))) -> ✔ OK | M18: =IF(OR(C18="",B18=""),"",B18+ROW()/1000000) -> 46310 | N18: =IF(AND(E18="In",M18<>""),SUMIFS($F$7:$F$506,$C$7:$C$506,C18,$E$7:$E$506,"In",$M$7:$M$506,">"&M18),"") -> 0 | O18: =IF(N18="","",IFERROR(INDEX('Item Master'!$K$6:$K$105,MATCH(C18,'Item Master'!$A$6:$A$105,0)),0)) -> 150 | P18: =IF(N18="",0,MAX(0,MIN(N(F18),O18-N18))*N(G18)) -> 9000 | Q18: =IF(AND(C18<>"",C18='Stock Ledger'!$C$4),M18,"") -> 46310
... A27: =IF(C27="","",ROW()-6) -> 21 | B27: 46324 | C27: E02 | D27: =IF(C27="","",IFERROR(INDEX('Item Master'!$B$6:$B$105,MATCH(C27,'Item Master'!$A$6:$A$105,0)),"?")) -> Ceiling Fan 1200 mm | E27: Out | F27: 6 | G27: 1950 | H27: Counter sales | I27: S-214 | J27: =IF(OR(C27="",G27=""),"",N(F27)*N(G27)) -> 11700 | K27: =IF(M27="","",N(IFERROR(INDEX('Item Master'!$E$6:$E$105,MATCH(C27,'Item Master'!$A$6:$A$105,0)),0))+SUMIFS($F$7:$F$506,$C$7:$C$506,C27,$E$7:$E$506,"In",$M$7:$M$506,"<="&M27)-SUMIFS($F$7:$F$506,$C$7:$C$506,C27,$E$7:$E$506,"Out",$M$7:$M$506,"<="&M27)) -> 9 | L27: =IF(AND(B27="",C27="",F27=""),"",IF(C27="","⚠ Pick item",IF(D27="?","⚠ Code not in Item Master",IF(B27="","⚠ Enter date",IF(OR(E27="",N(F27)<=0),"⚠ Type / quantity missing",IF(AND(E27="In",G27=""),"⚠ Enter purchase rate",IF(OR(B27<Setup!$C$6,B27>Setup!$C$7),"Outside period",IF(K27<0,"⚠ Stock goes negative","✔ OK")))))))) -> ✔ OK | M27: =IF(OR(C27="",B27=""),"",B27+ROW()/1000000) -> 46324 | N27: =IF(AND(E27="In",M27<>""),SUMIFS($F$7:$F$506,$C$7:$C$506,C27,$E$7:$E$506,"In",$M$7:$M$506,">"&M27),"") | O27: =IF(N27="","",IFERROR(INDEX('Item Master'!$K$6:$K$105,MATCH(C27,'Item Master'!$A$6:$A$105,0)),0)) | P27: =IF(N27="",0,MAX(0,MIN(N(F27),O27-N27))*N(G27)) -> 0 | Q27: =IF(AND(C27<>"",C27='Stock Ledger'!$C$4),M27,"")
A28: =IF(C28="","",ROW()-6) | D28: =IF(C28="","",IFERROR(INDEX('Item Master'!$B$6:$B$105,MATCH(C28,'Item Master'!$A$6:$A$105,0)),"?")) | J28: =IF(OR(C28="",G28=""),"",N(F28)*N(G28)) | K28: =IF(M28="","",N(IFERROR(INDEX('Item Master'!$E$6:$E$105,MATCH(C28,'Item Master'!$A$6:$A$105,0)),0))+SUMIFS($F$7:$F$506,$C$7:$C$506,C28,$E$7:$E$506,"In",$M$7:$M$506,"<="&M28)-SUMIFS($F$7:$F$506,$C$7:$C$506,C28,$E$7:$E$506,"Out",$M$7:$M$506,"<="&M28)) | L28: =IF(AND(B28="",C28="",F28=""),"",IF(C28="","⚠ Pick item",IF(D28="?","⚠ Code not in Item Master",IF(B28="","⚠ Enter date",IF(OR(E28="",N(F28)<=0),"⚠ Type / quantity missing",IF(AND(E28="In",G28=""),"⚠ Enter purchase rate",IF(OR(B28<Setup!$C$6,B28>Setup!$C$7),"Outside period",IF(K28<0,"⚠ Stock goes negative","✔ OK")))))))) | M28: =IF(OR(C28="",B28=""),"",B28+ROW()/1000000) | N28: =IF(AND(E28="In",M28<>""),SUMIFS($F$7:$F$506,$C$7:$C$506,C28,$E$7:$E$506,"In",$M$7:$M$506,">"&M28),"") | O28: =IF(N28="","",IFERROR(INDEX('Item Master'!$K$6:$K$105,MATCH(C28,'Item Master'!$A$6:$A$105,0)),0)) | P28: =IF(N28="",0,MAX(0,MIN(N(F28),O28-N28))*N(G28)) -> 0 | Q28: =IF(AND(C28<>"",C28='Stock Ledger'!$C$4),M28,"")
A29: =IF(C29="","",ROW()-6) | D29: =IF(C29="","",IFERROR(INDEX('Item Master'!$B$6:$B$105,MATCH(C29,'Item Master'!$A$6:$A$105,0)),"?")) | J29: =IF(OR(C29="",G29=""),"",N(F29)*N(G29)) | K29: =IF(M29="","",N(IFERROR(INDEX('Item Master'!$E$6:$E$105,MATCH(C29,'Item Master'!$A$6:$A$105,0)),0))+SUMIFS($F$7:$F$506,$C$7:$C$506,C29,$E$7:$E$506,"In",$M$7:$M$506,"<="&M29)-SUMIFS($F$7:$F$506,$C$7:$C$506,C29,$E$7:$E$506,"Out",$M$7:$M$506,"<="&M29)) | L29: =IF(AND(B29="",C29="",F29=""),"",IF(C29="","⚠ Pick item",IF(D29="?","⚠ Code not in Item Master",IF(B29="","⚠ Enter date",IF(OR(E29="",N(F29)<=0),"⚠ Type / quantity missing",IF(AND(E29="In",G29=""),"⚠ Enter purchase rate",IF(OR(B29<Setup!$C$6,B29>Setup!$C$7),"Outside period",IF(K29<0,"⚠ Stock goes negative","✔ OK")))))))) | M29: =IF(OR(C29="",B29=""),"",B29+ROW()/1000000) | N29: =IF(AND(E29="In",M29<>""),SUMIFS($F$7:$F$506,$C$7:$C$506,C29,$E$7:$E$506,"In",$M$7:$M$506,">"&M29),"") | O29: =IF(N29="","",IFERROR(INDEX('Item Master'!$K$6:$K$105,MATCH(C29,'Item Master'!$A$6:$A$105,0)),0)) | P29: =IF(N29="",0,MAX(0,MIN(N(F29),O29-N29))*N(G29)) -> 0 | Q29: =IF(AND(C29<>"",C29='Stock Ledger'!$C$4),M29,"")
A30: =IF(C30="","",ROW()-6) | D30: =IF(C30="","",IFERROR(INDEX('Item Master'!$B$6:$B$105,MATCH(C30,'Item Master'!$A$6:$A$105,0)),"?")) | J30: =IF(OR(C30="",G30=""),"",N(F30)*N(G30)) | K30: =IF(M30="","",N(IFERROR(INDEX('Item Master'!$E$6:$E$105,MATCH(C30,'Item Master'!$A$6:$A$105,0)),0))+SUMIFS($F$7:$F$506,$C$7:$C$506,C30,$E$7:$E$506,"In",$M$7:$M$506,"<="&M30)-SUMIFS($F$7:$F$506,$C$7:$C$506,C30,$E$7:$E$506,"Out",$M$7:$M$506,"<="&M30)) | L30: =IF(AND(B30="",C30="",F30=""),"",IF(C30="","⚠ Pick item",IF(D30="?","⚠ Code not in Item Master",IF(B30="","⚠ Enter date",IF(OR(E30="",N(F30)<=0),"⚠ Type / quantity missing",IF(AND(E30="In",G30=""),"⚠ Enter purchase rate",IF(OR(B30<Setup!$C$6,B30>Setup!$C$7),"Outside period",IF(K30<0,"⚠ Stock goes negative","✔ OK")))))))) | M30: =IF(OR(C30="",B30=""),"",B30+ROW()/1000000) | N30: =IF(AND(E30="In",M30<>""),SUMIFS($F$7:$F$506,$C$7:$C$506,C30,$E$7:$E$506,"In",$M$7:$M$506,">"&M30),"") | O30: =IF(N30="","",IFERROR(INDEX('Item Master'!$K$6:$K$105,MATCH(C30,'Item Master'!$A$6:$A$105,0)),0)) | P30: =IF(N30="",0,MAX(0,MIN(N(F30),O30-N30))*N(G30)) -> 0 | Q30: =IF(AND(C30<>"",C30='Stock Ledger'!$C$4),M30,"")
A31: =IF(C31="","",ROW()-6) | D31: =IF(C31="","",IFERROR(INDEX('Item Master'!$B$6:$B$105,MATCH(C31,'Item Master'!$A$6:$A$105,0)),"?")) | J31: =IF(OR(C31="",G31=""),"",N(F31)*N(G31)) | K31: =IF(M31="","",N(IFERROR(INDEX('Item Master'!$E$6:$E$105,MATCH(C31,'Item Master'!$A$6:$A$105,0)),0))+SUMIFS($F$7:$F$506,$C$7:$C$506,C31,$E$7:$E$506,"In",$M$7:$M$506,"<="&M31)-SUMIFS($F$7:$F$506,$C$7:$C$506,C31,$E$7:$E$506,"Out",$M$7:$M$506,"<="&M31)) | L31: =IF(AND(B31="",C31="",F31=""),"",IF(C31="","⚠ Pick item",IF(D31="?","⚠ Code not in Item Master",IF(B31="","⚠ Enter date",IF(OR(E31="",N(F31)<=0),"⚠ Type / quantity missing",IF(AND(E31="In",G31=""),"⚠ Enter purchase rate",IF(OR(B31<Setup!$C$6,B31>Setup!$C$7),"Outside period",IF(K31<0,"⚠ Stock goes negative","✔ OK")))))))) | M31: =IF(OR(C31="",B31=""),"",B31+ROW()/1000000) | N31: =IF(AND(E31="In",M31<>""),SUMIFS($F$7:$F$506,$C$7:$C$506,C31,$E$7:$E$506,"In",$M$7:$M$506,">"&M31),"") | O31: =IF(N31="","",IFERROR(INDEX('Item Master'!$K$6:$K$105,MATCH(C31,'Item Master'!$A$6:$A$105,0)),0)) | P31: =IF(N31="",0,MAX(0,MIN(N(F31),O31-N31))*N(G31)) -> 0 | Q31: =IF(AND(C31<>"",C31='Stock Ledger'!$C$4),M31,"")
A32: =IF(C32="","",ROW()-6) | D32: =IF(C32="","",IFERROR(INDEX('Item Master'!$B$6:$B$105,MATCH(C32,'Item Master'!$A$6:$A$105,0)),"?")) | J32: =IF(OR(C32="",G32=""),"",N(F32)*N(G32)) | K32: =IF(M32="","",N(IFERROR(INDEX('Item Master'!$E$6:$E$105,MATCH(C32,'Item Master'!$A$6:$A$105,0)),0))+SUMIFS($F$7:$F$506,$C$7:$C$506,C32,$E$7:$E$506,"In",$M$7:$M$506,"<="&M32)-SUMIFS($F$7:$F$506,$C$7:$C$506,C32,$E$7:$E$506,"Out",$M$7:$M$506,"<="&M32)) | L32: =IF(AND(B32="",C32="",F32=""),"",IF(C32="","⚠ Pick item",IF(D32="?","⚠ Code not in Item Master",IF(B32="","⚠ Enter date",IF(OR(E32="",N(F32)<=0),"⚠ Type / quantity missing",IF(AND(E32="In",G32=""),"⚠ Enter purchase rate",IF(OR(B32<Setup!$C$6,B32>Setup!$C$7),"Outside period",IF(K32<0,"⚠ Stock goes negative","✔ OK")))))))) | M32: =IF(OR(C32="",B32=""),"",B32+ROW()/1000000) | N32: =IF(AND(E32="In",M32<>""),SUMIFS($F$7:$F$506,$C$7:$C$506,C32,$E$7:$E$506,"In",$M$7:$M$506,">"&M32),"") | O32: =IF(N32="","",IFERROR(INDEX('Item Master'!$K$6:$K$105,MATCH(C32,'Item Master'!$A$6:$A$105,0)),0)) | P32: =IF(N32="",0,MAX(0,MIN(N(F32),O32-N32))*N(G32)) -> 0 | Q32: =IF(AND(C32<>"",C32='Stock Ledger'!$C$4),M32,"")
A33: =IF(C33="","",ROW()-6) | D33: =IF(C33="","",IFERROR(INDEX('Item Master'!$B$6:$B$105,MATCH(C33,'Item Master'!$A$6:$A$105,0)),"?")) | J33: =IF(OR(C33="",G33=""),"",N(F33)*N(G33)) | K33: =IF(M33="","",N(IFERROR(INDEX('Item Master'!$E$6:$E$105,MATCH(C33,'Item Master'!$A$6:$A$105,0)),0))+SUMIFS($F$7:$F$506,$C$7:$C$506,C33,$E$7:$E$506,"In",$M$7:$M$506,"<="&M33)-SUMIFS($F$7:$F$506,$C$7:$C$506,C33,$E$7:$E$506,"Out",$M$7:$M$506,"<="&M33)) | L33: =IF(AND(B33="",C33="",F33=""),"",IF(C33="","⚠ Pick item",IF(D33="?","⚠ Code not in Item Master",IF(B33="","⚠ Enter date",IF(OR(E33="",N(F33)<=0),"⚠ Type / quantity missing",IF(AND(E33="In",G33=""),"⚠ Enter purchase rate",IF(OR(B33<Setup!$C$6,B33>Setup!$C$7),"Outside period",IF(K33<0,"⚠ Stock goes negative","✔ OK")))))))) | M33: =IF(OR(C33="",B33=""),"",B33+ROW()/1000000) | N33: =IF(AND(E33="In",M33<>""),SUMIFS($F$7:$F$506,$C$7:$C$506,C33,$E$7:$E$506,"In",$M$7:$M$506,">"&M33),"") | O33: =IF(N33="","",IFERROR(INDEX('Item Master'!$K$6:$K$105,MATCH(C33,'Item Master'!$A$6:$A$105,0)),0)) | P33: =IF(N33="",0,MAX(0,MIN(N(F33),O33-N33))*N(G33)) -> 0 | Q33: =IF(AND(C33<>"",C33='Stock Ledger'!$C$4),M33,"")
A34: =IF(C34="","",ROW()-6) | D34: =IF(C34="","",IFERROR(INDEX('Item Master'!$B$6:$B$105,MATCH(C34,'Item Master'!$A$6:$A$105,0)),"?")) | J34: =IF(OR(C34="",G34=""),"",N(F34)*N(G34)) | K34: =IF(M34="","",N(IFERROR(INDEX('Item Master'!$E$6:$E$105,MATCH(C34,'Item Master'!$A$6:$A$105,0)),0))+SUMIFS($F$7:$F$506,$C$7:$C$506,C34,$E$7:$E$506,"In",$M$7:$M$506,"<="&M34)-SUMIFS($F$7:$F$506,$C$7:$C$506,C34,$E$7:$E$506,"Out",$M$7:$M$506,"<="&M34)) | L34: =IF(AND(B34="",C34="",F34=""),"",IF(C34="","⚠ Pick item",IF(D34="?","⚠ Code not in Item Master",IF(B34="","⚠ Enter date",IF(OR(E34="",N(F34)<=0),"⚠ Type / quantity missing",IF(AND(E34="In",G34=""),"⚠ Enter purchase rate",IF(OR(B34<Setup!$C$6,B34>Setup!$C$7),"Outside period",IF(K34<0,"⚠ Stock goes negative","✔ OK")))))))) | M34: =IF(OR(C34="",B34=""),"",B34+ROW()/1000000) | N34: =IF(AND(E34="In",M34<>""),SUMIFS($F$7:$F$506,$C$7:$C$506,C34,$E$7:$E$506,"In",$M$7:$M$506,">"&M34),"") | O34: =IF(N34="","",IFERROR(INDEX('Item Master'!$K$6:$K$105,MATCH(C34,'Item Master'!$A$6:$A$105,0)),0)) | P34: =IF(N34="",0,MAX(0,MIN(N(F34),O34-N34))*N(G34)) -> 0 | Q34: =IF(AND(C34<>"",C34='Stock Ledger'!$C$4),M34,"")
A35: =IF(C35="","",ROW()-6) | D35: =IF(C35="","",IFERROR(INDEX('Item Master'!$B$6:$B$105,MATCH(C35,'Item Master'!$A$6:$A$105,0)),"?")) | J35: =IF(OR(C35="",G35=""),"",N(F35)*N(G35)) | K35: =IF(M35="","",N(IFERROR(INDEX('Item Master'!$E$6:$E$105,MATCH(C35,'Item Master'!$A$6:$A$105,0)),0))+SUMIFS($F$7:$F$506,$C$7:$C$506,C35,$E$7:$E$506,"In",$M$7:$M$506,"<="&M35)-SUMIFS($F$7:$F$506,$C$7:$C$506,C35,$E$7:$E$506,"Out",$M$7:$M$506,"<="&M35)) | L35: =IF(AND(B35="",C35="",F35=""),"",IF(C35="","⚠ Pick item",IF(D35="?","⚠ Code not in Item Master",IF(B35="","⚠ Enter date",IF(OR(E35="",N(F35)<=0),"⚠ Type / quantity missing",IF(AND(E35="In",G35=""),"⚠ Enter purchase rate",IF(OR(B35<Setup!$C$6,B35>Setup!$C$7),"Outside period",IF(K35<0,"⚠ Stock goes negative","✔ OK")))))))) | M35: =IF(OR(C35="",B35=""),"",B35+ROW()/1000000) | N35: =IF(AND(E35="In",M35<>""),SUMIFS($F$7:$F$506,$C$7:$C$506,C35,$E$7:$E$506,"In",$M$7:$M$506,">"&M35),"") | O35: =IF(N35="","",IFERROR(INDEX('Item Master'!$K$6:$K$105,MATCH(C35,'Item Master'!$A$6:$A$105,0)),0)) | P35: =IF(N35="",0,MAX(0,MIN(N(F35),O35-N35))*N(G35)) -> 0 | Q35: =IF(AND(C35<>"",C35='Stock Ledger'!$C$4),M35,"")
A36: =IF(C36="","",ROW()-6) | D36: =IF(C36="","",IFERROR(INDEX('Item Master'!$B$6:$B$105,MATCH(C36,'Item Master'!$A$6:$A$105,0)),"?")) | J36: =IF(OR(C36="",G36=""),"",N(F36)*N(G36)) | K36: =IF(M36="","",N(IFERROR(INDEX('Item Master'!$E$6:$E$105,MATCH(C36,'Item Master'!$A$6:$A$105,0)),0))+SUMIFS($F$7:$F$506,$C$7:$C$506,C36,$E$7:$E$506,"In",$M$7:$M$506,"<="&M36)-SUMIFS($F$7:$F$506,$C$7:$C$506,C36,$E$7:$E$506,"Out",$M$7:$M$506,"<="&M36)) | L36: =IF(AND(B36="",C36="",F36=""),"",IF(C36="","⚠ Pick item",IF(D36="?","⚠ Code not in Item Master",IF(B36="","⚠ Enter date",IF(OR(E36="",N(F36)<=0),"⚠ Type / quantity missing",IF(AND(E36="In",G36=""),"⚠ Enter purchase rate",IF(OR(B36<Setup!$C$6,B36>Setup!$C$7),"Outside period",IF(K36<0,"⚠ Stock goes negative","✔ OK")))))))) | M36: =IF(OR(C36="",B36=""),"",B36+ROW()/1000000) | N36: =IF(AND(E36="In",M36<>""),SUMIFS($F$7:$F$506,$C$7:$C$506,C36,$E$7:$E$506,"In",$M$7:$M$506,">"&M36),"") | O36: =IF(N36="","",IFERROR(INDEX('Item Master'!$K$6:$K$105,MATCH(C36,'Item Master'!$A$6:$A$105,0)),0)) | P36: =IF(N36="",0,MAX(0,MIN(N(F36),O36-N36))*N(G36)) -> 0 | Q36: =IF(AND(C36<>"",C36='Stock Ledger'!$C$4),M36,"")
A37: =IF(C37="","",ROW()-6) | D37: =IF(C37="","",IFERROR(INDEX('Item Master'!$B$6:$B$105,MATCH(C37,'Item Master'!$A$6:$A$105,0)),"?")) | J37: =IF(OR(C37="",G37=""),"",N(F37)*N(G37)) | K37: =IF(M37="","",N(IFERROR(INDEX('Item Master'!$E$6:$E$105,MATCH(C37,'Item Master'!$A$6:$A$105,0)),0))+SUMIFS($F$7:$F$506,$C$7:$C$506,C37,$E$7:$E$506,"In",$M$7:$M$506,"<="&M37)-SUMIFS($F$7:$F$506,$C$7:$C$506,C37,$E$7:$E$506,"Out",$M$7:$M$506,"<="&M37)) | L37: =IF(AND(B37="",C37="",F37=""),"",IF(C37="","⚠ Pick item",IF(D37="?","⚠ Code not in Item Master",IF(B37="","⚠ Enter date",IF(OR(E37="",N(F37)<=0),"⚠ Type / quantity missing",IF(AND(E37="In",G37=""),"⚠ Enter purchase rate",IF(OR(B37<Setup!$C$6,B37>Setup!$C$7),"Outside period",IF(K37<0,"⚠ Stock goes negative","✔ OK")))))))) | M37: =IF(OR(C37="",B37=""),"",B37+ROW()/1000000) | N37: =IF(AND(E37="In",M37<>""),SUMIFS($F$7:$F$506,$C$7:$C$506,C37,$E$7:$E$506,"In",$M$7:$M$506,">"&M37),"") | O37: =IF(N37="","",IFERROR(INDEX('Item Master'!$K$6:$K$105,MATCH(C37,'Item Master'!$A$6:$A$105,0)),0)) | P37: =IF(N37="",0,MAX(0,MIN(N(F37),O37-N37))*N(G37)) -> 0 | Q37: =IF(AND(C37<>"",C37='Stock Ledger'!$C$4),M37,"")
A38: =IF(C38="","",ROW()-6) | D38: =IF(C38="","",IFERROR(INDEX('Item Master'!$B$6:$B$105,MATCH(C38,'Item Master'!$A$6:$A$105,0)),"?")) | J38: =IF(OR(C38="",G38=""),"",N(F38)*N(G38)) | K38: =IF(M38="","",N(IFERROR(INDEX('Item Master'!$E$6:$E$105,MATCH(C38,'Item Master'!$A$6:$A$105,0)),0))+SUMIFS($F$7:$F$506,$C$7:$C$506,C38,$E$7:$E$506,"In",$M$7:$M$506,"<="&M38)-SUMIFS($F$7:$F$506,$C$7:$C$506,C38,$E$7:$E$506,"Out",$M$7:$M$506,"<="&M38)) | L38: =IF(AND(B38="",C38="",F38=""),"",IF(C38="","⚠ Pick item",IF(D38="?","⚠ Code not in Item Master",IF(B38="","⚠ Enter date",IF(OR(E38="",N(F38)<=0),"⚠ Type / quantity missing",IF(AND(E38="In",G38=""),"⚠ Enter purchase rate",IF(OR(B38<Setup!$C$6,B38>Setup!$C$7),"Outside period",IF(K38<0,"⚠ Stock goes negative","✔ OK")))))))) | M38: =IF(OR(C38="",B38=""),"",B38+ROW()/1000000) | N38: =IF(AND(E38="In",M38<>""),SUMIFS($F$7:$F$506,$C$7:$C$506,C38,$E$7:$E$506,"In",$M$7:$M$506,">"&M38),"") | O38: =IF(N38="","",IFERROR(INDEX('Item Master'!$K$6:$K$105,MATCH(C38,'Item Master'!$A$6:$A$105,0)),0)) | P38: =IF(N38="",0,MAX(0,MIN(N(F38),O38-N38))*N(G38)) -> 0 | Q38: =IF(AND(C38<>"",C38='Stock Ledger'!$C$4),M38,"")
A39: =IF(C39="","",ROW()-6) | D39: =IF(C39="","",IFERROR(INDEX('Item Master'!$B$6:$B$105,MATCH(C39,'Item Master'!$A$6:$A$105,0)),"?")) | J39: =IF(OR(C39="",G39=""),"",N(F39)*N(G39)) | K39: =IF(M39="","",N(IFERROR(INDEX('Item Master'!$E$6:$E$105,MATCH(C39,'Item Master'!$A$6:$A$105,0)),0))+SUMIFS($F$7:$F$506,$C$7:$C$506,C39,$E$7:$E$506,"In",$M$7:$M$506,"<="&M39)-SUMIFS($F$7:$F$506,$C$7:$C$506,C39,$E$7:$E$506,"Out",$M$7:$M$506,"<="&M39)) | L39: =IF(AND(B39="",C39="",F39=""),"",IF(C39="","⚠ Pick item",IF(D39="?","⚠ Code not in Item Master",IF(B39="","⚠ Enter date",IF(OR(E39="",N(F39)<=0),"⚠ Type / quantity missing",IF(AND(E39="In",G39=""),"⚠ Enter purchase rate",IF(OR(B39<Setup!$C$6,B39>Setup!$C$7),"Outside period",IF(K39<0,"⚠ Stock goes negative","✔ OK")))))))) | M39: =IF(OR(C39="",B39=""),"",B39+ROW()/1000000) | N39: =IF(AND(E39="In",M39<>""),SUMIFS($F$7:$F$506,$C$7:$C$506,C39,$E$7:$E$506,"In",$M$7:$M$506,">"&M39),"") | O39: =IF(N39="","",IFERROR(INDEX('Item Master'!$K$6:$K$105,MATCH(C39,'Item Master'!$A$6:$A$105,0)),0)) | P39: =IF(N39="",0,MAX(0,MIN(N(F39),O39-N39))*N(G39)) -> 0 | Q39: =IF(AND(C39<>"",C39='Stock Ledger'!$C$4),M39,"")
... A506: =IF(C506="","",ROW()-6) | D506: =IF(C506="","",IFERROR(INDEX('Item Master'!$B$6:$B$105,MATCH(C506,'Item Master'!$A$6:$A$105,0)),"?")) | J506: =IF(OR(C506="",G506=""),"",N(F506)*N(G506)) | K506: =IF(M506="","",N(IFERROR(INDEX('Item Master'!$E$6:$E$105,MATCH(C506,'Item Master'!$A$6:$A$105,0)),0))+SUMIFS($F$7:$F$506,$C$7:$C$506,C506,$E$7:$E$506,"In",$M$7:$M$506,"<="&M506)-SUMIFS($F$7:$F$506,$C$7:$C$506,C506,$E$7:$E$506,"Out",$M$7:$M$506,"<="&M506)) | L506: =IF(AND(B506="",C506="",F506=""),"",IF(C506="","⚠ Pick item",IF(D506="?","⚠ Code not in Item Master",IF(B506="","⚠ Enter date",IF(OR(E506="",N(F506)<=0),"⚠ Type / quantity missing",IF(AND(E506="In",G506=""),"⚠ Enter purchase rate",IF(OR(B506<Setup!$C$6,B506>Setup!$C$7),"Outside period",IF(K506<0,"⚠ Stock goes negative","✔ OK")))))))) | M506: =IF(OR(C506="",B506=""),"",B506+ROW()/1000000) | N506: =IF(AND(E506="In",M506<>""),SUMIFS($F$7:$F$506,$C$7:$C$506,C506,$E$7:$E$506,"In",$M$7:$M$506,">"&M506),"") | O506: =IF(N506="","",IFERROR(INDEX('Item Master'!$K$6:$K$105,MATCH(C506,'Item Master'!$A$6:$A$105,0)),0)) | P506: =IF(N506="",0,MAX(0,MIN(N(F506),O506-N506))*N(G506)) -> 0 | Q506: =IF(AND(C506<>"",C506='Stock Ledger'!$C$4),M506,"")

Sheet Valuation
A1: ◄ BACK TO DASHBOARD
A2: ="Closing Stock Valuation – FIFO vs Weighted Average – "&Setup!$C$4&" – as on "&TEXT(Setup!$C$7,"dd mmm yyyy") -> Closing Stock Valuation – FIFO vs Weighted Average – M/s Xplore Electricals – as on 31 Oct 2026
A3: Everything here is calculated. FIFO: closing stock is valued at the latest purchase rates. Weighted Average: (opening value + purchases) ÷ (opening qty + purchased qty).
C4: OPENING | E4: PURCHASES (IN) | G4: SALES (OUT) | J4: CLOSING STOCK VALUE | M4: COST OF GOODS SOLD | O4: GROSS PROFIT
A5: Code | B5: Item name | C5: Qty | D5: Value (₹) | E5: Qty | F5: Value (₹) | G5: Qty | H5: Sales value (₹) | I5: Closing qty | J5: FIFO (₹) | K5: Wtd. avg rate (₹) | L5: Wtd. avg (₹) | M5: FIFO (₹) | N5: Wtd. avg (₹) | O5: FIFO (₹) | P5: Wtd. avg (₹)
A6: =IF('Item Master'!A6="","",'Item Master'!A6) -> E01 | B6: =IF(A6="","",'Item Master'!B6) -> LED Bulb 9W | C6: =IF(A6="","",N('Item Master'!E6)) -> 200 | D6: =IF(A6="","",N('Item Master'!H6)) -> 11000 | E6: =IF(A6="","",'Item Master'!I6) -> 500 | F6: =IF(A6="","",SUMIFS('Stock Register'!$J$7:$J$506,'Stock Register'!$C$7:$C$506,A6,'Stock Register'!$E$7:$E$506,"In")) -> 29400 | G6: =IF(A6="","",'Item Master'!J6) -> 550 | H6: =IF(A6="","",SUMIFS('Stock Register'!$J$7:$J$506,'Stock Register'!$C$7:$C$506,A6,'Stock Register'!$E$7:$E$506,"Out")) -> 46750 | I6: =IF(A6="","",'Item Master'!K6) -> 150 | J6: =IF(A6="","",ROUND(MAX(0,MIN(C6,I6-E6))*N('Item Master'!F6)+SUMIFS('Stock Register'!$P$7:$P$506,'Stock Register'!$C$7:$C$506,A6),0)) -> 9000 | K6: =IF(A6="","",IFERROR((D6+F6)/(C6+E6),0)) -> 57.714286 | L6: =IF(A6="","",ROUND(MAX(0,I6)*K6,0)) -> 8657 | M6: =IF(A6="","",D6+F6-J6) -> 31400 | N6: =IF(A6="","",D6+F6-L6) -> 31743 | O6: =IF(A6="","",H6-M6) -> 15350 | P6: =IF(A6="","",H6-N6) -> 15007 | Q6: =IF(AND(A6<>"",N(J6)>0),COUNTIF($J$6:J6,">0"),"") -> 1
A7: =IF('Item Master'!A7="","",'Item Master'!A7) -> E02 | B7: =IF(A7="","",'Item Master'!B7) -> Ceiling Fan 1200 mm | C7: =IF(A7="","",N('Item Master'!E7)) -> 20 | D7: =IF(A7="","",N('Item Master'!H7)) -> 29000 | E7: =IF(A7="","",'Item Master'!I7) -> 15 | F7: =IF(A7="","",SUMIFS('Stock Register'!$J$7:$J$506,'Stock Register'!$C$7:$C$506,A7,'Stock Register'!$E$7:$E$506,"In")) -> 22500 | G7: =IF(A7="","",'Item Master'!J7) -> 26 | H7: =IF(A7="","",SUMIFS('Stock Register'!$J$7:$J$506,'Stock Register'!$C$7:$C$506,A7,'Stock Register'!$E$7:$E$506,"Out")) -> 50700 | I7: =IF(A7="","",'Item Master'!K7) -> 9 | J7: =IF(A7="","",ROUND(MAX(0,MIN(C7,I7-E7))*N('Item Master'!F7)+SUMIFS('Stock Register'!$P$7:$P$506,'Stock Register'!$C$7:$C$506,A7),0)) -> 13500 | K7: =IF(A7="","",IFERROR((D7+F7)/(C7+E7),0)) -> 1471.4286 | L7: =IF(A7="","",ROUND(MAX(0,I7)*K7,0)) -> 13243 | M7: =IF(A7="","",D7+F7-J7) -> 38000 | N7: =IF(A7="","",D7+F7-L7) -> 38257 | O7: =IF(A7="","",H7-M7) -> 12700 | P7: =IF(A7="","",H7-N7) -> 12443 | Q7: =IF(AND(A7<>"",N(J7)>0),COUNTIF($J$6:J7,">0"),"") -> 2
A8: =IF('Item Master'!A8="","",'Item Master'!A8) -> E03 | B8: =IF(A8="","",'Item Master'!B8) -> Copper Wire 1.5 sq mm (90 m) | C8: =IF(A8="","",N('Item Master'!E8)) -> 30 | D8: =IF(A8="","",N('Item Master'!H8)) -> 37500 | E8: =IF(A8="","",'Item Master'!I8) -> 35 | F8: =IF(A8="","",SUMIFS('Stock Register'!$J$7:$J$506,'Stock Register'!$C$7:$C$506,A8,'Stock Register'!$E$7:$E$506,"In")) -> 46300 | G8: =IF(A8="","",'Item Master'!J8) -> 37 | H8: =IF(A8="","",SUMIFS('Stock Register'!$J$7:$J$506,'Stock Register'!$C$7:$C$506,A8,'Stock Register'!$E$7:$E$506,"Out")) -> 60450 | I8: =IF(A8="","",'Item Master'!K8) -> 28 | J8: =IF(A8="","",ROUND(MAX(0,MIN(C8,I8-E8))*N('Item Master'!F8)+SUMIFS('Stock Register'!$P$7:$P$506,'Stock Register'!$C$7:$C$506,A8),0)) -> 37130 | K8: =IF(A8="","",IFERROR((D8+F8)/(C8+E8),0)) -> 1289.2308 | L8: =IF(A8="","",ROUND(MAX(0,I8)*K8,0)) -> 36098 | M8: =IF(A8="","",D8+F8-J8) -> 46670 | N8: =IF(A8="","",D8+F8-L8) -> 47702 | O8: =IF(A8="","",H8-M8) -> 13780 | P8: =IF(A8="","",H8-N8) -> 12748 | Q8: =IF(AND(A8<>"",N(J8)>0),COUNTIF($J$6:J8,">0"),"") -> 3
A9: =IF('Item Master'!A9="","",'Item Master'!A9) -> E04 | B9: =IF(A9="","",'Item Master'!B9) -> MCB 32A Single Pole | C9: =IF(A9="","",N('Item Master'!E9)) -> 50 | D9: =IF(A9="","",N('Item Master'!H9)) -> 9000 | E9: =IF(A9="","",'Item Master'!I9) -> 60 | F9: =IF(A9="","",SUMIFS('Stock Register'!$J$7:$J$506,'Stock Register'!$C$7:$C$506,A9,'Stock Register'!$E$7:$E$506,"In")) -> 11100 | G9: =IF(A9="","",'Item Master'!J9) -> 75 | H9: =IF(A9="","",SUMIFS('Stock Register'!$J$7:$J$506,'Stock Register'!$C$7:$C$506,A9,'Stock Register'!$E$7:$E$506,"Out")) -> 19500 | I9: =IF(A9="","",'Item Master'!K9) -> 35 | J9: =IF(A9="","",ROUND(MAX(0,MIN(C9,I9-E9))*N('Item Master'!F9)+SUMIFS('Stock Register'!$P$7:$P$506,'Stock Register'!$C$7:$C$506,A9),0)) -> 6475 | K9: =IF(A9="","",IFERROR((D9+F9)/(C9+E9),0)) -> 182.72727 | L9: =IF(A9="","",ROUND(MAX(0,I9)*K9,0)) -> 6395 | M9: =IF(A9="","",D9+F9-J9) -> 13625 | N9: =IF(A9="","",D9+F9-L9) -> 13705 | O9: =IF(A9="","",H9-M9) -> 5875 | P9: =IF(A9="","",H9-N9) -> 5795 | Q9: =IF(AND(A9<>"",N(J9)>0),COUNTIF($J$6:J9,">0"),"") -> 4
A10: =IF('Item Master'!A10="","",'Item Master'!A10) -> E05 | B10: =IF(A10="","",'Item Master'!B10) -> Extension Board 4-way | C10: =IF(A10="","",N('Item Master'!E10)) -> 40 | D10: =IF(A10="","",N('Item Master'!H10)) -> 8400 | E10: =IF(A10="","",'Item Master'!I10) -> 0 | F10: =IF(A10="","",SUMIFS('Stock Register'!$J$7:$J$506,'Stock Register'!$C$7:$C$506,A10,'Stock Register'!$E$7:$E$506,"In")) -> 0 | G10: =IF(A10="","",'Item Master'!J10) -> 34 | H10: =IF(A10="","",SUMIFS('Stock Register'!$J$7:$J$506,'Stock Register'!$C$7:$C$506,A10,'Stock Register'!$E$7:$E$506,"Out")) -> 10166 | I10: =IF(A10="","",'Item Master'!K10) -> 6 | J10: =IF(A10="","",ROUND(MAX(0,MIN(C10,I10-E10))*N('Item Master'!F10)+SUMIFS('Stock Register'!$P$7:$P$506,'Stock Register'!$C$7:$C$506,A10),0)) -> 1260 | K10: =IF(A10="","",IFERROR((D10+F10)/(C10+E10),0)) -> 210 | L10: =IF(A10="","",ROUND(MAX(0,I10)*K10,0)) -> 1260 | M10: =IF(A10="","",D10+F10-J10) -> 7140 | N10: =IF(A10="","",D10+F10-L10) -> 7140 | O10: =IF(A10="","",H10-M10) -> 3026 | P10: =IF(A10="","",H10-N10) -> 3026 | Q10: =IF(AND(A10<>"",N(J10)>0),COUNTIF($J$6:J10,">0"),"") -> 5
A11: =IF('Item Master'!A11="","",'Item Master'!A11) -> E06 | B11: =IF(A11="","",'Item Master'!B11) -> LED Tube Light 20W | C11: =IF(A11="","",N('Item Master'!E11)) -> 60 | D11: =IF(A11="","",N('Item Master'!H11)) -> 9600 | E11: =IF(A11="","",'Item Master'!I11) -> 40 | F11: =IF(A11="","",SUMIFS('Stock Register'!$J$7:$J$506,'Stock Register'!$C$7:$C$506,A11,'Stock Register'!$E$7:$E$506,"In")) -> 6800 | G11: =IF(A11="","",'Item Master'!J11) -> 55 | H11: =IF(A11="","",SUMIFS('Stock Register'!$J$7:$J$506,'Stock Register'!$C$7:$C$506,A11,'Stock Register'!$E$7:$E$506,"Out")) -> 12650 | I11: =IF(A11="","",'Item Master'!K11) -> 45 | J11: =IF(A11="","",ROUND(MAX(0,MIN(C11,I11-E11))*N('Item Master'!F11)+SUMIFS('Stock Register'!$P$7:$P$506,'Stock Register'!$C$7:$C$506,A11),0)) -> 7600 | K11: =IF(A11="","",IFERROR((D11+F11)/(C11+E11),0)) -> 164 | L11: =IF(A11="","",ROUND(MAX(0,I11)*K11,0)) -> 7380 | M11: =IF(A11="","",D11+F11-J11) -> 8800 | N11: =IF(A11="","",D11+F11-L11) -> 9020 | O11: =IF(A11="","",H11-M11) -> 3850 | P11: =IF(A11="","",H11-N11) -> 3630 | Q11: =IF(AND(A11<>"",N(J11)>0),COUNTIF($J$6:J11,">0"),"") -> 6
A12: =IF('Item Master'!A12="","",'Item Master'!A12) | B12: =IF(A12="","",'Item Master'!B12) | C12: =IF(A12="","",N('Item Master'!E12)) | D12: =IF(A12="","",N('Item Master'!H12)) | E12: =IF(A12="","",'Item Master'!I12) | F12: =IF(A12="","",SUMIFS('Stock Register'!$J$7:$J$506,'Stock Register'!$C$7:$C$506,A12,'Stock Register'!$E$7:$E$506,"In")) | G12: =IF(A12="","",'Item Master'!J12) | H12: =IF(A12="","",SUMIFS('Stock Register'!$J$7:$J$506,'Stock Register'!$C$7:$C$506,A12,'Stock Register'!$E$7:$E$506,"Out")) | I12: =IF(A12="","",'Item Master'!K12) | J12: =IF(A12="","",ROUND(MAX(0,MIN(C12,I12-E12))*N('Item Master'!F12)+SUMIFS('Stock Register'!$P$7:$P$506,'Stock Register'!$C$7:$C$506,A12),0)) | K12: =IF(A12="","",IFERROR((D12+F12)/(C12+E12),0)) | L12: =IF(A12="","",ROUND(MAX(0,I12)*K12,0)) | M12: =IF(A12="","",D12+F12-J12) | N12: =IF(A12="","",D12+F12-L12) | O12: =IF(A12="","",H12-M12) | P12: =IF(A12="","",H12-N12) | Q12: =IF(AND(A12<>"",N(J12)>0),COUNTIF($J$6:J12,">0"),"")
A13: =IF('Item Master'!A13="","",'Item Master'!A13) | B13: =IF(A13="","",'Item Master'!B13) | C13: =IF(A13="","",N('Item Master'!E13)) | D13: =IF(A13="","",N('Item Master'!H13)) | E13: =IF(A13="","",'Item Master'!I13) | F13: =IF(A13="","",SUMIFS('Stock Register'!$J$7:$J$506,'Stock Register'!$C$7:$C$506,A13,'Stock Register'!$E$7:$E$506,"In")) | G13: =IF(A13="","",'Item Master'!J13) | H13: =IF(A13="","",SUMIFS('Stock Register'!$J$7:$J$506,'Stock Register'!$C$7:$C$506,A13,'Stock Register'!$E$7:$E$506,"Out")) | I13: =IF(A13="","",'Item Master'!K13) | J13: =IF(A13="","",ROUND(MAX(0,MIN(C13,I13-E13))*N('Item Master'!F13)+SUMIFS('Stock Register'!$P$7:$P$506,'Stock Register'!$C$7:$C$506,A13),0)) | K13: =IF(A13="","",IFERROR((D13+F13)/(C13+E13),0)) | L13: =IF(A13="","",ROUND(MAX(0,I13)*K13,0)) | M13: =IF(A13="","",D13+F13-J13) | N13: =IF(A13="","",D13+F13-L13) | O13: =IF(A13="","",H13-M13) | P13: =IF(A13="","",H13-N13) | Q13: =IF(AND(A13<>"",N(J13)>0),COUNTIF($J$6:J13,">0"),"")
A14: =IF('Item Master'!A14="","",'Item Master'!A14) | B14: =IF(A14="","",'Item Master'!B14) | C14: =IF(A14="","",N('Item Master'!E14)) | D14: =IF(A14="","",N('Item Master'!H14)) | E14: =IF(A14="","",'Item Master'!I14) | F14: =IF(A14="","",SUMIFS('Stock Register'!$J$7:$J$506,'Stock Register'!$C$7:$C$506,A14,'Stock Register'!$E$7:$E$506,"In")) | G14: =IF(A14="","",'Item Master'!J14) | H14: =IF(A14="","",SUMIFS('Stock Register'!$J$7:$J$506,'Stock Register'!$C$7:$C$506,A14,'Stock Register'!$E$7:$E$506,"Out")) | I14: =IF(A14="","",'Item Master'!K14) | J14: =IF(A14="","",ROUND(MAX(0,MIN(C14,I14-E14))*N('Item Master'!F14)+SUMIFS('Stock Register'!$P$7:$P$506,'Stock Register'!$C$7:$C$506,A14),0)) | K14: =IF(A14="","",IFERROR((D14+F14)/(C14+E14),0)) | L14: =IF(A14="","",ROUND(MAX(0,I14)*K14,0)) | M14: =IF(A14="","",D14+F14-J14) | N14: =IF(A14="","",D14+F14-L14) | O14: =IF(A14="","",H14-M14) | P14: =IF(A14="","",H14-N14) | Q14: =IF(AND(A14<>"",N(J14)>0),COUNTIF($J$6:J14,">0"),"")
A15: =IF('Item Master'!A15="","",'Item Master'!A15) | B15: =IF(A15="","",'Item Master'!B15) | C15: =IF(A15="","",N('Item Master'!E15)) | D15: =IF(A15="","",N('Item Master'!H15)) | E15: =IF(A15="","",'Item Master'!I15) | F15: =IF(A15="","",SUMIFS('Stock Register'!$J$7:$J$506,'Stock Register'!$C$7:$C$506,A15,'Stock Register'!$E$7:$E$506,"In")) | G15: =IF(A15="","",'Item Master'!J15) | H15: =IF(A15="","",SUMIFS('Stock Register'!$J$7:$J$506,'Stock Register'!$C$7:$C$506,A15,'Stock Register'!$E$7:$E$506,"Out")) | I15: =IF(A15="","",'Item Master'!K15) | J15: =IF(A15="","",ROUND(MAX(0,MIN(C15,I15-E15))*N('Item Master'!F15)+SUMIFS('Stock Register'!$P$7:$P$506,'Stock Register'!$C$7:$C$506,A15),0)) | K15: =IF(A15="","",IFERROR((D15+F15)/(C15+E15),0)) | L15: =IF(A15="","",ROUND(MAX(0,I15)*K15,0)) | M15: =IF(A15="","",D15+F15-J15) | N15: =IF(A15="","",D15+F15-L15) | O15: =IF(A15="","",H15-M15) | P15: =IF(A15="","",H15-N15) | Q15: =IF(AND(A15<>"",N(J15)>0),COUNTIF($J$6:J15,">0"),"")
A16: =IF('Item Master'!A16="","",'Item Master'!A16) | B16: =IF(A16="","",'Item Master'!B16) | C16: =IF(A16="","",N('Item Master'!E16)) | D16: =IF(A16="","",N('Item Master'!H16)) | E16: =IF(A16="","",'Item Master'!I16) | F16: =IF(A16="","",SUMIFS('Stock Register'!$J$7:$J$506,'Stock Register'!$C$7:$C$506,A16,'Stock Register'!$E$7:$E$506,"In")) | G16: =IF(A16="","",'Item Master'!J16) | H16: =IF(A16="","",SUMIFS('Stock Register'!$J$7:$J$506,'Stock Register'!$C$7:$C$506,A16,'Stock Register'!$E$7:$E$506,"Out")) | I16: =IF(A16="","",'Item Master'!K16) | J16: =IF(A16="","",ROUND(MAX(0,MIN(C16,I16-E16))*N('Item Master'!F16)+SUMIFS('Stock Register'!$P$7:$P$506,'Stock Register'!$C$7:$C$506,A16),0)) | K16: =IF(A16="","",IFERROR((D16+F16)/(C16+E16),0)) | L16: =IF(A16="","",ROUND(MAX(0,I16)*K16,0)) | M16: =IF(A16="","",D16+F16-J16) | N16: =IF(A16="","",D16+F16-L16) | O16: =IF(A16="","",H16-M16) | P16: =IF(A16="","",H16-N16) | Q16: =IF(AND(A16<>"",N(J16)>0),COUNTIF($J$6:J16,">0"),"")
A17: =IF('Item Master'!A17="","",'Item Master'!A17) | B17: =IF(A17="","",'Item Master'!B17) | C17: =IF(A17="","",N('Item Master'!E17)) | D17: =IF(A17="","",N('Item Master'!H17)) | E17: =IF(A17="","",'Item Master'!I17) | F17: =IF(A17="","",SUMIFS('Stock Register'!$J$7:$J$506,'Stock Register'!$C$7:$C$506,A17,'Stock Register'!$E$7:$E$506,"In")) | G17: =IF(A17="","",'Item Master'!J17) | H17: =IF(A17="","",SUMIFS('Stock Register'!$J$7:$J$506,'Stock Register'!$C$7:$C$506,A17,'Stock Register'!$E$7:$E$506,"Out")) | I17: =IF(A17="","",'Item Master'!K17) | J17: =IF(A17="","",ROUND(MAX(0,MIN(C17,I17-E17))*N('Item Master'!F17)+SUMIFS('Stock Register'!$P$7:$P$506,'Stock Register'!$C$7:$C$506,A17),0)) | K17: =IF(A17="","",IFERROR((D17+F17)/(C17+E17),0)) | L17: =IF(A17="","",ROUND(MAX(0,I17)*K17,0)) | M17: =IF(A17="","",D17+F17-J17) | N17: =IF(A17="","",D17+F17-L17) | O17: =IF(A17="","",H17-M17) | P17: =IF(A17="","",H17-N17) | Q17: =IF(AND(A17<>"",N(J17)>0),COUNTIF($J$6:J17,">0"),"")
... A105: =IF('Item Master'!A105="","",'Item Master'!A105) | B105: =IF(A105="","",'Item Master'!B105) | C105: =IF(A105="","",N('Item Master'!E105)) | D105: =IF(A105="","",N('Item Master'!H105)) | E105: =IF(A105="","",'Item Master'!I105) | F105: =IF(A105="","",SUMIFS('Stock Register'!$J$7:$J$506,'Stock Register'!$C$7:$C$506,A105,'Stock Register'!$E$7:$E$506,"In")) | G105: =IF(A105="","",'Item Master'!J105) | H105: =IF(A105="","",SUMIFS('Stock Register'!$J$7:$J$506,'Stock Register'!$C$7:$C$506,A105,'Stock Register'!$E$7:$E$506,"Out")) | I105: =IF(A105="","",'Item Master'!K105) | J105: =IF(A105="","",ROUND(MAX(0,MIN(C105,I105-E105))*N('Item Master'!F105)+SUMIFS('Stock Register'!$P$7:$P$506,'Stock Register'!$C$7:$C$506,A105),0)) | K105: =IF(A105="","",IFERROR((D105+F105)/(C105+E105),0)) | L105: =IF(A105="","",ROUND(MAX(0,I105)*K105,0)) | M105: =IF(A105="","",D105+F105-J105) | N105: =IF(A105="","",D105+F105-L105) | O105: =IF(A105="","",H105-M105) | P105: =IF(A105="","",H105-N105) | Q105: =IF(AND(A105<>"",N(J105)>0),COUNTIF($J$6:J105,">0"),"")
B106: TOTAL | D106: =SUM(D6:D105) -> 104500 | F106: =SUM(F6:F105) -> 116100 | H106: =SUM(H6:H105) -> 200216 | J106: =SUM(J6:J105) -> 74965 | L106: =SUM(L6:L105) -> 73033 | M106: =SUM(M6:M105) -> 145635 | N106: =SUM(N6:N105) -> 147567 | O106: =SUM(O6:O105) -> 54581 | P106: =SUM(P6:P105) -> 52649
B108: Effect of the method
B109: Closing stock – FIFO | E109: =J106 -> 74965
B110: Closing stock – Weighted Average | E110: =L106 -> 73033
B111: Difference (FIFO − Weighted Average) | E111: =J106-L106 -> 1932
B112: Meaning | E112: =IF(J106>L106,"Prices rose during the period, so FIFO shows a higher closing stock and higher profit.",IF(J106<L106,"Prices fell during the period, so FIFO shows a lower closing stock and lower profit.","Both methods give the same value.")) -> Prices rose during the period, so FIFO shows a higher closing stock and higher profit.

Sheet Stock Ledger
A1: ◄ BACK TO DASHBOARD
A2: Stock Ledger – Item Card
A4: Pick Item Code ► | C4: E01
A5: Item name | C5: =IFERROR(INDEX('Item Master'!$B$6:$B$105,MATCH($C$4,'Item Master'!$A$6:$A$105,0)),"") -> LED Bulb 9W | F5: Closing qty | H5: =IFERROR(INDEX(Valuation!$I$6:$I$105,MATCH($C$4,Valuation!$A$6:$A$105,0)),0) -> 150
A6: Unit | C6: =IFERROR(INDEX('Item Master'!$D$6:$D$105,MATCH($C$4,'Item Master'!$A$6:$A$105,0)),"") -> Pcs | F6: Value – FIFO (₹) | H6: =IFERROR(INDEX(Valuation!$J$6:$J$105,MATCH($C$4,Valuation!$A$6:$A$105,0)),0) -> 9000
A7: Reorder level | C7: =IFERROR(INDEX('Item Master'!$G$6:$G$105,MATCH($C$4,'Item Master'!$A$6:$A$105,0)),"") -> 100 | F7: Value – Wtd. avg (₹) | H7: =IFERROR(INDEX(Valuation!$L$6:$L$105,MATCH($C$4,Valuation!$A$6:$A$105,0)),0) -> 8657
A8: Status | C8: =IFERROR(INDEX('Item Master'!$L$6:$L$105,MATCH($C$4,'Item Master'!$A$6:$A$105,0)),"") -> ✔ OK | F8: Wtd. avg rate (₹) | H8: =IFERROR(INDEX(Valuation!$K$6:$K$105,MATCH($C$4,Valuation!$A$6:$A$105,0)),0) -> 57.714286
A10: Date | B10: Voucher | C10: Particulars | D10: In qty | E10: Out qty | F10: Balance qty | G10: Rate (₹) | H10: In value (₹) | I10: Out value at sale rate (₹)
C11: Opening balance | F11: =IFERROR(N(INDEX('Item Master'!$E$6:$E$105,MATCH($C$4,'Item Master'!$A$6:$A$105,0))),0) -> 200 | G11: =IFERROR(INDEX('Item Master'!$F$6:$F$105,MATCH($C$4,'Item Master'!$A$6:$A$105,0)),"") -> 55 | H11: =IFERROR(INDEX('Item Master'!$H$6:$H$105,MATCH($C$4,'Item Master'!$A$6:$A$105,0)),"") -> 11000
A12: =IF($L12="","",INDEX('Stock Register'!$B$7:$B$506,$L12)) -> 46296 | B12: =IF($L12="","",INDEX('Stock Register'!$I$7:$I$506,$L12)) -> P-101 | C12: =IF($L12="","",INDEX('Stock Register'!$H$7:$H$506,$L12)) -> Sharma Lighting | D12: =IF($L12="","",IF(INDEX('Stock Register'!$E$7:$E$506,$L12)="In",INDEX('Stock Register'!$F$7:$F$506,$L12),"")) -> 300 | E12: =IF($L12="","",IF(INDEX('Stock Register'!$E$7:$E$506,$L12)="Out",INDEX('Stock Register'!$F$7:$F$506,$L12),"")) | F12: =IF($L12="","",INDEX('Stock Register'!$K$7:$K$506,$L12)) -> 500 | G12: =IF($L12="","",INDEX('Stock Register'!$G$7:$G$506,$L12)) -> 58 | H12: =IF(D12="","",IF($L12="","",INDEX('Stock Register'!$J$7:$J$506,$L12))) -> 17400 | I12: =IF(E12="","",IF($L12="","",INDEX('Stock Register'!$J$7:$J$506,$L12))) | K12: =IFERROR(SMALL('Stock Register'!$Q$7:$Q$506,1),"") -> 46296 | L12: =IF(K12="","",MATCH(K12,'Stock Register'!$Q$7:$Q$506,0)) -> 1
A13: =IF($L13="","",INDEX('Stock Register'!$B$7:$B$506,$L13)) -> 46297 | B13: =IF($L13="","",INDEX('Stock Register'!$I$7:$I$506,$L13)) -> S-201 | C13: =IF($L13="","",INDEX('Stock Register'!$H$7:$H$506,$L13)) -> Counter sales | D13: =IF($L13="","",IF(INDEX('Stock Register'!$E$7:$E$506,$L13)="In",INDEX('Stock Register'!$F$7:$F$506,$L13),"")) | E13: =IF($L13="","",IF(INDEX('Stock Register'!$E$7:$E$506,$L13)="Out",INDEX('Stock Register'!$F$7:$F$506,$L13),"")) -> 220 | F13: =IF($L13="","",INDEX('Stock Register'!$K$7:$K$506,$L13)) -> 280 | G13: =IF($L13="","",INDEX('Stock Register'!$G$7:$G$506,$L13)) -> 85 | H13: =IF(D13="","",IF($L13="","",INDEX('Stock Register'!$J$7:$J$506,$L13))) | I13: =IF(E13="","",IF($L13="","",INDEX('Stock Register'!$J$7:$J$506,$L13))) -> 18700 | K13: =IFERROR(SMALL('Stock Register'!$Q$7:$Q$506,2),"") -> 46297 | L13: =IF(K13="","",MATCH(K13,'Stock Register'!$Q$7:$Q$506,0)) -> 2
A14: =IF($L14="","",INDEX('Stock Register'!$B$7:$B$506,$L14)) -> 46304 | B14: =IF($L14="","",INDEX('Stock Register'!$I$7:$I$506,$L14)) -> S-205 | C14: =IF($L14="","",INDEX('Stock Register'!$H$7:$H$506,$L14)) -> Counter sales | D14: =IF($L14="","",IF(INDEX('Stock Register'!$E$7:$E$506,$L14)="In",INDEX('Stock Register'!$F$7:$F$506,$L14),"")) | E14: =IF($L14="","",IF(INDEX('Stock Register'!$E$7:$E$506,$L14)="Out",INDEX('Stock Register'!$F$7:$F$506,$L14),"")) -> 150 | F14: =IF($L14="","",INDEX('Stock Register'!$K$7:$K$506,$L14)) -> 130 | G14: =IF($L14="","",INDEX('Stock Register'!$G$7:$G$506,$L14)) -> 85 | H14: =IF(D14="","",IF($L14="","",INDEX('Stock Register'!$J$7:$J$506,$L14))) | I14: =IF(E14="","",IF($L14="","",INDEX('Stock Register'!$J$7:$J$506,$L14))) -> 12750 | K14: =IFERROR(SMALL('Stock Register'!$Q$7:$Q$506,3),"") -> 46304 | L14: =IF(K14="","",MATCH(K14,'Stock Register'!$Q$7:$Q$506,0)) -> 8
A15: =IF($L15="","",INDEX('Stock Register'!$B$7:$B$506,$L15)) -> 46310 | B15: =IF($L15="","",INDEX('Stock Register'!$I$7:$I$506,$L15)) -> P-105 | C15: =IF($L15="","",INDEX('Stock Register'!$H$7:$H$506,$L15)) -> Sharma Lighting | D15: =IF($L15="","",IF(INDEX('Stock Register'!$E$7:$E$506,$L15)="In",INDEX('Stock Register'!$F$7:$F$506,$L15),"")) -> 200 | E15: =IF($L15="","",IF(INDEX('Stock Register'!$E$7:$E$506,$L15)="Out",INDEX('Stock Register'!$F$7:$F$506,$L15),"")) | F15: =IF($L15="","",INDEX('Stock Register'!$K$7:$K$506,$L15)) -> 330 | G15: =IF($L15="","",INDEX('Stock Register'!$G$7:$G$506,$L15)) -> 60 | H15: =IF(D15="","",IF($L15="","",INDEX('Stock Register'!$J$7:$J$506,$L15))) -> 12000 | I15: =IF(E15="","",IF($L15="","",INDEX('Stock Register'!$J$7:$J$506,$L15))) | K15: =IFERROR(SMALL('Stock Register'!$Q$7:$Q$506,4),"") -> 46310 | L15: =IF(K15="","",MATCH(K15,'Stock Register'!$Q$7:$Q$506,0)) -> 12
A16: =IF($L16="","",INDEX('Stock Register'!$B$7:$B$506,$L16)) -> 46319 | B16: =IF($L16="","",INDEX('Stock Register'!$I$7:$I$506,$L16)) -> S-212 | C16: =IF($L16="","",INDEX('Stock Register'!$H$7:$H$506,$L16)) -> Counter sales | D16: =IF($L16="","",IF(INDEX('Stock Register'!$E$7:$E$506,$L16)="In",INDEX('Stock Register'!$F$7:$F$506,$L16),"")) | E16: =IF($L16="","",IF(INDEX('Stock Register'!$E$7:$E$506,$L16)="Out",INDEX('Stock Register'!$F$7:$F$506,$L16),"")) -> 180 | F16: =IF($L16="","",INDEX('Stock Register'!$K$7:$K$506,$L16)) -> 150 | G16: =IF($L16="","",INDEX('Stock Register'!$G$7:$G$506,$L16)) -> 85 | H16: =IF(D16="","",IF($L16="","",INDEX('Stock Register'!$J$7:$J$506,$L16))) | I16: =IF(E16="","",IF($L16="","",INDEX('Stock Register'!$J$7:$J$506,$L16))) -> 15300 | K16: =IFERROR(SMALL('Stock Register'!$Q$7:$Q$506,5),"") -> 46319 | L16: =IF(K16="","",MATCH(K16,'Stock Register'!$Q$7:$Q$506,0)) -> 18
A17: =IF($L17="","",INDEX('Stock Register'!$B$7:$B$506,$L17)) | B17: =IF($L17="","",INDEX('Stock Register'!$I$7:$I$506,$L17)) | C17: =IF($L17="","",INDEX('Stock Register'!$H$7:$H$506,$L17)) | D17: =IF($L17="","",IF(INDEX('Stock Register'!$E$7:$E$506,$L17)="In",INDEX('Stock Register'!$F$7:$F$506,$L17),"")) | E17: =IF($L17="","",IF(INDEX('Stock Register'!$E$7:$E$506,$L17)="Out",INDEX('Stock Register'!$F$7:$F$506,$L17),"")) | F17: =IF($L17="","",INDEX('Stock Register'!$K$7:$K$506,$L17)) | G17: =IF($L17="","",INDEX('Stock Register'!$G$7:$G$506,$L17)) | H17: =IF(D17="","",IF($L17="","",INDEX('Stock Register'!$J$7:$J$506,$L17))) | I17: =IF(E17="","",IF($L17="","",INDEX('Stock Register'!$J$7:$J$506,$L17))) | K17: =IFERROR(SMALL('Stock Register'!$Q$7:$Q$506,6),"") | L17: =IF(K17="","",MATCH(K17,'Stock Register'!$Q$7:$Q$506,0))
A18: =IF($L18="","",INDEX('Stock Register'!$B$7:$B$506,$L18)) | B18: =IF($L18="","",INDEX('Stock Register'!$I$7:$I$506,$L18)) | C18: =IF($L18="","",INDEX('Stock Register'!$H$7:$H$506,$L18)) | D18: =IF($L18="","",IF(INDEX('Stock Register'!$E$7:$E$506,$L18)="In",INDEX('Stock Register'!$F$7:$F$506,$L18),"")) | E18: =IF($L18="","",IF(INDEX('Stock Register'!$E$7:$E$506,$L18)="Out",INDEX('Stock Register'!$F$7:$F$506,$L18),"")) | F18: =IF($L18="","",INDEX('Stock Register'!$K$7:$K$506,$L18)) | G18: =IF($L18="","",INDEX('Stock Register'!$G$7:$G$506,$L18)) | H18: =IF(D18="","",IF($L18="","",INDEX('Stock Register'!$J$7:$J$506,$L18))) | I18: =IF(E18="","",IF($L18="","",INDEX('Stock Register'!$J$7:$J$506,$L18))) | K18: =IFERROR(SMALL('Stock Register'!$Q$7:$Q$506,7),"") | L18: =IF(K18="","",MATCH(K18,'Stock Register'!$Q$7:$Q$506,0))
A19: =IF($L19="","",INDEX('Stock Register'!$B$7:$B$506,$L19)) | B19: =IF($L19="","",INDEX('Stock Register'!$I$7:$I$506,$L19)) | C19: =IF($L19="","",INDEX('Stock Register'!$H$7:$H$506,$L19)) | D19: =IF($L19="","",IF(INDEX('Stock Register'!$E$7:$E$506,$L19)="In",INDEX('Stock Register'!$F$7:$F$506,$L19),"")) | E19: =IF($L19="","",IF(INDEX('Stock Register'!$E$7:$E$506,$L19)="Out",INDEX('Stock Register'!$F$7:$F$506,$L19),"")) | F19: =IF($L19="","",INDEX('Stock Register'!$K$7:$K$506,$L19)) | G19: =IF($L19="","",INDEX('Stock Register'!$G$7:$G$506,$L19)) | H19: =IF(D19="","",IF($L19="","",INDEX('Stock Register'!$J$7:$J$506,$L19))) | I19: =IF(E19="","",IF($L19="","",INDEX('Stock Register'!$J$7:$J$506,$L19))) | K19: =IFERROR(SMALL('Stock Register'!$Q$7:$Q$506,8),"") | L19: =IF(K19="","",MATCH(K19,'Stock Register'!$Q$7:$Q$506,0))
A20: =IF($L20="","",INDEX('Stock Register'!$B$7:$B$506,$L20)) | B20: =IF($L20="","",INDEX('Stock Register'!$I$7:$I$506,$L20)) | C20: =IF($L20="","",INDEX('Stock Register'!$H$7:$H$506,$L20)) | D20: =IF($L20="","",IF(INDEX('Stock Register'!$E$7:$E$506,$L20)="In",INDEX('Stock Register'!$F$7:$F$506,$L20),"")) | E20: =IF($L20="","",IF(INDEX('Stock Register'!$E$7:$E$506,$L20)="Out",INDEX('Stock Register'!$F$7:$F$506,$L20),"")) | F20: =IF($L20="","",INDEX('Stock Register'!$K$7:$K$506,$L20)) | G20: =IF($L20="","",INDEX('Stock Register'!$G$7:$G$506,$L20)) | H20: =IF(D20="","",IF($L20="","",INDEX('Stock Register'!$J$7:$J$506,$L20))) | I20: =IF(E20="","",IF($L20="","",INDEX('Stock Register'!$J$7:$J$506,$L20))) | K20: =IFERROR(SMALL('Stock Register'!$Q$7:$Q$506,9),"") | L20: =IF(K20="","",MATCH(K20,'Stock Register'!$Q$7:$Q$506,0))
A21: =IF($L21="","",INDEX('Stock Register'!$B$7:$B$506,$L21)) | B21: =IF($L21="","",INDEX('Stock Register'!$I$7:$I$506,$L21)) | C21: =IF($L21="","",INDEX('Stock Register'!$H$7:$H$506,$L21)) | D21: =IF($L21="","",IF(INDEX('Stock Register'!$E$7:$E$506,$L21)="In",INDEX('Stock Register'!$F$7:$F$506,$L21),"")) | E21: =IF($L21="","",IF(INDEX('Stock Register'!$E$7:$E$506,$L21)="Out",INDEX('Stock Register'!$F$7:$F$506,$L21),"")) | F21: =IF($L21="","",INDEX('Stock Register'!$K$7:$K$506,$L21)) | G21: =IF($L21="","",INDEX('Stock Register'!$G$7:$G$506,$L21)) | H21: =IF(D21="","",IF($L21="","",INDEX('Stock Register'!$J$7:$J$506,$L21))) | I21: =IF(E21="","",IF($L21="","",INDEX('Stock Register'!$J$7:$J$506,$L21))) | K21: =IFERROR(SMALL('Stock Register'!$Q$7:$Q$506,10),"") | L21: =IF(K21="","",MATCH(K21,'Stock Register'!$Q$7:$Q$506,0))
A22: =IF($L22="","",INDEX('Stock Register'!$B$7:$B$506,$L22)) | B22: =IF($L22="","",INDEX('Stock Register'!$I$7:$I$506,$L22)) | C22: =IF($L22="","",INDEX('Stock Register'!$H$7:$H$506,$L22)) | D22: =IF($L22="","",IF(INDEX('Stock Register'!$E$7:$E$506,$L22)="In",INDEX('Stock Register'!$F$7:$F$506,$L22),"")) | E22: =IF($L22="","",IF(INDEX('Stock Register'!$E$7:$E$506,$L22)="Out",INDEX('Stock Register'!$F$7:$F$506,$L22),"")) | F22: =IF($L22="","",INDEX('Stock Register'!$K$7:$K$506,$L22)) | G22: =IF($L22="","",INDEX('Stock Register'!$G$7:$G$506,$L22)) | H22: =IF(D22="","",IF($L22="","",INDEX('Stock Register'!$J$7:$J$506,$L22))) | I22: =IF(E22="","",IF($L22="","",INDEX('Stock Register'!$J$7:$J$506,$L22))) | K22: =IFERROR(SMALL('Stock Register'!$Q$7:$Q$506,11),"") | L22: =IF(K22="","",MATCH(K22,'Stock Register'!$Q$7:$Q$506,0))
A23: =IF($L23="","",INDEX('Stock Register'!$B$7:$B$506,$L23)) | B23: =IF($L23="","",INDEX('Stock Register'!$I$7:$I$506,$L23)) | C23: =IF($L23="","",INDEX('Stock Register'!$H$7:$H$506,$L23)) | D23: =IF($L23="","",IF(INDEX('Stock Register'!$E$7:$E$506,$L23)="In",INDEX('Stock Register'!$F$7:$F$506,$L23),"")) | E23: =IF($L23="","",IF(INDEX('Stock Register'!$E$7:$E$506,$L23)="Out",INDEX('Stock Register'!$F$7:$F$506,$L23),"")) | F23: =IF($L23="","",INDEX('Stock Register'!$K$7:$K$506,$L23)) | G23: =IF($L23="","",INDEX('Stock Register'!$G$7:$G$506,$L23)) | H23: =IF(D23="","",IF($L23="","",INDEX('Stock Register'!$J$7:$J$506,$L23))) | I23: =IF(E23="","",IF($L23="","",INDEX('Stock Register'!$J$7:$J$506,$L23))) | K23: =IFERROR(SMALL('Stock Register'!$Q$7:$Q$506,12),"") | L23: =IF(K23="","",MATCH(K23,'Stock Register'!$Q$7:$Q$506,0))
A24: =IF($L24="","",INDEX('Stock Register'!$B$7:$B$506,$L24)) | B24: =IF($L24="","",INDEX('Stock Register'!$I$7:$I$506,$L24)) | C24: =IF($L24="","",INDEX('Stock Register'!$H$7:$H$506,$L24)) | D24: =IF($L24="","",IF(INDEX('Stock Register'!$E$7:$E$506,$L24)="In",INDEX('Stock Register'!$F$7:$F$506,$L24),"")) | E24: =IF($L24="","",IF(INDEX('Stock Register'!$E$7:$E$506,$L24)="Out",INDEX('Stock Register'!$F$7:$F$506,$L24),"")) | F24: =IF($L24="","",INDEX('Stock Register'!$K$7:$K$506,$L24)) | G24: =IF($L24="","",INDEX('Stock Register'!$G$7:$G$506,$L24)) | H24: =IF(D24="","",IF($L24="","",INDEX('Stock Register'!$J$7:$J$506,$L24))) | I24: =IF(E24="","",IF($L24="","",INDEX('Stock Register'!$J$7:$J$506,$L24))) | K24: =IFERROR(SMALL('Stock Register'!$Q$7:$Q$506,13),"") | L24: =IF(K24="","",MATCH(K24,'Stock Register'!$Q$7:$Q$506,0))
A25: =IF($L25="","",INDEX('Stock Register'!$B$7:$B$506,$L25)) | B25: =IF($L25="","",INDEX('Stock Register'!$I$7:$I$506,$L25)) | C25: =IF($L25="","",INDEX('Stock Register'!$H$7:$H$506,$L25)) | D25: =IF($L25="","",IF(INDEX('Stock Register'!$E$7:$E$506,$L25)="In",INDEX('Stock Register'!$F$7:$F$506,$L25),"")) | E25: =IF($L25="","",IF(INDEX('Stock Register'!$E$7:$E$506,$L25)="Out",INDEX('Stock Register'!$F$7:$F$506,$L25),"")) | F25: =IF($L25="","",INDEX('Stock Register'!$K$7:$K$506,$L25)) | G25: =IF($L25="","",INDEX('Stock Register'!$G$7:$G$506,$L25)) | H25: =IF(D25="","",IF($L25="","",INDEX('Stock Register'!$J$7:$J$506,$L25))) | I25: =IF(E25="","",IF($L25="","",INDEX('Stock Register'!$J$7:$J$506,$L25))) | K25: =IFERROR(SMALL('Stock Register'!$Q$7:$Q$506,14),"") | L25: =IF(K25="","",MATCH(K25,'Stock Register'!$Q$7:$Q$506,0))
A26: =IF($L26="","",INDEX('Stock Register'!$B$7:$B$506,$L26)) | B26: =IF($L26="","",INDEX('Stock Register'!$I$7:$I$506,$L26)) | C26: =IF($L26="","",INDEX('Stock Register'!$H$7:$H$506,$L26)) | D26: =IF($L26="","",IF(INDEX('Stock Register'!$E$7:$E$506,$L26)="In",INDEX('Stock Register'!$F$7:$F$506,$L26),"")) | E26: =IF($L26="","",IF(INDEX('Stock Register'!$E$7:$E$506,$L26)="Out",INDEX('Stock Register'!$F$7:$F$506,$L26),"")) | F26: =IF($L26="","",INDEX('Stock Register'!$K$7:$K$506,$L26)) | G26: =IF($L26="","",INDEX('Stock Register'!$G$7:$G$506,$L26)) | H26: =IF(D26="","",IF($L26="","",INDEX('Stock Register'!$J$7:$J$506,$L26))) | I26: =IF(E26="","",IF($L26="","",INDEX('Stock Register'!$J$7:$J$506,$L26))) | K26: =IFERROR(SMALL('Stock Register'!$Q$7:$Q$506,15),"") | L26: =IF(K26="","",MATCH(K26,'Stock Register'!$Q$7:$Q$506,0))
A27: =IF($L27="","",INDEX('Stock Register'!$B$7:$B$506,$L27)) | B27: =IF($L27="","",INDEX('Stock Register'!$I$7:$I$506,$L27)) | C27: =IF($L27="","",INDEX('Stock Register'!$H$7:$H$506,$L27)) | D27: =IF($L27="","",IF(INDEX('Stock Register'!$E$7:$E$506,$L27)="In",INDEX('Stock Register'!$F$7:$F$506,$L27),"")) | E27: =IF($L27="","",IF(INDEX('Stock Register'!$E$7:$E$506,$L27)="Out",INDEX('Stock Register'!$F$7:$F$506,$L27),"")) | F27: =IF($L27="","",INDEX('Stock Register'!$K$7:$K$506,$L27)) | G27: =IF($L27="","",INDEX('Stock Register'!$G$7:$G$506,$L27)) | H27: =IF(D27="","",IF($L27="","",INDEX('Stock Register'!$J$7:$J$506,$L27))) | I27: =IF(E27="","",IF($L27="","",INDEX('Stock Register'!$J$7:$J$506,$L27))) | K27: =IFERROR(SMALL('Stock Register'!$Q$7:$Q$506,16),"") | L27: =IF(K27="","",MATCH(K27,'Stock Register'!$Q$7:$Q$506,0))
A28: =IF($L28="","",INDEX('Stock Register'!$B$7:$B$506,$L28)) | B28: =IF($L28="","",INDEX('Stock Register'!$I$7:$I$506,$L28)) | C28: =IF($L28="","",INDEX('Stock Register'!$H$7:$H$506,$L28)) | D28: =IF($L28="","",IF(INDEX('Stock Register'!$E$7:$E$506,$L28)="In",INDEX('Stock Register'!$F$7:$F$506,$L28),"")) | E28: =IF($L28="","",IF(INDEX('Stock Register'!$E$7:$E$506,$L28)="Out",INDEX('Stock Register'!$F$7:$F$506,$L28),"")) | F28: =IF($L28="","",INDEX('Stock Register'!$K$7:$K$506,$L28)) | G28: =IF($L28="","",INDEX('Stock Register'!$G$7:$G$506,$L28)) | H28: =IF(D28="","",IF($L28="","",INDEX('Stock Register'!$J$7:$J$506,$L28))) | I28: =IF(E28="","",IF($L28="","",INDEX('Stock Register'!$J$7:$J$506,$L28))) | K28: =IFERROR(SMALL('Stock Register'!$Q$7:$Q$506,17),"") | L28: =IF(K28="","",MATCH(K28,'Stock Register'!$Q$7:$Q$506,0))
A29: =IF($L29="","",INDEX('Stock Register'!$B$7:$B$506,$L29)) | B29: =IF($L29="","",INDEX('Stock Register'!$I$7:$I$506,$L29)) | C29: =IF($L29="","",INDEX('Stock Register'!$H$7:$H$506,$L29)) | D29: =IF($L29="","",IF(INDEX('Stock Register'!$E$7:$E$506,$L29)="In",INDEX('Stock Register'!$F$7:$F$506,$L29),"")) | E29: =IF($L29="","",IF(INDEX('Stock Register'!$E$7:$E$506,$L29)="Out",INDEX('Stock Register'!$F$7:$F$506,$L29),"")) | F29: =IF($L29="","",INDEX('Stock Register'!$K$7:$K$506,$L29)) | G29: =IF($L29="","",INDEX('Stock Register'!$G$7:$G$506,$L29)) | H29: =IF(D29="","",IF($L29="","",INDEX('Stock Register'!$J$7:$J$506,$L29))) | I29: =IF(E29="","",IF($L29="","",INDEX('Stock Register'!$J$7:$J$506,$L29))) | K29: =IFERROR(SMALL('Stock Register'!$Q$7:$Q$506,18),"") | L29: =IF(K29="","",MATCH(K29,'Stock Register'!$Q$7:$Q$506,0))
A30: =IF($L30="","",INDEX('Stock Register'!$B$7:$B$506,$L30)) | B30: =IF($L30="","",INDEX('Stock Register'!$I$7:$I$506,$L30)) | C30: =IF($L30="","",INDEX('Stock Register'!$H$7:$H$506,$L30)) | D30: =IF($L30="","",IF(INDEX('Stock Register'!$E$7:$E$506,$L30)="In",INDEX('Stock Register'!$F$7:$F$506,$L30),"")) | E30: =IF($L30="","",IF(INDEX('Stock Register'!$E$7:$E$506,$L30)="Out",INDEX('Stock Register'!$F$7:$F$506,$L30),"")) | F30: =IF($L30="","",INDEX('Stock Register'!$K$7:$K$506,$L30)) | G30: =IF($L30="","",INDEX('Stock Register'!$G$7:$G$506,$L30)) | H30: =IF(D30="","",IF($L30="","",INDEX('Stock Register'!$J$7:$J$506,$L30))) | I30: =IF(E30="","",IF($L30="","",INDEX('Stock Register'!$J$7:$J$506,$L30))) | K30: =IFERROR(SMALL('Stock Register'!$Q$7:$Q$506,19),"") | L30: =IF(K30="","",MATCH(K30,'Stock Register'!$Q$7:$Q$506,0))
A31: =IF($L31="","",INDEX('Stock Register'!$B$7:$B$506,$L31)) | B31: =IF($L31="","",INDEX('Stock Register'!$I$7:$I$506,$L31)) | C31: =IF($L31="","",INDEX('Stock Register'!$H$7:$H$506,$L31)) | D31: =IF($L31="","",IF(INDEX('Stock Register'!$E$7:$E$506,$L31)="In",INDEX('Stock Register'!$F$7:$F$506,$L31),"")) | E31: =IF($L31="","",IF(INDEX('Stock Register'!$E$7:$E$506,$L31)="Out",INDEX('Stock Register'!$F$7:$F$506,$L31),"")) | F31: =IF($L31="","",INDEX('Stock Register'!$K$7:$K$506,$L31)) | G31: =IF($L31="","",INDEX('Stock Register'!$G$7:$G$506,$L31)) | H31: =IF(D31="","",IF($L31="","",INDEX('Stock Register'!$J$7:$J$506,$L31))) | I31: =IF(E31="","",IF($L31="","",INDEX('Stock Register'!$J$7:$J$506,$L31))) | K31: =IFERROR(SMALL('Stock Register'!$Q$7:$Q$506,20),"") | L31: =IF(K31="","",MATCH(K31,'Stock Register'!$Q$7:$Q$506,0))
A32: =IF($L32="","",INDEX('Stock Register'!$B$7:$B$506,$L32)) | B32: =IF($L32="","",INDEX('Stock Register'!$I$7:$I$506,$L32)) | C32: =IF($L32="","",INDEX('Stock Register'!$H$7:$H$506,$L32)) | D32: =IF($L32="","",IF(INDEX('Stock Register'!$E$7:$E$506,$L32)="In",INDEX('Stock Register'!$F$7:$F$506,$L32),"")) | E32: =IF($L32="","",IF(INDEX('Stock Register'!$E$7:$E$506,$L32)="Out",INDEX('Stock Register'!$F$7:$F$506,$L32),"")) | F32: =IF($L32="","",INDEX('Stock Register'!$K$7:$K$506,$L32)) | G32: =IF($L32="","",INDEX('Stock Register'!$G$7:$G$506,$L32)) | H32: =IF(D32="","",IF($L32="","",INDEX('Stock Register'!$J$7:$J$506,$L32))) | I32: =IF(E32="","",IF($L32="","",INDEX('Stock Register'!$J$7:$J$506,$L32))) | K32: =IFERROR(SMALL('Stock Register'!$Q$7:$Q$506,21),"") | L32: =IF(K32="","",MATCH(K32,'Stock Register'!$Q$7:$Q$506,0))
A33: =IF($L33="","",INDEX('Stock Register'!$B$7:$B$506,$L33)) | B33: =IF($L33="","",INDEX('Stock Register'!$I$7:$I$506,$L33)) | C33: =IF($L33="","",INDEX('Stock Register'!$H$7:$H$506,$L33)) | D33: =IF($L33="","",IF(INDEX('Stock Register'!$E$7:$E$506,$L33)="In",INDEX('Stock Register'!$F$7:$F$506,$L33),"")) | E33: =IF($L33="","",IF(INDEX('Stock Register'!$E$7:$E$506,$L33)="Out",INDEX('Stock Register'!$F$7:$F$506,$L33),"")) | F33: =IF($L33="","",INDEX('Stock Register'!$K$7:$K$506,$L33)) | G33: =IF($L33="","",INDEX('Stock Register'!$G$7:$G$506,$L33)) | H33: =IF(D33="","",IF($L33="","",INDEX('Stock Register'!$J$7:$J$506,$L33))) | I33: =IF(E33="","",IF($L33="","",INDEX('Stock Register'!$J$7:$J$506,$L33))) | K33: =IFERROR(SMALL('Stock Register'!$Q$7:$Q$506,22),"") | L33: =IF(K33="","",MATCH(K33,'Stock Register'!$Q$7:$Q$506,0))
A34: =IF($L34="","",INDEX('Stock Register'!$B$7:$B$506,$L34)) | B34: =IF($L34="","",INDEX('Stock Register'!$I$7:$I$506,$L34)) | C34: =IF($L34="","",INDEX('Stock Register'!$H$7:$H$506,$L34)) | D34: =IF($L34="","",IF(INDEX('Stock Register'!$E$7:$E$506,$L34)="In",INDEX('Stock Register'!$F$7:$F$506,$L34),"")) | E34: =IF($L34="","",IF(INDEX('Stock Register'!$E$7:$E$506,$L34)="Out",INDEX('Stock Register'!$F$7:$F$506,$L34),"")) | F34: =IF($L34="","",INDEX('Stock Register'!$K$7:$K$506,$L34)) | G34: =IF($L34="","",INDEX('Stock Register'!$G$7:$G$506,$L34)) | H34: =IF(D34="","",IF($L34="","",INDEX('Stock Register'!$J$7:$J$506,$L34))) | I34: =IF(E34="","",IF($L34="","",INDEX('Stock Register'!$J$7:$J$506,$L34))) | K34: =IFERROR(SMALL('Stock Register'!$Q$7:$Q$506,23),"") | L34: =IF(K34="","",MATCH(K34,'Stock Register'!$Q$7:$Q$506,0))
A35: =IF($L35="","",INDEX('Stock Register'!$B$7:$B$506,$L35)) | B35: =IF($L35="","",INDEX('Stock Register'!$I$7:$I$506,$L35)) | C35: =IF($L35="","",INDEX('Stock Register'!$H$7:$H$506,$L35)) | D35: =IF($L35="","",IF(INDEX('Stock Register'!$E$7:$E$506,$L35)="In",INDEX('Stock Register'!$F$7:$F$506,$L35),"")) | E35: =IF($L35="","",IF(INDEX('Stock Register'!$E$7:$E$506,$L35)="Out",INDEX('Stock Register'!$F$7:$F$506,$L35),"")) | F35: =IF($L35="","",INDEX('Stock Register'!$K$7:$K$506,$L35)) | G35: =IF($L35="","",INDEX('Stock Register'!$G$7:$G$506,$L35)) | H35: =IF(D35="","",IF($L35="","",INDEX('Stock Register'!$J$7:$J$506,$L35))) | I35: =IF(E35="","",IF($L35="","",INDEX('Stock Register'!$J$7:$J$506,$L35))) | K35: =IFERROR(SMALL('Stock Register'!$Q$7:$Q$506,24),"") | L35: =IF(K35="","",MATCH(K35,'Stock Register'!$Q$7:$Q$506,0))
A36: =IF($L36="","",INDEX('Stock Register'!$B$7:$B$506,$L36)) | B36: =IF($L36="","",INDEX('Stock Register'!$I$7:$I$506,$L36)) | C36: =IF($L36="","",INDEX('Stock Register'!$H$7:$H$506,$L36)) | D36: =IF($L36="","",IF(INDEX('Stock Register'!$E$7:$E$506,$L36)="In",INDEX('Stock Register'!$F$7:$F$506,$L36),"")) | E36: =IF($L36="","",IF(INDEX('Stock Register'!$E$7:$E$506,$L36)="Out",INDEX('Stock Register'!$F$7:$F$506,$L36),"")) | F36: =IF($L36="","",INDEX('Stock Register'!$K$7:$K$506,$L36)) | G36: =IF($L36="","",INDEX('Stock Register'!$G$7:$G$506,$L36)) | H36: =IF(D36="","",IF($L36="","",INDEX('Stock Register'!$J$7:$J$506,$L36))) | I36: =IF(E36="","",IF($L36="","",INDEX('Stock Register'!$J$7:$J$506,$L36))) | K36: =IFERROR(SMALL('Stock Register'!$Q$7:$Q$506,25),"") | L36: =IF(K36="","",MATCH(K36,'Stock Register'!$Q$7:$Q$506,0))
A37: =IF($L37="","",INDEX('Stock Register'!$B$7:$B$506,$L37)) | B37: =IF($L37="","",INDEX('Stock Register'!$I$7:$I$506,$L37)) | C37: =IF($L37="","",INDEX('Stock Register'!$H$7:$H$506,$L37)) | D37: =IF($L37="","",IF(INDEX('Stock Register'!$E$7:$E$506,$L37)="In",INDEX('Stock Register'!$F$7:$F$506,$L37),"")) | E37: =IF($L37="","",IF(INDEX('Stock Register'!$E$7:$E$506,$L37)="Out",INDEX('Stock Register'!$F$7:$F$506,$L37),"")) | F37: =IF($L37="","",INDEX('Stock Register'!$K$7:$K$506,$L37)) | G37: =IF($L37="","",INDEX('Stock Register'!$G$7:$G$506,$L37)) | H37: =IF(D37="","",IF($L37="","",INDEX('Stock Register'!$J$7:$J$506,$L37))) | I37: =IF(E37="","",IF($L37="","",INDEX('Stock Register'!$J$7:$J$506,$L37))) | K37: =IFERROR(SMALL('Stock Register'!$Q$7:$Q$506,26),"") | L37: =IF(K37="","",MATCH(K37,'Stock Register'!$Q$7:$Q$506,0))
A38: =IF($L38="","",INDEX('Stock Register'!$B$7:$B$506,$L38)) | B38: =IF($L38="","",INDEX('Stock Register'!$I$7:$I$506,$L38)) | C38: =IF($L38="","",INDEX('Stock Register'!$H$7:$H$506,$L38)) | D38: =IF($L38="","",IF(INDEX('Stock Register'!$E$7:$E$506,$L38)="In",INDEX('Stock Register'!$F$7:$F$506,$L38),"")) | E38: =IF($L38="","",IF(INDEX('Stock Register'!$E$7:$E$506,$L38)="Out",INDEX('Stock Register'!$F$7:$F$506,$L38),"")) | F38: =IF($L38="","",INDEX('Stock Register'!$K$7:$K$506,$L38)) | G38: =IF($L38="","",INDEX('Stock Register'!$G$7:$G$506,$L38)) | H38: =IF(D38="","",IF($L38="","",INDEX('Stock Register'!$J$7:$J$506,$L38))) | I38: =IF(E38="","",IF($L38="","",INDEX('Stock Register'!$J$7:$J$506,$L38))) | K38: =IFERROR(SMALL('Stock Register'!$Q$7:$Q$506,27),"") | L38: =IF(K38="","",MATCH(K38,'Stock Register'!$Q$7:$Q$506,0))
A39: =IF($L39="","",INDEX('Stock Register'!$B$7:$B$506,$L39)) | B39: =IF($L39="","",INDEX('Stock Register'!$I$7:$I$506,$L39)) | C39: =IF($L39="","",INDEX('Stock Register'!$H$7:$H$506,$L39)) | D39: =IF($L39="","",IF(INDEX('Stock Register'!$E$7:$E$506,$L39)="In",INDEX('Stock Register'!$F$7:$F$506,$L39),"")) | E39: =IF($L39="","",IF(INDEX('Stock Register'!$E$7:$E$506,$L39)="Out",INDEX('Stock Register'!$F$7:$F$506,$L39),"")) | F39: =IF($L39="","",INDEX('Stock Register'!$K$7:$K$506,$L39)) | G39: =IF($L39="","",INDEX('Stock Register'!$G$7:$G$506,$L39)) | H39: =IF(D39="","",IF($L39="","",INDEX('Stock Register'!$J$7:$J$506,$L39))) | I39: =IF(E39="","",IF($L39="","",INDEX('Stock Register'!$J$7:$J$506,$L39))) | K39: =IFERROR(SMALL('Stock Register'!$Q$7:$Q$506,28),"") | L39: =IF(K39="","",MATCH(K39,'Stock Register'!$Q$7:$Q$506,0))
A40: =IF($L40="","",INDEX('Stock Register'!$B$7:$B$506,$L40)) | B40: =IF($L40="","",INDEX('Stock Register'!$I$7:$I$506,$L40)) | C40: =IF($L40="","",INDEX('Stock Register'!$H$7:$H$506,$L40)) | D40: =IF($L40="","",IF(INDEX('Stock Register'!$E$7:$E$506,$L40)="In",INDEX('Stock Register'!$F$7:$F$506,$L40),"")) | E40: =IF($L40="","",IF(INDEX('Stock Register'!$E$7:$E$506,$L40)="Out",INDEX('Stock Register'!$F$7:$F$506,$L40),"")) | F40: =IF($L40="","",INDEX('Stock Register'!$K$7:$K$506,$L40)) | G40: =IF($L40="","",INDEX('Stock Register'!$G$7:$G$506,$L40)) | H40: =IF(D40="","",IF($L40="","",INDEX('Stock Register'!$J$7:$J$506,$L40))) | I40: =IF(E40="","",IF($L40="","",INDEX('Stock Register'!$J$7:$J$506,$L40))) | K40: =IFERROR(SMALL('Stock Register'!$Q$7:$Q$506,29),"") | L40: =IF(K40="","",MATCH(K40,'Stock Register'!$Q$7:$Q$506,0))
A41: =IF($L41="","",INDEX('Stock Register'!$B$7:$B$506,$L41)) | B41: =IF($L41="","",INDEX('Stock Register'!$I$7:$I$506,$L41)) | C41: =IF($L41="","",INDEX('Stock Register'!$H$7:$H$506,$L41)) | D41: =IF($L41="","",IF(INDEX('Stock Register'!$E$7:$E$506,$L41)="In",INDEX('Stock Register'!$F$7:$F$506,$L41),"")) | E41: =IF($L41="","",IF(INDEX('Stock Register'!$E$7:$E$506,$L41)="Out",INDEX('Stock Register'!$F$7:$F$506,$L41),"")) | F41: =IF($L41="","",INDEX('Stock Register'!$K$7:$K$506,$L41)) | G41: =IF($L41="","",INDEX('Stock Register'!$G$7:$G$506,$L41)) | H41: =IF(D41="","",IF($L41="","",INDEX('Stock Register'!$J$7:$J$506,$L41))) | I41: =IF(E41="","",IF($L41="","",INDEX('Stock Register'!$J$7:$J$506,$L41))) | K41: =IFERROR(SMALL('Stock Register'!$Q$7:$Q$506,30),"") | L41: =IF(K41="","",MATCH(K41,'Stock Register'!$Q$7:$Q$506,0))
A42: =IF($L42="","",INDEX('Stock Register'!$B$7:$B$506,$L42)) | B42: =IF($L42="","",INDEX('Stock Register'!$I$7:$I$506,$L42)) | C42: =IF($L42="","",INDEX('Stock Register'!$H$7:$H$506,$L42)) | D42: =IF($L42="","",IF(INDEX('Stock Register'!$E$7:$E$506,$L42)="In",INDEX('Stock Register'!$F$7:$F$506,$L42),"")) | E42: =IF($L42="","",IF(INDEX('Stock Register'!$E$7:$E$506,$L42)="Out",INDEX('Stock Register'!$F$7:$F$506,$L42),"")) | F42: =IF($L42="","",INDEX('Stock Register'!$K$7:$K$506,$L42)) | G42: =IF($L42="","",INDEX('Stock Register'!$G$7:$G$506,$L42)) | H42: =IF(D42="","",IF($L42="","",INDEX('Stock Register'!$J$7:$J$506,$L42))) | I42: =IF(E42="","",IF($L42="","",INDEX('Stock Register'!$J$7:$J$506,$L42))) | K42: =IFERROR(SMALL('Stock Register'!$Q$7:$Q$506,31),"") | L42: =IF(K42="","",MATCH(K42,'Stock Register'!$Q$7:$Q$506,0))
A43: =IF($L43="","",INDEX('Stock Register'!$B$7:$B$506,$L43)) | B43: =IF($L43="","",INDEX('Stock Register'!$I$7:$I$506,$L43)) | C43: =IF($L43="","",INDEX('Stock Register'!$H$7:$H$506,$L43)) | D43: =IF($L43="","",IF(INDEX('Stock Register'!$E$7:$E$506,$L43)="In",INDEX('Stock Register'!$F$7:$F$506,$L43),"")) | E43: =IF($L43="","",IF(INDEX('Stock Register'!$E$7:$E$506,$L43)="Out",INDEX('Stock Register'!$F$7:$F$506,$L43),"")) | F43: =IF($L43="","",INDEX('Stock Register'!$K$7:$K$506,$L43)) | G43: =IF($L43="","",INDEX('Stock Register'!$G$7:$G$506,$L43)) | H43: =IF(D43="","",IF($L43="","",INDEX('Stock Register'!$J$7:$J$506,$L43))) | I43: =IF(E43="","",IF($L43="","",INDEX('Stock Register'!$J$7:$J$506,$L43))) | K43: =IFERROR(SMALL('Stock Register'!$Q$7:$Q$506,32),"") | L43: =IF(K43="","",MATCH(K43,'Stock Register'!$Q$7:$Q$506,0))
A44: =IF($L44="","",INDEX('Stock Register'!$B$7:$B$506,$L44)) | B44: =IF($L44="","",INDEX('Stock Register'!$I$7:$I$506,$L44)) | C44: =IF($L44="","",INDEX('Stock Register'!$H$7:$H$506,$L44)) | D44: =IF($L44="","",IF(INDEX('Stock Register'!$E$7:$E$506,$L44)="In",INDEX('Stock Register'!$F$7:$F$506,$L44),"")) | E44: =IF($L44="","",IF(INDEX('Stock Register'!$E$7:$E$506,$L44)="Out",INDEX('Stock Register'!$F$7:$F$506,$L44),"")) | F44: =IF($L44="","",INDEX('Stock Register'!$K$7:$K$506,$L44)) | G44: =IF($L44="","",INDEX('Stock Register'!$G$7:$G$506,$L44)) | H44: =IF(D44="","",IF($L44="","",INDEX('Stock Register'!$J$7:$J$506,$L44))) | I44: =IF(E44="","",IF($L44="","",INDEX('Stock Register'!$J$7:$J$506,$L44))) | K44: =IFERROR(SMALL('Stock Register'!$Q$7:$Q$506,33),"") | L44: =IF(K44="","",MATCH(K44,'Stock Register'!$Q$7:$Q$506,0))
A45: =IF($L45="","",INDEX('Stock Register'!$B$7:$B$506,$L45)) | B45: =IF($L45="","",INDEX('Stock Register'!$I$7:$I$506,$L45)) | C45: =IF($L45="","",INDEX('Stock Register'!$H$7:$H$506,$L45)) | D45: =IF($L45="","",IF(INDEX('Stock Register'!$E$7:$E$506,$L45)="In",INDEX('Stock Register'!$F$7:$F$506,$L45),"")) | E45: =IF($L45="","",IF(INDEX('Stock Register'!$E$7:$E$506,$L45)="Out",INDEX('Stock Register'!$F$7:$F$506,$L45),"")) | F45: =IF($L45="","",INDEX('Stock Register'!$K$7:$K$506,$L45)) | G45: =IF($L45="","",INDEX('Stock Register'!$G$7:$G$506,$L45)) | H45: =IF(D45="","",IF($L45="","",INDEX('Stock Register'!$J$7:$J$506,$L45))) | I45: =IF(E45="","",IF($L45="","",INDEX('Stock Register'!$J$7:$J$506,$L45))) | K45: =IFERROR(SMALL('Stock Register'!$Q$7:$Q$506,34),"") | L45: =IF(K45="","",MATCH(K45,'Stock Register'!$Q$7:$Q$506,0))
A46: =IF($L46="","",INDEX('Stock Register'!$B$7:$B$506,$L46)) | B46: =IF($L46="","",INDEX('Stock Register'!$I$7:$I$506,$L46)) | C46: =IF($L46="","",INDEX('Stock Register'!$H$7:$H$506,$L46)) | D46: =IF($L46="","",IF(INDEX('Stock Register'!$E$7:$E$506,$L46)="In",INDEX('Stock Register'!$F$7:$F$506,$L46),"")) | E46: =IF($L46="","",IF(INDEX('Stock Register'!$E$7:$E$506,$L46)="Out",INDEX('Stock Register'!$F$7:$F$506,$L46),"")) | F46: =IF($L46="","",INDEX('Stock Register'!$K$7:$K$506,$L46)) | G46: =IF($L46="","",INDEX('Stock Register'!$G$7:$G$506,$L46)) | H46: =IF(D46="","",IF($L46="","",INDEX('Stock Register'!$J$7:$J$506,$L46))) | I46: =IF(E46="","",IF($L46="","",INDEX('Stock Register'!$J$7:$J$506,$L46))) | K46: =IFERROR(SMALL('Stock Register'!$Q$7:$Q$506,35),"") | L46: =IF(K46="","",MATCH(K46,'Stock Register'!$Q$7:$Q$506,0))
A47: =IF($L47="","",INDEX('Stock Register'!$B$7:$B$506,$L47)) | B47: =IF($L47="","",INDEX('Stock Register'!$I$7:$I$506,$L47)) | C47: =IF($L47="","",INDEX('Stock Register'!$H$7:$H$506,$L47)) | D47: =IF($L47="","",IF(INDEX('Stock Register'!$E$7:$E$506,$L47)="In",INDEX('Stock Register'!$F$7:$F$506,$L47),"")) | E47: =IF($L47="","",IF(INDEX('Stock Register'!$E$7:$E$506,$L47)="Out",INDEX('Stock Register'!$F$7:$F$506,$L47),"")) | F47: =IF($L47="","",INDEX('Stock Register'!$K$7:$K$506,$L47)) | G47: =IF($L47="","",INDEX('Stock Register'!$G$7:$G$506,$L47)) | H47: =IF(D47="","",IF($L47="","",INDEX('Stock Register'!$J$7:$J$506,$L47))) | I47: =IF(E47="","",IF($L47="","",INDEX('Stock Register'!$J$7:$J$506,$L47))) | K47: =IFERROR(SMALL('Stock Register'!$Q$7:$Q$506,36),"") | L47: =IF(K47="","",MATCH(K47,'Stock Register'!$Q$7:$Q$506,0))
A48: =IF($L48="","",INDEX('Stock Register'!$B$7:$B$506,$L48)) | B48: =IF($L48="","",INDEX('Stock Register'!$I$7:$I$506,$L48)) | C48: =IF($L48="","",INDEX('Stock Register'!$H$7:$H$506,$L48)) | D48: =IF($L48="","",IF(INDEX('Stock Register'!$E$7:$E$506,$L48)="In",INDEX('Stock Register'!$F$7:$F$506,$L48),"")) | E48: =IF($L48="","",IF(INDEX('Stock Register'!$E$7:$E$506,$L48)="Out",INDEX('Stock Register'!$F$7:$F$506,$L48),"")) | F48: =IF($L48="","",INDEX('Stock Register'!$K$7:$K$506,$L48)) | G48: =IF($L48="","",INDEX('Stock Register'!$G$7:$G$506,$L48)) | H48: =IF(D48="","",IF($L48="","",INDEX('Stock Register'!$J$7:$J$506,$L48))) | I48: =IF(E48="","",IF($L48="","",INDEX('Stock Register'!$J$7:$J$506,$L48))) | K48: =IFERROR(SMALL('Stock Register'!$Q$7:$Q$506,37),"") | L48: =IF(K48="","",MATCH(K48,'Stock Register'!$Q$7:$Q$506,0))
A49: =IF($L49="","",INDEX('Stock Register'!$B$7:$B$506,$L49)) | B49: =IF($L49="","",INDEX('Stock Register'!$I$7:$I$506,$L49)) | C49: =IF($L49="","",INDEX('Stock Register'!$H$7:$H$506,$L49)) | D49: =IF($L49="","",IF(INDEX('Stock Register'!$E$7:$E$506,$L49)="In",INDEX('Stock Register'!$F$7:$F$506,$L49),"")) | E49: =IF($L49="","",IF(INDEX('Stock Register'!$E$7:$E$506,$L49)="Out",INDEX('Stock Register'!$F$7:$F$506,$L49),"")) | F49: =IF($L49="","",INDEX('Stock Register'!$K$7:$K$506,$L49)) | G49: =IF($L49="","",INDEX('Stock Register'!$G$7:$G$506,$L49)) | H49: =IF(D49="","",IF($L49="","",INDEX('Stock Register'!$J$7:$J$506,$L49))) | I49: =IF(E49="","",IF($L49="","",INDEX('Stock Register'!$J$7:$J$506,$L49))) | K49: =IFERROR(SMALL('Stock Register'!$Q$7:$Q$506,38),"") | L49: =IF(K49="","",MATCH(K49,'Stock Register'!$Q$7:$Q$506,0))
A50: =IF($L50="","",INDEX('Stock Register'!$B$7:$B$506,$L50)) | B50: =IF($L50="","",INDEX('Stock Register'!$I$7:$I$506,$L50)) | C50: =IF($L50="","",INDEX('Stock Register'!$H$7:$H$506,$L50)) | D50: =IF($L50="","",IF(INDEX('Stock Register'!$E$7:$E$506,$L50)="In",INDEX('Stock Register'!$F$7:$F$506,$L50),"")) | E50: =IF($L50="","",IF(INDEX('Stock Register'!$E$7:$E$506,$L50)="Out",INDEX('Stock Register'!$F$7:$F$506,$L50),"")) | F50: =IF($L50="","",INDEX('Stock Register'!$K$7:$K$506,$L50)) | G50: =IF($L50="","",INDEX('Stock Register'!$G$7:$G$506,$L50)) | H50: =IF(D50="","",IF($L50="","",INDEX('Stock Register'!$J$7:$J$506,$L50))) | I50: =IF(E50="","",IF($L50="","",INDEX('Stock Register'!$J$7:$J$506,$L50))) | K50: =IFERROR(SMALL('Stock Register'!$Q$7:$Q$506,39),"") | L50: =IF(K50="","",MATCH(K50,'Stock Register'!$Q$7:$Q$506,0))
A51: =IF($L51="","",INDEX('Stock Register'!$B$7:$B$506,$L51)) | B51: =IF($L51="","",INDEX('Stock Register'!$I$7:$I$506,$L51)) | C51: =IF($L51="","",INDEX('Stock Register'!$H$7:$H$506,$L51)) | D51: =IF($L51="","",IF(INDEX('Stock Register'!$E$7:$E$506,$L51)="In",INDEX('Stock Register'!$F$7:$F$506,$L51),"")) | E51: =IF($L51="","",IF(INDEX('Stock Register'!$E$7:$E$506,$L51)="Out",INDEX('Stock Register'!$F$7:$F$506,$L51),"")) | F51: =IF($L51="","",INDEX('Stock Register'!$K$7:$K$506,$L51)) | G51: =IF($L51="","",INDEX('Stock Register'!$G$7:$G$506,$L51)) | H51: =IF(D51="","",IF($L51="","",INDEX('Stock Register'!$J$7:$J$506,$L51))) | I51: =IF(E51="","",IF($L51="","",INDEX('Stock Register'!$J$7:$J$506,$L51))) | K51: =IFERROR(SMALL('Stock Register'!$Q$7:$Q$506,40),"") | L51: =IF(K51="","",MATCH(K51,'Stock Register'!$Q$7:$Q$506,0))
A52: =IF($L52="","",INDEX('Stock Register'!$B$7:$B$506,$L52)) | B52: =IF($L52="","",INDEX('Stock Register'!$I$7:$I$506,$L52)) | C52: =IF($L52="","",INDEX('Stock Register'!$H$7:$H$506,$L52)) | D52: =IF($L52="","",IF(INDEX('Stock Register'!$E$7:$E$506,$L52)="In",INDEX('Stock Register'!$F$7:$F$506,$L52),"")) | E52: =IF($L52="","",IF(INDEX('Stock Register'!$E$7:$E$506,$L52)="Out",INDEX('Stock Register'!$F$7:$F$506,$L52),"")) | F52: =IF($L52="","",INDEX('Stock Register'!$K$7:$K$506,$L52)) | G52: =IF($L52="","",INDEX('Stock Register'!$G$7:$G$506,$L52)) | H52: =IF(D52="","",IF($L52="","",INDEX('Stock Register'!$J$7:$J$506,$L52))) | I52: =IF(E52="","",IF($L52="","",INDEX('Stock Register'!$J$7:$J$506,$L52))) | K52: =IFERROR(SMALL('Stock Register'!$Q$7:$Q$506,41),"") | L52: =IF(K52="","",MATCH(K52,'Stock Register'!$Q$7:$Q$506,0))
A53: =IF($L53="","",INDEX('Stock Register'!$B$7:$B$506,$L53)) | B53: =IF($L53="","",INDEX('Stock Register'!$I$7:$I$506,$L53)) | C53: =IF($L53="","",INDEX('Stock Register'!$H$7:$H$506,$L53)) | D53: =IF($L53="","",IF(INDEX('Stock Register'!$E$7:$E$506,$L53)="In",INDEX('Stock Register'!$F$7:$F$506,$L53),"")) | E53: =IF($L53="","",IF(INDEX('Stock Register'!$E$7:$E$506,$L53)="Out",INDEX('Stock Register'!$F$7:$F$506,$L53),"")) | F53: =IF($L53="","",INDEX('Stock Register'!$K$7:$K$506,$L53)) | G53: =IF($L53="","",INDEX('Stock Register'!$G$7:$G$506,$L53)) | H53: =IF(D53="","",IF($L53="","",INDEX('Stock Register'!$J$7:$J$506,$L53))) | I53: =IF(E53="","",IF($L53="","",INDEX('Stock Register'!$J$7:$J$506,$L53))) | K53: =IFERROR(SMALL('Stock Register'!$Q$7:$Q$506,42),"") | L53: =IF(K53="","",MATCH(K53,'Stock Register'!$Q$7:$Q$506,0))
A54: =IF($L54="","",INDEX('Stock Register'!$B$7:$B$506,$L54)) | B54: =IF($L54="","",INDEX('Stock Register'!$I$7:$I$506,$L54)) | C54: =IF($L54="","",INDEX('Stock Register'!$H$7:$H$506,$L54)) | D54: =IF($L54="","",IF(INDEX('Stock Register'!$E$7:$E$506,$L54)="In",INDEX('Stock Register'!$F$7:$F$506,$L54),"")) | E54: =IF($L54="","",IF(INDEX('Stock Register'!$E$7:$E$506,$L54)="Out",INDEX('Stock Register'!$F$7:$F$506,$L54),"")) | F54: =IF($L54="","",INDEX('Stock Register'!$K$7:$K$506,$L54)) | G54: =IF($L54="","",INDEX('Stock Register'!$G$7:$G$506,$L54)) | H54: =IF(D54="","",IF($L54="","",INDEX('Stock Register'!$J$7:$J$506,$L54))) | I54: =IF(E54="","",IF($L54="","",INDEX('Stock Register'!$J$7:$J$506,$L54))) | K54: =IFERROR(SMALL('Stock Register'!$Q$7:$Q$506,43),"") | L54: =IF(K54="","",MATCH(K54,'Stock Register'!$Q$7:$Q$506,0))
A55: =IF($L55="","",INDEX('Stock Register'!$B$7:$B$506,$L55)) | B55: =IF($L55="","",INDEX('Stock Register'!$I$7:$I$506,$L55)) | C55: =IF($L55="","",INDEX('Stock Register'!$H$7:$H$506,$L55)) | D55: =IF($L55="","",IF(INDEX('Stock Register'!$E$7:$E$506,$L55)="In",INDEX('Stock Register'!$F$7:$F$506,$L55),"")) | E55: =IF($L55="","",IF(INDEX('Stock Register'!$E$7:$E$506,$L55)="Out",INDEX('Stock Register'!$F$7:$F$506,$L55),"")) | F55: =IF($L55="","",INDEX('Stock Register'!$K$7:$K$506,$L55)) | G55: =IF($L55="","",INDEX('Stock Register'!$G$7:$G$506,$L55)) | H55: =IF(D55="","",IF($L55="","",INDEX('Stock Register'!$J$7:$J$506,$L55))) | I55: =IF(E55="","",IF($L55="","",INDEX('Stock Register'!$J$7:$J$506,$L55))) | K55: =IFERROR(SMALL('Stock Register'!$Q$7:$Q$506,44),"") | L55: =IF(K55="","",MATCH(K55,'Stock Register'!$Q$7:$Q$506,0))
A56: =IF($L56="","",INDEX('Stock Register'!$B$7:$B$506,$L56)) | B56: =IF($L56="","",INDEX('Stock Register'!$I$7:$I$506,$L56)) | C56: =IF($L56="","",INDEX('Stock Register'!$H$7:$H$506,$L56)) | D56: =IF($L56="","",IF(INDEX('Stock Register'!$E$7:$E$506,$L56)="In",INDEX('Stock Register'!$F$7:$F$506,$L56),"")) | E56: =IF($L56="","",IF(INDEX('Stock Register'!$E$7:$E$506,$L56)="Out",INDEX('Stock Register'!$F$7:$F$506,$L56),"")) | F56: =IF($L56="","",INDEX('Stock Register'!$K$7:$K$506,$L56)) | G56: =IF($L56="","",INDEX('Stock Register'!$G$7:$G$506,$L56)) | H56: =IF(D56="","",IF($L56="","",INDEX('Stock Register'!$J$7:$J$506,$L56))) | I56: =IF(E56="","",IF($L56="","",INDEX('Stock Register'!$J$7:$J$506,$L56))) | K56: =IFERROR(SMALL('Stock Register'!$Q$7:$Q$506,45),"") | L56: =IF(K56="","",MATCH(K56,'Stock Register'!$Q$7:$Q$506,0))
A57: =IF($L57="","",INDEX('Stock Register'!$B$7:$B$506,$L57)) | B57: =IF($L57="","",INDEX('Stock Register'!$I$7:$I$506,$L57)) | C57: =IF($L57="","",INDEX('Stock Register'!$H$7:$H$506,$L57)) | D57: =IF($L57="","",IF(INDEX('Stock Register'!$E$7:$E$506,$L57)="In",INDEX('Stock Register'!$F$7:$F$506,$L57),"")) | E57: =IF($L57="","",IF(INDEX('Stock Register'!$E$7:$E$506,$L57)="Out",INDEX('Stock Register'!$F$7:$F$506,$L57),"")) | F57: =IF($L57="","",INDEX('Stock Register'!$K$7:$K$506,$L57)) | G57: =IF($L57="","",INDEX('Stock Register'!$G$7:$G$506,$L57)) | H57: =IF(D57="","",IF($L57="","",INDEX('Stock Register'!$J$7:$J$506,$L57))) | I57: =IF(E57="","",IF($L57="","",INDEX('Stock Register'!$J$7:$J$506,$L57))) | K57: =IFERROR(SMALL('Stock Register'!$Q$7:$Q$506,46),"") | L57: =IF(K57="","",MATCH(K57,'Stock Register'!$Q$7:$Q$506,0))
A58: =IF($L58="","",INDEX('Stock Register'!$B$7:$B$506,$L58)) | B58: =IF($L58="","",INDEX('Stock Register'!$I$7:$I$506,$L58)) | C58: =IF($L58="","",INDEX('Stock Register'!$H$7:$H$506,$L58)) | D58: =IF($L58="","",IF(INDEX('Stock Register'!$E$7:$E$506,$L58)="In",INDEX('Stock Register'!$F$7:$F$506,$L58),"")) | E58: =IF($L58="","",IF(INDEX('Stock Register'!$E$7:$E$506,$L58)="Out",INDEX('Stock Register'!$F$7:$F$506,$L58),"")) | F58: =IF($L58="","",INDEX('Stock Register'!$K$7:$K$506,$L58)) | G58: =IF($L58="","",INDEX('Stock Register'!$G$7:$G$506,$L58)) | H58: =IF(D58="","",IF($L58="","",INDEX('Stock Register'!$J$7:$J$506,$L58))) | I58: =IF(E58="","",IF($L58="","",INDEX('Stock Register'!$J$7:$J$506,$L58))) | K58: =IFERROR(SMALL('Stock Register'!$Q$7:$Q$506,47),"") | L58: =IF(K58="","",MATCH(K58,'Stock Register'!$Q$7:$Q$506,0))
A59: =IF($L59="","",INDEX('Stock Register'!$B$7:$B$506,$L59)) | B59: =IF($L59="","",INDEX('Stock Register'!$I$7:$I$506,$L59)) | C59: =IF($L59="","",INDEX('Stock Register'!$H$7:$H$506,$L59)) | D59: =IF($L59="","",IF(INDEX('Stock Register'!$E$7:$E$506,$L59)="In",INDEX('Stock Register'!$F$7:$F$506,$L59),"")) | E59: =IF($L59="","",IF(INDEX('Stock Register'!$E$7:$E$506,$L59)="Out",INDEX('Stock Register'!$F$7:$F$506,$L59),"")) | F59: =IF($L59="","",INDEX('Stock Register'!$K$7:$K$506,$L59)) | G59: =IF($L59="","",INDEX('Stock Register'!$G$7:$G$506,$L59)) | H59: =IF(D59="","",IF($L59="","",INDEX('Stock Register'!$J$7:$J$506,$L59))) | I59: =IF(E59="","",IF($L59="","",INDEX('Stock Register'!$J$7:$J$506,$L59))) | K59: =IFERROR(SMALL('Stock Register'!$Q$7:$Q$506,48),"") | L59: =IF(K59="","",MATCH(K59,'Stock Register'!$Q$7:$Q$506,0))
A60: =IF($L60="","",INDEX('Stock Register'!$B$7:$B$506,$L60)) | B60: =IF($L60="","",INDEX('Stock Register'!$I$7:$I$506,$L60)) | C60: =IF($L60="","",INDEX('Stock Register'!$H$7:$H$506,$L60)) | D60: =IF($L60="","",IF(INDEX('Stock Register'!$E$7:$E$506,$L60)="In",INDEX('Stock Register'!$F$7:$F$506,$L60),"")) | E60: =IF($L60="","",IF(INDEX('Stock Register'!$E$7:$E$506,$L60)="Out",INDEX('Stock Register'!$F$7:$F$506,$L60),"")) | F60: =IF($L60="","",INDEX('Stock Register'!$K$7:$K$506,$L60)) | G60: =IF($L60="","",INDEX('Stock Register'!$G$7:$G$506,$L60)) | H60: =IF(D60="","",IF($L60="","",INDEX('Stock Register'!$J$7:$J$506,$L60))) | I60: =IF(E60="","",IF($L60="","",INDEX('Stock Register'!$J$7:$J$506,$L60))) | K60: =IFERROR(SMALL('Stock Register'!$Q$7:$Q$506,49),"") | L60: =IF(K60="","",MATCH(K60,'Stock Register'!$Q$7:$Q$506,0))
A61: =IF($L61="","",INDEX('Stock Register'!$B$7:$B$506,$L61)) | B61: =IF($L61="","",INDEX('Stock Register'!$I$7:$I$506,$L61)) | C61: =IF($L61="","",INDEX('Stock Register'!$H$7:$H$506,$L61)) | D61: =IF($L61="","",IF(INDEX('Stock Register'!$E$7:$E$506,$L61)="In",INDEX('Stock Register'!$F$7:$F$506,$L61),"")) | E61: =IF($L61="","",IF(INDEX('Stock Register'!$E$7:$E$506,$L61)="Out",INDEX('Stock Register'!$F$7:$F$506,$L61),"")) | F61: =IF($L61="","",INDEX('Stock Register'!$K$7:$K$506,$L61)) | G61: =IF($L61="","",INDEX('Stock Register'!$G$7:$G$506,$L61)) | H61: =IF(D61="","",IF($L61="","",INDEX('Stock Register'!$J$7:$J$506,$L61))) | I61: =IF(E61="","",IF($L61="","",INDEX('Stock Register'!$J$7:$J$506,$L61))) | K61: =IFERROR(SMALL('Stock Register'!$Q$7:$Q$506,50),"") | L61: =IF(K61="","",MATCH(K61,'Stock Register'!$Q$7:$Q$506,0))
A62: =IF($L62="","",INDEX('Stock Register'!$B$7:$B$506,$L62)) | B62: =IF($L62="","",INDEX('Stock Register'!$I$7:$I$506,$L62)) | C62: =IF($L62="","",INDEX('Stock Register'!$H$7:$H$506,$L62)) | D62: =IF($L62="","",IF(INDEX('Stock Register'!$E$7:$E$506,$L62)="In",INDEX('Stock Register'!$F$7:$F$506,$L62),"")) | E62: =IF($L62="","",IF(INDEX('Stock Register'!$E$7:$E$506,$L62)="Out",INDEX('Stock Register'!$F$7:$F$506,$L62),"")) | F62: =IF($L62="","",INDEX('Stock Register'!$K$7:$K$506,$L62)) | G62: =IF($L62="","",INDEX('Stock Register'!$G$7:$G$506,$L62)) | H62: =IF(D62="","",IF($L62="","",INDEX('Stock Register'!$J$7:$J$506,$L62))) | I62: =IF(E62="","",IF($L62="","",INDEX('Stock Register'!$J$7:$J$506,$L62))) | K62: =IFERROR(SMALL('Stock Register'!$Q$7:$Q$506,51),"") | L62: =IF(K62="","",MATCH(K62,'Stock Register'!$Q$7:$Q$506,0))
A63: =IF($L63="","",INDEX('Stock Register'!$B$7:$B$506,$L63)) | B63: =IF($L63="","",INDEX('Stock Register'!$I$7:$I$506,$L63)) | C63: =IF($L63="","",INDEX('Stock Register'!$H$7:$H$506,$L63)) | D63: =IF($L63="","",IF(INDEX('Stock Register'!$E$7:$E$506,$L63)="In",INDEX('Stock Register'!$F$7:$F$506,$L63),"")) | E63: =IF($L63="","",IF(INDEX('Stock Register'!$E$7:$E$506,$L63)="Out",INDEX('Stock Register'!$F$7:$F$506,$L63),"")) | F63: =IF($L63="","",INDEX('Stock Register'!$K$7:$K$506,$L63)) | G63: =IF($L63="","",INDEX('Stock Register'!$G$7:$G$506,$L63)) | H63: =IF(D63="","",IF($L63="","",INDEX('Stock Register'!$J$7:$J$506,$L63))) | I63: =IF(E63="","",IF($L63="","",INDEX('Stock Register'!$J$7:$J$506,$L63))) | K63: =IFERROR(SMALL('Stock Register'!$Q$7:$Q$506,52),"") | L63: =IF(K63="","",MATCH(K63,'Stock Register'!$Q$7:$Q$506,0))
A64: =IF($L64="","",INDEX('Stock Register'!$B$7:$B$506,$L64)) | B64: =IF($L64="","",INDEX('Stock Register'!$I$7:$I$506,$L64)) | C64: =IF($L64="","",INDEX('Stock Register'!$H$7:$H$506,$L64)) | D64: =IF($L64="","",IF(INDEX('Stock Register'!$E$7:$E$506,$L64)="In",INDEX('Stock Register'!$F$7:$F$506,$L64),"")) | E64: =IF($L64="","",IF(INDEX('Stock Register'!$E$7:$E$506,$L64)="Out",INDEX('Stock Register'!$F$7:$F$506,$L64),"")) | F64: =IF($L64="","",INDEX('Stock Register'!$K$7:$K$506,$L64)) | G64: =IF($L64="","",INDEX('Stock Register'!$G$7:$G$506,$L64)) | H64: =IF(D64="","",IF($L64="","",INDEX('Stock Register'!$J$7:$J$506,$L64))) | I64: =IF(E64="","",IF($L64="","",INDEX('Stock Register'!$J$7:$J$506,$L64))) | K64: =IFERROR(SMALL('Stock Register'!$Q$7:$Q$506,53),"") | L64: =IF(K64="","",MATCH(K64,'Stock Register'!$Q$7:$Q$506,0))
A65: =IF($L65="","",INDEX('Stock Register'!$B$7:$B$506,$L65)) | B65: =IF($L65="","",INDEX('Stock Register'!$I$7:$I$506,$L65)) | C65: =IF($L65="","",INDEX('Stock Register'!$H$7:$H$506,$L65)) | D65: =IF($L65="","",IF(INDEX('Stock Register'!$E$7:$E$506,$L65)="In",INDEX('Stock Register'!$F$7:$F$506,$L65),"")) | E65: =IF($L65="","",IF(INDEX('Stock Register'!$E$7:$E$506,$L65)="Out",INDEX('Stock Register'!$F$7:$F$506,$L65),"")) | F65: =IF($L65="","",INDEX('Stock Register'!$K$7:$K$506,$L65)) | G65: =IF($L65="","",INDEX('Stock Register'!$G$7:$G$506,$L65)) | H65: =IF(D65="","",IF($L65="","",INDEX('Stock Register'!$J$7:$J$506,$L65))) | I65: =IF(E65="","",IF($L65="","",INDEX('Stock Register'!$J$7:$J$506,$L65))) | K65: =IFERROR(SMALL('Stock Register'!$Q$7:$Q$506,54),"") | L65: =IF(K65="","",MATCH(K65,'Stock Register'!$Q$7:$Q$506,0))
A66: =IF($L66="","",INDEX('Stock Register'!$B$7:$B$506,$L66)) | B66: =IF($L66="","",INDEX('Stock Register'!$I$7:$I$506,$L66)) | C66: =IF($L66="","",INDEX('Stock Register'!$H$7:$H$506,$L66)) | D66: =IF($L66="","",IF(INDEX('Stock Register'!$E$7:$E$506,$L66)="In",INDEX('Stock Register'!$F$7:$F$506,$L66),"")) | E66: =IF($L66="","",IF(INDEX('Stock Register'!$E$7:$E$506,$L66)="Out",INDEX('Stock Register'!$F$7:$F$506,$L66),"")) | F66: =IF($L66="","",INDEX('Stock Register'!$K$7:$K$506,$L66)) | G66: =IF($L66="","",INDEX('Stock Register'!$G$7:$G$506,$L66)) | H66: =IF(D66="","",IF($L66="","",INDEX('Stock Register'!$J$7:$J$506,$L66))) | I66: =IF(E66="","",IF($L66="","",INDEX('Stock Register'!$J$7:$J$506,$L66))) | K66: =IFERROR(SMALL('Stock Register'!$Q$7:$Q$506,55),"") | L66: =IF(K66="","",MATCH(K66,'Stock Register'!$Q$7:$Q$506,0))
A67: =IF($L67="","",INDEX('Stock Register'!$B$7:$B$506,$L67)) | B67: =IF($L67="","",INDEX('Stock Register'!$I$7:$I$506,$L67)) | C67: =IF($L67="","",INDEX('Stock Register'!$H$7:$H$506,$L67)) | D67: =IF($L67="","",IF(INDEX('Stock Register'!$E$7:$E$506,$L67)="In",INDEX('Stock Register'!$F$7:$F$506,$L67),"")) | E67: =IF($L67="","",IF(INDEX('Stock Register'!$E$7:$E$506,$L67)="Out",INDEX('Stock Register'!$F$7:$F$506,$L67),"")) | F67: =IF($L67="","",INDEX('Stock Register'!$K$7:$K$506,$L67)) | G67: =IF($L67="","",INDEX('Stock Register'!$G$7:$G$506,$L67)) | H67: =IF(D67="","",IF($L67="","",INDEX('Stock Register'!$J$7:$J$506,$L67))) | I67: =IF(E67="","",IF($L67="","",INDEX('Stock Register'!$J$7:$J$506,$L67))) | K67: =IFERROR(SMALL('Stock Register'!$Q$7:$Q$506,56),"") | L67: =IF(K67="","",MATCH(K67,'Stock Register'!$Q$7:$Q$506,0))
A68: =IF($L68="","",INDEX('Stock Register'!$B$7:$B$506,$L68)) | B68: =IF($L68="","",INDEX('Stock Register'!$I$7:$I$506,$L68)) | C68: =IF($L68="","",INDEX('Stock Register'!$H$7:$H$506,$L68)) | D68: =IF($L68="","",IF(INDEX('Stock Register'!$E$7:$E$506,$L68)="In",INDEX('Stock Register'!$F$7:$F$506,$L68),"")) | E68: =IF($L68="","",IF(INDEX('Stock Register'!$E$7:$E$506,$L68)="Out",INDEX('Stock Register'!$F$7:$F$506,$L68),"")) | F68: =IF($L68="","",INDEX('Stock Register'!$K$7:$K$506,$L68)) | G68: =IF($L68="","",INDEX('Stock Register'!$G$7:$G$506,$L68)) | H68: =IF(D68="","",IF($L68="","",INDEX('Stock Register'!$J$7:$J$506,$L68))) | I68: =IF(E68="","",IF($L68="","",INDEX('Stock Register'!$J$7:$J$506,$L68))) | K68: =IFERROR(SMALL('Stock Register'!$Q$7:$Q$506,57),"") | L68: =IF(K68="","",MATCH(K68,'Stock Register'!$Q$7:$Q$506,0))
A69: =IF($L69="","",INDEX('Stock Register'!$B$7:$B$506,$L69)) | B69: =IF($L69="","",INDEX('Stock Register'!$I$7:$I$506,$L69)) | C69: =IF($L69="","",INDEX('Stock Register'!$H$7:$H$506,$L69)) | D69: =IF($L69="","",IF(INDEX('Stock Register'!$E$7:$E$506,$L69)="In",INDEX('Stock Register'!$F$7:$F$506,$L69),"")) | E69: =IF($L69="","",IF(INDEX('Stock Register'!$E$7:$E$506,$L69)="Out",INDEX('Stock Register'!$F$7:$F$506,$L69),"")) | F69: =IF($L69="","",INDEX('Stock Register'!$K$7:$K$506,$L69)) | G69: =IF($L69="","",INDEX('Stock Register'!$G$7:$G$506,$L69)) | H69: =IF(D69="","",IF($L69="","",INDEX('Stock Register'!$J$7:$J$506,$L69))) | I69: =IF(E69="","",IF($L69="","",INDEX('Stock Register'!$J$7:$J$506,$L69))) | K69: =IFERROR(SMALL('Stock Register'!$Q$7:$Q$506,58),"") | L69: =IF(K69="","",MATCH(K69,'Stock Register'!$Q$7:$Q$506,0))
A70: =IF($L70="","",INDEX('Stock Register'!$B$7:$B$506,$L70)) | B70: =IF($L70="","",INDEX('Stock Register'!$I$7:$I$506,$L70)) | C70: =IF($L70="","",INDEX('Stock Register'!$H$7:$H$506,$L70)) | D70: =IF($L70="","",IF(INDEX('Stock Register'!$E$7:$E$506,$L70)="In",INDEX('Stock Register'!$F$7:$F$506,$L70),"")) | E70: =IF($L70="","",IF(INDEX('Stock Register'!$E$7:$E$506,$L70)="Out",INDEX('Stock Register'!$F$7:$F$506,$L70),"")) | F70: =IF($L70="","",INDEX('Stock Register'!$K$7:$K$506,$L70)) | G70: =IF($L70="","",INDEX('Stock Register'!$G$7:$G$506,$L70)) | H70: =IF(D70="","",IF($L70="","",INDEX('Stock Register'!$J$7:$J$506,$L70))) | I70: =IF(E70="","",IF($L70="","",INDEX('Stock Register'!$J$7:$J$506,$L70))) | K70: =IFERROR(SMALL('Stock Register'!$Q$7:$Q$506,59),"") | L70: =IF(K70="","",MATCH(K70,'Stock Register'!$Q$7:$Q$506,0))
A71: =IF($L71="","",INDEX('Stock Register'!$B$7:$B$506,$L71)) | B71: =IF($L71="","",INDEX('Stock Register'!$I$7:$I$506,$L71)) | C71: =IF($L71="","",INDEX('Stock Register'!$H$7:$H$506,$L71)) | D71: =IF($L71="","",IF(INDEX('Stock Register'!$E$7:$E$506,$L71)="In",INDEX('Stock Register'!$F$7:$F$506,$L71),"")) | E71: =IF($L71="","",IF(INDEX('Stock Register'!$E$7:$E$506,$L71)="Out",INDEX('Stock Register'!$F$7:$F$506,$L71),"")) | F71: =IF($L71="","",INDEX('Stock Register'!$K$7:$K$506,$L71)) | G71: =IF($L71="","",INDEX('Stock Register'!$G$7:$G$506,$L71)) | H71: =IF(D71="","",IF($L71="","",INDEX('Stock Register'!$J$7:$J$506,$L71))) | I71: =IF(E71="","",IF($L71="","",INDEX('Stock Register'!$J$7:$J$506,$L71))) | K71: =IFERROR(SMALL('Stock Register'!$Q$7:$Q$506,60),"") | L71: =IF(K71="","",MATCH(K71,'Stock Register'!$Q$7:$Q$506,0))
A72: =IF($L72="","",INDEX('Stock Register'!$B$7:$B$506,$L72)) | B72: =IF($L72="","",INDEX('Stock Register'!$I$7:$I$506,$L72)) | C72: =IF($L72="","",INDEX('Stock Register'!$H$7:$H$506,$L72)) | D72: =IF($L72="","",IF(INDEX('Stock Register'!$E$7:$E$506,$L72)="In",INDEX('Stock Register'!$F$7:$F$506,$L72),"")) | E72: =IF($L72="","",IF(INDEX('Stock Register'!$E$7:$E$506,$L72)="Out",INDEX('Stock Register'!$F$7:$F$506,$L72),"")) | F72: =IF($L72="","",INDEX('Stock Register'!$K$7:$K$506,$L72)) | G72: =IF($L72="","",INDEX('Stock Register'!$G$7:$G$506,$L72)) | H72: =IF(D72="","",IF($L72="","",INDEX('Stock Register'!$J$7:$J$506,$L72))) | I72: =IF(E72="","",IF($L72="","",INDEX('Stock Register'!$J$7:$J$506,$L72))) | K72: =IFERROR(SMALL('Stock Register'!$Q$7:$Q$506,61),"") | L72: =IF(K72="","",MATCH(K72,'Stock Register'!$Q$7:$Q$506,0))
A73: =IF($L73="","",INDEX('Stock Register'!$B$7:$B$506,$L73)) | B73: =IF($L73="","",INDEX('Stock Register'!$I$7:$I$506,$L73)) | C73: =IF($L73="","",INDEX('Stock Register'!$H$7:$H$506,$L73)) | D73: =IF($L73="","",IF(INDEX('Stock Register'!$E$7:$E$506,$L73)="In",INDEX('Stock Register'!$F$7:$F$506,$L73),"")) | E73: =IF($L73="","",IF(INDEX('Stock Register'!$E$7:$E$506,$L73)="Out",INDEX('Stock Register'!$F$7:$F$506,$L73),"")) | F73: =IF($L73="","",INDEX('Stock Register'!$K$7:$K$506,$L73)) | G73: =IF($L73="","",INDEX('Stock Register'!$G$7:$G$506,$L73)) | H73: =IF(D73="","",IF($L73="","",INDEX('Stock Register'!$J$7:$J$506,$L73))) | I73: =IF(E73="","",IF($L73="","",INDEX('Stock Register'!$J$7:$J$506,$L73))) | K73: =IFERROR(SMALL('Stock Register'!$Q$7:$Q$506,62),"") | L73: =IF(K73="","",MATCH(K73,'Stock Register'!$Q$7:$Q$506,0))
A74: =IF($L74="","",INDEX('Stock Register'!$B$7:$B$506,$L74)) | B74: =IF($L74="","",INDEX('Stock Register'!$I$7:$I$506,$L74)) | C74: =IF($L74="","",INDEX('Stock Register'!$H$7:$H$506,$L74)) | D74: =IF($L74="","",IF(INDEX('Stock Register'!$E$7:$E$506,$L74)="In",INDEX('Stock Register'!$F$7:$F$506,$L74),"")) | E74: =IF($L74="","",IF(INDEX('Stock Register'!$E$7:$E$506,$L74)="Out",INDEX('Stock Register'!$F$7:$F$506,$L74),"")) | F74: =IF($L74="","",INDEX('Stock Register'!$K$7:$K$506,$L74)) | G74: =IF($L74="","",INDEX('Stock Register'!$G$7:$G$506,$L74)) | H74: =IF(D74="","",IF($L74="","",INDEX('Stock Register'!$J$7:$J$506,$L74))) | I74: =IF(E74="","",IF($L74="","",INDEX('Stock Register'!$J$7:$J$506,$L74))) | K74: =IFERROR(SMALL('Stock Register'!$Q$7:$Q$506,63),"") | L74: =IF(K74="","",MATCH(K74,'Stock Register'!$Q$7:$Q$506,0))
A75: =IF($L75="","",INDEX('Stock Register'!$B$7:$B$506,$L75)) | B75: =IF($L75="","",INDEX('Stock Register'!$I$7:$I$506,$L75)) | C75: =IF($L75="","",INDEX('Stock Register'!$H$7:$H$506,$L75)) | D75: =IF($L75="","",IF(INDEX('Stock Register'!$E$7:$E$506,$L75)="In",INDEX('Stock Register'!$F$7:$F$506,$L75),"")) | E75: =IF($L75="","",IF(INDEX('Stock Register'!$E$7:$E$506,$L75)="Out",INDEX('Stock Register'!$F$7:$F$506,$L75),"")) | F75: =IF($L75="","",INDEX('Stock Register'!$K$7:$K$506,$L75)) | G75: =IF($L75="","",INDEX('Stock Register'!$G$7:$G$506,$L75)) | H75: =IF(D75="","",IF($L75="","",INDEX('Stock Register'!$J$7:$J$506,$L75))) | I75: =IF(E75="","",IF($L75="","",INDEX('Stock Register'!$J$7:$J$506,$L75))) | K75: =IFERROR(SMALL('Stock Register'!$Q$7:$Q$506,64),"") | L75: =IF(K75="","",MATCH(K75,'Stock Register'!$Q$7:$Q$506,0))
A76: =IF($L76="","",INDEX('Stock Register'!$B$7:$B$506,$L76)) | B76: =IF($L76="","",INDEX('Stock Register'!$I$7:$I$506,$L76)) | C76: =IF($L76="","",INDEX('Stock Register'!$H$7:$H$506,$L76)) | D76: =IF($L76="","",IF(INDEX('Stock Register'!$E$7:$E$506,$L76)="In",INDEX('Stock Register'!$F$7:$F$506,$L76),"")) | E76: =IF($L76="","",IF(INDEX('Stock Register'!$E$7:$E$506,$L76)="Out",INDEX('Stock Register'!$F$7:$F$506,$L76),"")) | F76: =IF($L76="","",INDEX('Stock Register'!$K$7:$K$506,$L76)) | G76: =IF($L76="","",INDEX('Stock Register'!$G$7:$G$506,$L76)) | H76: =IF(D76="","",IF($L76="","",INDEX('Stock Register'!$J$7:$J$506,$L76))) | I76: =IF(E76="","",IF($L76="","",INDEX('Stock Register'!$J$7:$J$506,$L76))) | K76: =IFERROR(SMALL('Stock Register'!$Q$7:$Q$506,65),"") | L76: =IF(K76="","",MATCH(K76,'Stock Register'!$Q$7:$Q$506,0))
A77: =IF($L77="","",INDEX('Stock Register'!$B$7:$B$506,$L77)) | B77: =IF($L77="","",INDEX('Stock Register'!$I$7:$I$506,$L77)) | C77: =IF($L77="","",INDEX('Stock Register'!$H$7:$H$506,$L77)) | D77: =IF($L77="","",IF(INDEX('Stock Register'!$E$7:$E$506,$L77)="In",INDEX('Stock Register'!$F$7:$F$506,$L77),"")) | E77: =IF($L77="","",IF(INDEX('Stock Register'!$E$7:$E$506,$L77)="Out",INDEX('Stock Register'!$F$7:$F$506,$L77),"")) | F77: =IF($L77="","",INDEX('Stock Register'!$K$7:$K$506,$L77)) | G77: =IF($L77="","",INDEX('Stock Register'!$G$7:$G$506,$L77)) | H77: =IF(D77="","",IF($L77="","",INDEX('Stock Register'!$J$7:$J$506,$L77))) | I77: =IF(E77="","",IF($L77="","",INDEX('Stock Register'!$J$7:$J$506,$L77))) | K77: =IFERROR(SMALL('Stock Register'!$Q$7:$Q$506,66),"") | L77: =IF(K77="","",MATCH(K77,'Stock Register'!$Q$7:$Q$506,0))
A78: =IF($L78="","",INDEX('Stock Register'!$B$7:$B$506,$L78)) | B78: =IF($L78="","",INDEX('Stock Register'!$I$7:$I$506,$L78)) | C78: =IF($L78="","",INDEX('Stock Register'!$H$7:$H$506,$L78)) | D78: =IF($L78="","",IF(INDEX('Stock Register'!$E$7:$E$506,$L78)="In",INDEX('Stock Register'!$F$7:$F$506,$L78),"")) | E78: =IF($L78="","",IF(INDEX('Stock Register'!$E$7:$E$506,$L78)="Out",INDEX('Stock Register'!$F$7:$F$506,$L78),"")) | F78: =IF($L78="","",INDEX('Stock Register'!$K$7:$K$506,$L78)) | G78: =IF($L78="","",INDEX('Stock Register'!$G$7:$G$506,$L78)) | H78: =IF(D78="","",IF($L78="","",INDEX('Stock Register'!$J$7:$J$506,$L78))) | I78: =IF(E78="","",IF($L78="","",INDEX('Stock Register'!$J$7:$J$506,$L78))) | K78: =IFERROR(SMALL('Stock Register'!$Q$7:$Q$506,67),"") | L78: =IF(K78="","",MATCH(K78,'Stock Register'!$Q$7:$Q$506,0))
A79: =IF($L79="","",INDEX('Stock Register'!$B$7:$B$506,$L79)) | B79: =IF($L79="","",INDEX('Stock Register'!$I$7:$I$506,$L79)) | C79: =IF($L79="","",INDEX('Stock Register'!$H$7:$H$506,$L79)) | D79: =IF($L79="","",IF(INDEX('Stock Register'!$E$7:$E$506,$L79)="In",INDEX('Stock Register'!$F$7:$F$506,$L79),"")) | E79: =IF($L79="","",IF(INDEX('Stock Register'!$E$7:$E$506,$L79)="Out",INDEX('Stock Register'!$F$7:$F$506,$L79),"")) | F79: =IF($L79="","",INDEX('Stock Register'!$K$7:$K$506,$L79)) | G79: =IF($L79="","",INDEX('Stock Register'!$G$7:$G$506,$L79)) | H79: =IF(D79="","",IF($L79="","",INDEX('Stock Register'!$J$7:$J$506,$L79))) | I79: =IF(E79="","",IF($L79="","",INDEX('Stock Register'!$J$7:$J$506,$L79))) | K79: =IFERROR(SMALL('Stock Register'!$Q$7:$Q$506,68),"") | L79: =IF(K79="","",MATCH(K79,'Stock Register'!$Q$7:$Q$506,0))
A80: =IF($L80="","",INDEX('Stock Register'!$B$7:$B$506,$L80)) | B80: =IF($L80="","",INDEX('Stock Register'!$I$7:$I$506,$L80)) | C80: =IF($L80="","",INDEX('Stock Register'!$H$7:$H$506,$L80)) | D80: =IF($L80="","",IF(INDEX('Stock Register'!$E$7:$E$506,$L80)="In",INDEX('Stock Register'!$F$7:$F$506,$L80),"")) | E80: =IF($L80="","",IF(INDEX('Stock Register'!$E$7:$E$506,$L80)="Out",INDEX('Stock Register'!$F$7:$F$506,$L80),"")) | F80: =IF($L80="","",INDEX('Stock Register'!$K$7:$K$506,$L80)) | G80: =IF($L80="","",INDEX('Stock Register'!$G$7:$G$506,$L80)) | H80: =IF(D80="","",IF($L80="","",INDEX('Stock Register'!$J$7:$J$506,$L80))) | I80: =IF(E80="","",IF($L80="","",INDEX('Stock Register'!$J$7:$J$506,$L80))) | K80: =IFERROR(SMALL('Stock Register'!$Q$7:$Q$506,69),"") | L80: =IF(K80="","",MATCH(K80,'Stock Register'!$Q$7:$Q$506,0))
A81: =IF($L81="","",INDEX('Stock Register'!$B$7:$B$506,$L81)) | B81: =IF($L81="","",INDEX('Stock Register'!$I$7:$I$506,$L81)) | C81: =IF($L81="","",INDEX('Stock Register'!$H$7:$H$506,$L81)) | D81: =IF($L81="","",IF(INDEX('Stock Register'!$E$7:$E$506,$L81)="In",INDEX('Stock Register'!$F$7:$F$506,$L81),"")) | E81: =IF($L81="","",IF(INDEX('Stock Register'!$E$7:$E$506,$L81)="Out",INDEX('Stock Register'!$F$7:$F$506,$L81),"")) | F81: =IF($L81="","",INDEX('Stock Register'!$K$7:$K$506,$L81)) | G81: =IF($L81="","",INDEX('Stock Register'!$G$7:$G$506,$L81)) | H81: =IF(D81="","",IF($L81="","",INDEX('Stock Register'!$J$7:$J$506,$L81))) | I81: =IF(E81="","",IF($L81="","",INDEX('Stock Register'!$J$7:$J$506,$L81))) | K81: =IFERROR(SMALL('Stock Register'!$Q$7:$Q$506,70),"") | L81: =IF(K81="","",MATCH(K81,'Stock Register'!$Q$7:$Q$506,0))
A82: =IF($L82="","",INDEX('Stock Register'!$B$7:$B$506,$L82)) | B82: =IF($L82="","",INDEX('Stock Register'!$I$7:$I$506,$L82)) | C82: =IF($L82="","",INDEX('Stock Register'!$H$7:$H$506,$L82)) | D82: =IF($L82="","",IF(INDEX('Stock Register'!$E$7:$E$506,$L82)="In",INDEX('Stock Register'!$F$7:$F$506,$L82),"")) | E82: =IF($L82="","",IF(INDEX('Stock Register'!$E$7:$E$506,$L82)="Out",INDEX('Stock Register'!$F$7:$F$506,$L82),"")) | F82: =IF($L82="","",INDEX('Stock Register'!$K$7:$K$506,$L82)) | G82: =IF($L82="","",INDEX('Stock Register'!$G$7:$G$506,$L82)) | H82: =IF(D82="","",IF($L82="","",INDEX('Stock Register'!$J$7:$J$506,$L82))) | I82: =IF(E82="","",IF($L82="","",INDEX('Stock Register'!$J$7:$J$506,$L82))) | K82: =IFERROR(SMALL('Stock Register'!$Q$7:$Q$506,71),"") | L82: =IF(K82="","",MATCH(K82,'Stock Register'!$Q$7:$Q$506,0))
A83: =IF($L83="","",INDEX('Stock Register'!$B$7:$B$506,$L83)) | B83: =IF($L83="","",INDEX('Stock Register'!$I$7:$I$506,$L83)) | C83: =IF($L83="","",INDEX('Stock Register'!$H$7:$H$506,$L83)) | D83: =IF($L83="","",IF(INDEX('Stock Register'!$E$7:$E$506,$L83)="In",INDEX('Stock Register'!$F$7:$F$506,$L83),"")) | E83: =IF($L83="","",IF(INDEX('Stock Register'!$E$7:$E$506,$L83)="Out",INDEX('Stock Register'!$F$7:$F$506,$L83),"")) | F83: =IF($L83="","",INDEX('Stock Register'!$K$7:$K$506,$L83)) | G83: =IF($L83="","",INDEX('Stock Register'!$G$7:$G$506,$L83)) | H83: =IF(D83="","",IF($L83="","",INDEX('Stock Register'!$J$7:$J$506,$L83))) | I83: =IF(E83="","",IF($L83="","",INDEX('Stock Register'!$J$7:$J$506,$L83))) | K83: =IFERROR(SMALL('Stock Register'!$Q$7:$Q$506,72),"") | L83: =IF(K83="","",MATCH(K83,'Stock Register'!$Q$7:$Q$506,0))
A84: =IF($L84="","",INDEX('Stock Register'!$B$7:$B$506,$L84)) | B84: =IF($L84="","",INDEX('Stock Register'!$I$7:$I$506,$L84)) | C84: =IF($L84="","",INDEX('Stock Register'!$H$7:$H$506,$L84)) | D84: =IF($L84="","",IF(INDEX('Stock Register'!$E$7:$E$506,$L84)="In",INDEX('Stock Register'!$F$7:$F$506,$L84),"")) | E84: =IF($L84="","",IF(INDEX('Stock Register'!$E$7:$E$506,$L84)="Out",INDEX('Stock Register'!$F$7:$F$506,$L84),"")) | F84: =IF($L84="","",INDEX('Stock Register'!$K$7:$K$506,$L84)) | G84: =IF($L84="","",INDEX('Stock Register'!$G$7:$G$506,$L84)) | H84: =IF(D84="","",IF($L84="","",INDEX('Stock Register'!$J$7:$J$506,$L84))) | I84: =IF(E84="","",IF($L84="","",INDEX('Stock Register'!$J$7:$J$506,$L84))) | K84: =IFERROR(SMALL('Stock Register'!$Q$7:$Q$506,73),"") | L84: =IF(K84="","",MATCH(K84,'Stock Register'!$Q$7:$Q$506,0))
A85: =IF($L85="","",INDEX('Stock Register'!$B$7:$B$506,$L85)) | B85: =IF($L85="","",INDEX('Stock Register'!$I$7:$I$506,$L85)) | C85: =IF($L85="","",INDEX('Stock Register'!$H$7:$H$506,$L85)) | D85: =IF($L85="","",IF(INDEX('Stock Register'!$E$7:$E$506,$L85)="In",INDEX('Stock Register'!$F$7:$F$506,$L85),"")) | E85: =IF($L85="","",IF(INDEX('Stock Register'!$E$7:$E$506,$L85)="Out",INDEX('Stock Register'!$F$7:$F$506,$L85),"")) | F85: =IF($L85="","",INDEX('Stock Register'!$K$7:$K$506,$L85)) | G85: =IF($L85="","",INDEX('Stock Register'!$G$7:$G$506,$L85)) | H85: =IF(D85="","",IF($L85="","",INDEX('Stock Register'!$J$7:$J$506,$L85))) | I85: =IF(E85="","",IF($L85="","",INDEX('Stock Register'!$J$7:$J$506,$L85))) | K85: =IFERROR(SMALL('Stock Register'!$Q$7:$Q$506,74),"") | L85: =IF(K85="","",MATCH(K85,'Stock Register'!$Q$7:$Q$506,0))
A86: =IF($L86="","",INDEX('Stock Register'!$B$7:$B$506,$L86)) | B86: =IF($L86="","",INDEX('Stock Register'!$I$7:$I$506,$L86)) | C86: =IF($L86="","",INDEX('Stock Register'!$H$7:$H$506,$L86)) | D86: =IF($L86="","",IF(INDEX('Stock Register'!$E$7:$E$506,$L86)="In",INDEX('Stock Register'!$F$7:$F$506,$L86),"")) | E86: =IF($L86="","",IF(INDEX('Stock Register'!$E$7:$E$506,$L86)="Out",INDEX('Stock Register'!$F$7:$F$506,$L86),"")) | F86: =IF($L86="","",INDEX('Stock Register'!$K$7:$K$506,$L86)) | G86: =IF($L86="","",INDEX('Stock Register'!$G$7:$G$506,$L86)) | H86: =IF(D86="","",IF($L86="","",INDEX('Stock Register'!$J$7:$J$506,$L86))) | I86: =IF(E86="","",IF($L86="","",INDEX('Stock Register'!$J$7:$J$506,$L86))) | K86: =IFERROR(SMALL('Stock Register'!$Q$7:$Q$506,75),"") | L86: =IF(K86="","",MATCH(K86,'Stock Register'!$Q$7:$Q$506,0))
A87: =IF($L87="","",INDEX('Stock Register'!$B$7:$B$506,$L87)) | B87: =IF($L87="","",INDEX('Stock Register'!$I$7:$I$506,$L87)) | C87: =IF($L87="","",INDEX('Stock Register'!$H$7:$H$506,$L87)) | D87: =IF($L87="","",IF(INDEX('Stock Register'!$E$7:$E$506,$L87)="In",INDEX('Stock Register'!$F$7:$F$506,$L87),"")) | E87: =IF($L87="","",IF(INDEX('Stock Register'!$E$7:$E$506,$L87)="Out",INDEX('Stock Register'!$F$7:$F$506,$L87),"")) | F87: =IF($L87="","",INDEX('Stock Register'!$K$7:$K$506,$L87)) | G87: =IF($L87="","",INDEX('Stock Register'!$G$7:$G$506,$L87)) | H87: =IF(D87="","",IF($L87="","",INDEX('Stock Register'!$J$7:$J$506,$L87))) | I87: =IF(E87="","",IF($L87="","",INDEX('Stock Register'!$J$7:$J$506,$L87))) | K87: =IFERROR(SMALL('Stock Register'!$Q$7:$Q$506,76),"") | L87: =IF(K87="","",MATCH(K87,'Stock Register'!$Q$7:$Q$506,0))
A88: =IF($L88="","",INDEX('Stock Register'!$B$7:$B$506,$L88)) | B88: =IF($L88="","",INDEX('Stock Register'!$I$7:$I$506,$L88)) | C88: =IF($L88="","",INDEX('Stock Register'!$H$7:$H$506,$L88)) | D88: =IF($L88="","",IF(INDEX('Stock Register'!$E$7:$E$506,$L88)="In",INDEX('Stock Register'!$F$7:$F$506,$L88),"")) | E88: =IF($L88="","",IF(INDEX('Stock Register'!$E$7:$E$506,$L88)="Out",INDEX('Stock Register'!$F$7:$F$506,$L88),"")) | F88: =IF($L88="","",INDEX('Stock Register'!$K$7:$K$506,$L88)) | G88: =IF($L88="","",INDEX('Stock Register'!$G$7:$G$506,$L88)) | H88: =IF(D88="","",IF($L88="","",INDEX('Stock Register'!$J$7:$J$506,$L88))) | I88: =IF(E88="","",IF($L88="","",INDEX('Stock Register'!$J$7:$J$506,$L88))) | K88: =IFERROR(SMALL('Stock Register'!$Q$7:$Q$506,77),"") | L88: =IF(K88="","",MATCH(K88,'Stock Register'!$Q$7:$Q$506,0))
A89: =IF($L89="","",INDEX('Stock Register'!$B$7:$B$506,$L89)) | B89: =IF($L89="","",INDEX('Stock Register'!$I$7:$I$506,$L89)) | C89: =IF($L89="","",INDEX('Stock Register'!$H$7:$H$506,$L89)) | D89: =IF($L89="","",IF(INDEX('Stock Register'!$E$7:$E$506,$L89)="In",INDEX('Stock Register'!$F$7:$F$506,$L89),"")) | E89: =IF($L89="","",IF(INDEX('Stock Register'!$E$7:$E$506,$L89)="Out",INDEX('Stock Register'!$F$7:$F$506,$L89),"")) | F89: =IF($L89="","",INDEX('Stock Register'!$K$7:$K$506,$L89)) | G89: =IF($L89="","",INDEX('Stock Register'!$G$7:$G$506,$L89)) | H89: =IF(D89="","",IF($L89="","",INDEX('Stock Register'!$J$7:$J$506,$L89))) | I89: =IF(E89="","",IF($L89="","",INDEX('Stock Register'!$J$7:$J$506,$L89))) | K89: =IFERROR(SMALL('Stock Register'!$Q$7:$Q$506,78),"") | L89: =IF(K89="","",MATCH(K89,'Stock Register'!$Q$7:$Q$506,0))
A90: =IF($L90="","",INDEX('Stock Register'!$B$7:$B$506,$L90)) | B90: =IF($L90="","",INDEX('Stock Register'!$I$7:$I$506,$L90)) | C90: =IF($L90="","",INDEX('Stock Register'!$H$7:$H$506,$L90)) | D90: =IF($L90="","",IF(INDEX('Stock Register'!$E$7:$E$506,$L90)="In",INDEX('Stock Register'!$F$7:$F$506,$L90),"")) | E90: =IF($L90="","",IF(INDEX('Stock Register'!$E$7:$E$506,$L90)="Out",INDEX('Stock Register'!$F$7:$F$506,$L90),"")) | F90: =IF($L90="","",INDEX('Stock Register'!$K$7:$K$506,$L90)) | G90: =IF($L90="","",INDEX('Stock Register'!$G$7:$G$506,$L90)) | H90: =IF(D90="","",IF($L90="","",INDEX('Stock Register'!$J$7:$J$506,$L90))) | I90: =IF(E90="","",IF($L90="","",INDEX('Stock Register'!$J$7:$J$506,$L90))) | K90: =IFERROR(SMALL('Stock Register'!$Q$7:$Q$506,79),"") | L90: =IF(K90="","",MATCH(K90,'Stock Register'!$Q$7:$Q$506,0))
A91: =IF($L91="","",INDEX('Stock Register'!$B$7:$B$506,$L91)) | B91: =IF($L91="","",INDEX('Stock Register'!$I$7:$I$506,$L91)) | C91: =IF($L91="","",INDEX('Stock Register'!$H$7:$H$506,$L91)) | D91: =IF($L91="","",IF(INDEX('Stock Register'!$E$7:$E$506,$L91)="In",INDEX('Stock Register'!$F$7:$F$506,$L91),"")) | E91: =IF($L91="","",IF(INDEX('Stock Register'!$E$7:$E$506,$L91)="Out",INDEX('Stock Register'!$F$7:$F$506,$L91),"")) | F91: =IF($L91="","",INDEX('Stock Register'!$K$7:$K$506,$L91)) | G91: =IF($L91="","",INDEX('Stock Register'!$G$7:$G$506,$L91)) | H91: =IF(D91="","",IF($L91="","",INDEX('Stock Register'!$J$7:$J$506,$L91))) | I91: =IF(E91="","",IF($L91="","",INDEX('Stock Register'!$J$7:$J$506,$L91))) | K91: =IFERROR(SMALL('Stock Register'!$Q$7:$Q$506,80),"") | L91: =IF(K91="","",MATCH(K91,'Stock Register'!$Q$7:$Q$506,0))
A92: =IF($L92="","",INDEX('Stock Register'!$B$7:$B$506,$L92)) | B92: =IF($L92="","",INDEX('Stock Register'!$I$7:$I$506,$L92)) | C92: =IF($L92="","",INDEX('Stock Register'!$H$7:$H$506,$L92)) | D92: =IF($L92="","",IF(INDEX('Stock Register'!$E$7:$E$506,$L92)="In",INDEX('Stock Register'!$F$7:$F$506,$L92),"")) | E92: =IF($L92="","",IF(INDEX('Stock Register'!$E$7:$E$506,$L92)="Out",INDEX('Stock Register'!$F$7:$F$506,$L92),"")) | F92: =IF($L92="","",INDEX('Stock Register'!$K$7:$K$506,$L92)) | G92: =IF($L92="","",INDEX('Stock Register'!$G$7:$G$506,$L92)) | H92: =IF(D92="","",IF($L92="","",INDEX('Stock Register'!$J$7:$J$506,$L92))) | I92: =IF(E92="","",IF($L92="","",INDEX('Stock Register'!$J$7:$J$506,$L92))) | K92: =IFERROR(SMALL('Stock Register'!$Q$7:$Q$506,81),"") | L92: =IF(K92="","",MATCH(K92,'Stock Register'!$Q$7:$Q$506,0))
A93: =IF($L93="","",INDEX('Stock Register'!$B$7:$B$506,$L93)) | B93: =IF($L93="","",INDEX('Stock Register'!$I$7:$I$506,$L93)) | C93: =IF($L93="","",INDEX('Stock Register'!$H$7:$H$506,$L93)) | D93: =IF($L93="","",IF(INDEX('Stock Register'!$E$7:$E$506,$L93)="In",INDEX('Stock Register'!$F$7:$F$506,$L93),"")) | E93: =IF($L93="","",IF(INDEX('Stock Register'!$E$7:$E$506,$L93)="Out",INDEX('Stock Register'!$F$7:$F$506,$L93),"")) | F93: =IF($L93="","",INDEX('Stock Register'!$K$7:$K$506,$L93)) | G93: =IF($L93="","",INDEX('Stock Register'!$G$7:$G$506,$L93)) | H93: =IF(D93="","",IF($L93="","",INDEX('Stock Register'!$J$7:$J$506,$L93))) | I93: =IF(E93="","",IF($L93="","",INDEX('Stock Register'!$J$7:$J$506,$L93))) | K93: =IFERROR(SMALL('Stock Register'!$Q$7:$Q$506,82),"") | L93: =IF(K93="","",MATCH(K93,'Stock Register'!$Q$7:$Q$506,0))
A94: =IF($L94="","",INDEX('Stock Register'!$B$7:$B$506,$L94)) | B94: =IF($L94="","",INDEX('Stock Register'!$I$7:$I$506,$L94)) | C94: =IF($L94="","",INDEX('Stock Register'!$H$7:$H$506,$L94)) | D94: =IF($L94="","",IF(INDEX('Stock Register'!$E$7:$E$506,$L94)="In",INDEX('Stock Register'!$F$7:$F$506,$L94),"")) | E94: =IF($L94="","",IF(INDEX('Stock Register'!$E$7:$E$506,$L94)="Out",INDEX('Stock Register'!$F$7:$F$506,$L94),"")) | F94: =IF($L94="","",INDEX('Stock Register'!$K$7:$K$506,$L94)) | G94: =IF($L94="","",INDEX('Stock Register'!$G$7:$G$506,$L94)) | H94: =IF(D94="","",IF($L94="","",INDEX('Stock Register'!$J$7:$J$506,$L94))) | I94: =IF(E94="","",IF($L94="","",INDEX('Stock Register'!$J$7:$J$506,$L94))) | K94: =IFERROR(SMALL('Stock Register'!$Q$7:$Q$506,83),"") | L94: =IF(K94="","",MATCH(K94,'Stock Register'!$Q$7:$Q$506,0))
A95: =IF($L95="","",INDEX('Stock Register'!$B$7:$B$506,$L95)) | B95: =IF($L95="","",INDEX('Stock Register'!$I$7:$I$506,$L95)) | C95: =IF($L95="","",INDEX('Stock Register'!$H$7:$H$506,$L95)) | D95: =IF($L95="","",IF(INDEX('Stock Register'!$E$7:$E$506,$L95)="In",INDEX('Stock Register'!$F$7:$F$506,$L95),"")) | E95: =IF($L95="","",IF(INDEX('Stock Register'!$E$7:$E$506,$L95)="Out",INDEX('Stock Register'!$F$7:$F$506,$L95),"")) | F95: =IF($L95="","",INDEX('Stock Register'!$K$7:$K$506,$L95)) | G95: =IF($L95="","",INDEX('Stock Register'!$G$7:$G$506,$L95)) | H95: =IF(D95="","",IF($L95="","",INDEX('Stock Register'!$J$7:$J$506,$L95))) | I95: =IF(E95="","",IF($L95="","",INDEX('Stock Register'!$J$7:$J$506,$L95))) | K95: =IFERROR(SMALL('Stock Register'!$Q$7:$Q$506,84),"") | L95: =IF(K95="","",MATCH(K95,'Stock Register'!$Q$7:$Q$506,0))
A96: =IF($L96="","",INDEX('Stock Register'!$B$7:$B$506,$L96)) | B96: =IF($L96="","",INDEX('Stock Register'!$I$7:$I$506,$L96)) | C96: =IF($L96="","",INDEX('Stock Register'!$H$7:$H$506,$L96)) | D96: =IF($L96="","",IF(INDEX('Stock Register'!$E$7:$E$506,$L96)="In",INDEX('Stock Register'!$F$7:$F$506,$L96),"")) | E96: =IF($L96="","",IF(INDEX('Stock Register'!$E$7:$E$506,$L96)="Out",INDEX('Stock Register'!$F$7:$F$506,$L96),"")) | F96: =IF($L96="","",INDEX('Stock Register'!$K$7:$K$506,$L96)) | G96: =IF($L96="","",INDEX('Stock Register'!$G$7:$G$506,$L96)) | H96: =IF(D96="","",IF($L96="","",INDEX('Stock Register'!$J$7:$J$506,$L96))) | I96: =IF(E96="","",IF($L96="","",INDEX('Stock Register'!$J$7:$J$506,$L96))) | K96: =IFERROR(SMALL('Stock Register'!$Q$7:$Q$506,85),"") | L96: =IF(K96="","",MATCH(K96,'Stock Register'!$Q$7:$Q$506,0))
A97: =IF($L97="","",INDEX('Stock Register'!$B$7:$B$506,$L97)) | B97: =IF($L97="","",INDEX('Stock Register'!$I$7:$I$506,$L97)) | C97: =IF($L97="","",INDEX('Stock Register'!$H$7:$H$506,$L97)) | D97: =IF($L97="","",IF(INDEX('Stock Register'!$E$7:$E$506,$L97)="In",INDEX('Stock Register'!$F$7:$F$506,$L97),"")) | E97: =IF($L97="","",IF(INDEX('Stock Register'!$E$7:$E$506,$L97)="Out",INDEX('Stock Register'!$F$7:$F$506,$L97),"")) | F97: =IF($L97="","",INDEX('Stock Register'!$K$7:$K$506,$L97)) | G97: =IF($L97="","",INDEX('Stock Register'!$G$7:$G$506,$L97)) | H97: =IF(D97="","",IF($L97="","",INDEX('Stock Register'!$J$7:$J$506,$L97))) | I97: =IF(E97="","",IF($L97="","",INDEX('Stock Register'!$J$7:$J$506,$L97))) | K97: =IFERROR(SMALL('Stock Register'!$Q$7:$Q$506,86),"") | L97: =IF(K97="","",MATCH(K97,'Stock Register'!$Q$7:$Q$506,0))
A98: =IF($L98="","",INDEX('Stock Register'!$B$7:$B$506,$L98)) | B98: =IF($L98="","",INDEX('Stock Register'!$I$7:$I$506,$L98)) | C98: =IF($L98="","",INDEX('Stock Register'!$H$7:$H$506,$L98)) | D98: =IF($L98="","",IF(INDEX('Stock Register'!$E$7:$E$506,$L98)="In",INDEX('Stock Register'!$F$7:$F$506,$L98),"")) | E98: =IF($L98="","",IF(INDEX('Stock Register'!$E$7:$E$506,$L98)="Out",INDEX('Stock Register'!$F$7:$F$506,$L98),"")) | F98: =IF($L98="","",INDEX('Stock Register'!$K$7:$K$506,$L98)) | G98: =IF($L98="","",INDEX('Stock Register'!$G$7:$G$506,$L98)) | H98: =IF(D98="","",IF($L98="","",INDEX('Stock Register'!$J$7:$J$506,$L98))) | I98: =IF(E98="","",IF($L98="","",INDEX('Stock Register'!$J$7:$J$506,$L98))) | K98: =IFERROR(SMALL('Stock Register'!$Q$7:$Q$506,87),"") | L98: =IF(K98="","",MATCH(K98,'Stock Register'!$Q$7:$Q$506,0))
A99: =IF($L99="","",INDEX('Stock Register'!$B$7:$B$506,$L99)) | B99: =IF($L99="","",INDEX('Stock Register'!$I$7:$I$506,$L99)) | C99: =IF($L99="","",INDEX('Stock Register'!$H$7:$H$506,$L99)) | D99: =IF($L99="","",IF(INDEX('Stock Register'!$E$7:$E$506,$L99)="In",INDEX('Stock Register'!$F$7:$F$506,$L99),"")) | E99: =IF($L99="","",IF(INDEX('Stock Register'!$E$7:$E$506,$L99)="Out",INDEX('Stock Register'!$F$7:$F$506,$L99),"")) | F99: =IF($L99="","",INDEX('Stock Register'!$K$7:$K$506,$L99)) | G99: =IF($L99="","",INDEX('Stock Register'!$G$7:$G$506,$L99)) | H99: =IF(D99="","",IF($L99="","",INDEX('Stock Register'!$J$7:$J$506,$L99))) | I99: =IF(E99="","",IF($L99="","",INDEX('Stock Register'!$J$7:$J$506,$L99))) | K99: =IFERROR(SMALL('Stock Register'!$Q$7:$Q$506,88),"") | L99: =IF(K99="","",MATCH(K99,'Stock Register'!$Q$7:$Q$506,0))
A100: =IF($L100="","",INDEX('Stock Register'!$B$7:$B$506,$L100)) | B100: =IF($L100="","",INDEX('Stock Register'!$I$7:$I$506,$L100)) | C100: =IF($L100="","",INDEX('Stock Register'!$H$7:$H$506,$L100)) | D100: =IF($L100="","",IF(INDEX('Stock Register'!$E$7:$E$506,$L100)="In",INDEX('Stock Register'!$F$7:$F$506,$L100),"")) | E100: =IF($L100="","",IF(INDEX('Stock Register'!$E$7:$E$506,$L100)="Out",INDEX('Stock Register'!$F$7:$F$506,$L100),"")) | F100: =IF($L100="","",INDEX('Stock Register'!$K$7:$K$506,$L100)) | G100: =IF($L100="","",INDEX('Stock Register'!$G$7:$G$506,$L100)) | H100: =IF(D100="","",IF($L100="","",INDEX('Stock Register'!$J$7:$J$506,$L100))) | I100: =IF(E100="","",IF($L100="","",INDEX('Stock Register'!$J$7:$J$506,$L100))) | K100: =IFERROR(SMALL('Stock Register'!$Q$7:$Q$506,89),"") | L100: =IF(K100="","",MATCH(K100,'Stock Register'!$Q$7:$Q$506,0))
A101: =IF($L101="","",INDEX('Stock Register'!$B$7:$B$506,$L101)) | B101: =IF($L101="","",INDEX('Stock Register'!$I$7:$I$506,$L101)) | C101: =IF($L101="","",INDEX('Stock Register'!$H$7:$H$506,$L101)) | D101: =IF($L101="","",IF(INDEX('Stock Register'!$E$7:$E$506,$L101)="In",INDEX('Stock Register'!$F$7:$F$506,$L101),"")) | E101: =IF($L101="","",IF(INDEX('Stock Register'!$E$7:$E$506,$L101)="Out",INDEX('Stock Register'!$F$7:$F$506,$L101),"")) | F101: =IF($L101="","",INDEX('Stock Register'!$K$7:$K$506,$L101)) | G101: =IF($L101="","",INDEX('Stock Register'!$G$7:$G$506,$L101)) | H101: =IF(D101="","",IF($L101="","",INDEX('Stock Register'!$J$7:$J$506,$L101))) | I101: =IF(E101="","",IF($L101="","",INDEX('Stock Register'!$J$7:$J$506,$L101))) | K101: =IFERROR(SMALL('Stock Register'!$Q$7:$Q$506,90),"") | L101: =IF(K101="","",MATCH(K101,'Stock Register'!$Q$7:$Q$506,0))
A102: =IF($L102="","",INDEX('Stock Register'!$B$7:$B$506,$L102)) | B102: =IF($L102="","",INDEX('Stock Register'!$I$7:$I$506,$L102)) | C102: =IF($L102="","",INDEX('Stock Register'!$H$7:$H$506,$L102)) | D102: =IF($L102="","",IF(INDEX('Stock Register'!$E$7:$E$506,$L102)="In",INDEX('Stock Register'!$F$7:$F$506,$L102),"")) | E102: =IF($L102="","",IF(INDEX('Stock Register'!$E$7:$E$506,$L102)="Out",INDEX('Stock Register'!$F$7:$F$506,$L102),"")) | F102: =IF($L102="","",INDEX('Stock Register'!$K$7:$K$506,$L102)) | G102: =IF($L102="","",INDEX('Stock Register'!$G$7:$G$506,$L102)) | H102: =IF(D102="","",IF($L102="","",INDEX('Stock Register'!$J$7:$J$506,$L102))) | I102: =IF(E102="","",IF($L102="","",INDEX('Stock Register'!$J$7:$J$506,$L102))) | K102: =IFERROR(SMALL('Stock Register'!$Q$7:$Q$506,91),"") | L102: =IF(K102="","",MATCH(K102,'Stock Register'!$Q$7:$Q$506,0))
...

Sheet Lists
A1: Type
A2: In
A3: Out
